Workbook

Sheet Cover
B2: UnitedHealth Group Incorporated (NYSE: UNH)
B3: Cover — Company Model — built by Shortcut
B4: $ millions, except per share
B5: Period | C5: 3Q25A | D5: 4Q25A | E5: FY25A | F5: 1Q26A | G5: 2Q26A | H5: 3Q26E | I5: Notes
B6: Period end | C6: =DATE(2025,9,30) -> 45930 | D6: =DATE(2025,12,31) -> 46022 | E6: =DATE(2025,12,31) -> 46022 | F6: =DATE(2026,3,31) -> 46112 | G6: =DATE(2026,6,30) -> 46203 | H6: =DATE(2026,9,30) -> 46295
B7: Days in period | C7: =C6-DATE(2025,6,30) -> 92 | D7: =D6-C6 -> 92 | E7: =E6-DATE(2024,12,31) -> 365 | F7: =F6-D6 -> 90 | G7: =G6-F6 -> 91 | H7: =H6-G6 -> 92
B9: Company Model — built by Shortcut
B11: Company | C11: UnitedHealth Group Incorporated
B12: Ticker | C12: UNH
B13: Exchange | C13: New York Stock Exchange (NYSE: UNH)
B14: Fiscal year end | C14: December 31 (calendar year)
B15: Currency | C15: USD
B16: EPS basis | C16: Adjusted (normalized) diluted EPS per common share, USD = CapIQ normalized basis
B17: Forecast period | C17: FQ3 2026 / 3Q26E — quarter ended 2026-09-30 (calendar quarter; supplied label matches)
B18: Information cutoff | C18: 2026-10-11 22:24 UTC
B19: Expected report date | C19: 2026-10-13, before market open (confirmed by issuer, S13)
B20: Consensus source | C20: S&P Capital IQ snapshot captured 2026-10-11 (scoring baseline; frozen)
B21: Market cap ($m, Oct-9-2026) | C21: =Inputs!C116 -> 340460
B23: Headline: 3Q26E Shortcut estimate vs consensus vs guidance
B24: Metric | C24: Estimate | D24: Consensus | E24: Var. $ | F24: Var. % | G24: Guidance | H24: Est.−guid. | I24: Consensus = CapIQ at cutoff; guidance = Shortcut derivation from FY26 guide (Guidance tab)
B25: Total revenue ($m) | C25: ='Income Statement'!H48 -> 111854.88 | D25: =Inputs!C38 -> 111489.35 | E25: =C25-D25 -> 365.53349 | F25: =C25/D25-1 -> 0.0032786404 | G25: =Guidance!C73 -> 107623.5 | H25: =IFERROR(C25-G25,"n/a") -> 4231.3835
B26: Adj. NI to common ($m) | C26: ='Income Statement'!H130 -> 3863.791 | D26: =Inputs!C51 -> 3695.73 | E26: =C26-D26 -> 168.06104 | F26: =C26/D26-1 -> 0.045474383 | G26: =Guidance!C71 -> 2945.25 | H26: =IFERROR(C26-G26,"n/a") -> 918.54104 | I26: CapIQ net_income_excl_excep_m
B27: GAAP NI to common ($m) | C27: ='Income Statement'!H99 -> 3643.691 | D27: =Inputs!C52 -> 3449.78 | E27: =C27-D27 -> 193.91104 | F27: =C27/D27-1 -> 0.056209684 | G27: =Guidance!C70 -> 2742.3 | H27: =IFERROR(C27-G27,"n/a") -> 901.39104
B28: Adj. (normalized) EPS | C28: ='Income Statement'!H133 -> 4.2892885 | D28: =Inputs!C22 -> 4.15 | E28: =C28-D28 -> 0.13928846 | F28: =C28/D28-1 -> 0.033563484 | G28: =Guidance!D67 -> 3.2695937 | H28: =IFERROR(C28-G28,"n/a") -> 1.0196948 | I28: CapIQ eps_normalized_mean (n=23); scoring target. Guidance col = NI-based: implied 3Q26 adj. NI (Guidance!C71) ÷ 3Q26E diluted shares (Guidance!D67), consistent with G26. Per-share subtraction approximation (mixes share bases) = Guidance!C67 $3.38, memo only
B29: GAAP diluted EPS | C29: ='Income Statement'!H111 -> 4.0449501 | D29: =Inputs!C31 -> 3.82 | E29: =C29-D29 -> 0.22495009 | F29: =C29/D29-1 -> 0.058887458 | G29: =Guidance!D69 -> 3.044294 | H29: =IFERROR(C29-G29,"n/a") -> 1.0006561 | I29: Guidance col = NI-based: implied 3Q26 GAAP NI (Guidance!C70) ÷ 3Q26E diluted shares (Guidance!D69), consistent with G27. Per-share subtraction approximation = Guidance!C69 $3.17, memo only
B30: Earnings from ops ($m) | C30: ='Income Statement'!H79 -> 5708.9154 | D30: =Inputs!C48 -> 5443.73 | E30: =C30-D30 -> 265.18539 | F30: =C30/D30-1 -> 0.048713913 | G30: n/a | H30: =IFERROR(C30-G30,"n/a") -> n/a | I30: CapIQ "ebit_m" = provider proxy for issuer EFO; definition not verified (CapIQ EBITDA − EBIT = 1,030.6 ≠ CapIQ D&A 1,066.4). Unmatched basis: variance indicative only, tracked not scored
B31: Medical care ratio (vs FY26 guide) | C31: ='Income Statement'!H62 -> 0.895 | D31: n/a | E31: n/a | F31: n/a | G31: =Guidance!G43 -> 0.881 | H31: =(C31-G31)*10000 -> 140 | I31: Guidance col G = FY26 full-year MCR midpoint 88.1% ±25bp (Guidance!G43), not a quarterly guide; H31 = estimate − FY midpoint, in basis points. FY guide implies ~90.9% 2H26 MCR (Income Statement!I62). CapIQ has no MCR field; other readings 89.9%-90.1% (Inputs G)
B32: Model integrity checks | C32: =IF(SUM(COUNTIF('Revenue summary'!C55:H55,">0.001"),COUNTIF('Revenue summary'!C55:H55,"<-0.001"),COUNTIF('Revenue summary'!C78:G78,">0.001"),COUNTIF('Revenue summary'!C78:G78,"<-0.001"),COUNTIF('Revenue summary'!C80:G80,">0.001"),COUNTIF('Revenue summary'!C80:G80,"<-0.001"),COUNTIF('Segment - UnitedHealthcare'!C109:H109,">0.001"),COUNTIF('Segment - UnitedHealthcare'!C109:H109,"<-0.001"),COUNTIF('Segment - UnitedHealthcare'!C170:H170,">0.001"),COUNTIF('Segment - UnitedHealthcare'!C170:H170,"<-0.001"),COUNTIF('Segment - UnitedHealthcare'!C204:H204,">0.001"),COUNTIF('Segment - UnitedHealthcare'!C204:H204,"<-0.001"),COUNTIF('Segment - UnitedHealthcare'!C255:G255,">0.001"),COUNTIF('Segment - UnitedHealthcare'!C255:G255,"<-0.001"),COUNTIF('Segment - Optum Health'!C87:G87,">0.001"),COUNTIF('Segment - Optum Health'!C87:G87,"<-0.001"),COUNTIF('Segment - Optum Insight'!C64:G64,">0.001"),COUNTIF('Segment - Optum Insight'!C64:G64,"<-0.001"),COUNTIF('Segment - Optum Rx'!C14:H14,">0.001"),COUNTIF('Segment - Optum Rx'!C14:H14,"<-0.001"),COUNTIF('Segment - Optum Rx'!C70:G70,">0.001"),COUNTIF('Segment - Optum Rx'!C70:G70,"<-0.001"),COUNTIF('Income Statement'!C56:G56,">0.001"),COUNTIF('Income Statement'!C56:G56,"<-0.001"),COUNTIF('Income Statement'!C57:G57,">0.001"),COUNTIF('Income Statement'!C57:G57,"<-0.001"),COUNTIF('Income Statement'!C58:G58,">0.001"),COUNTIF('Income Statement'!C58:G58,"<-0.001"),COUNTIF('Income Statement'!C59:G59,">0.001"),COUNTIF('Income Statement'!C59:G59,"<-0.001"),COUNTIF('Income Statement'!C86:G86,">0.001"),COUNTIF('Income Statement'!C86:G86,"<-0.001"),COUNTIF('Income Statement'!C105:H105,">0.001"),COUNTIF('Income Statement'!C105:H105,"<-0.001"),COUNTIF('Income Statement'!C116:H116,">0.001"),COUNTIF('Income Statement'!C116:H116,"<-0.001"),COUNTIF('Income Statement'!C132:H132,">0.001"),COUNTIF('Income Statement'!C132:H132,"<-0.001"),COUNTIF('Income Statement'!C144:H144,">0.001"),COUNTIF('Income Statement'!C144:H144,"<-0.001"),COUNTIF('Balance Sheet'!C23:H23,">0.001"),COUNTIF('Balance Sheet'!C23:H23,"<-0.001"),COUNTIF('Balance Sheet'!C46:H46,">0.001"),COUNTIF('Balance Sheet'!C46:H46,"<-0.001"),COUNTIF('Cash Flow Statement'!C17:H17,">0.001"),COUNTIF('Cash Flow Statement'!C17:H17,"<-0.001"),COUNTIF('Cash Flow Statement'!C27:H27,">0.001"),COUNTIF('Cash Flow Statement'!C27:H27,"<-0.001"),COUNTIF('Cash Flow Statement'!C34:H34,">0.001"),COUNTIF('Cash Flow Statement'!C34:H34,"<-0.001"),COUNTIF('Cash Flow Statement'!C41:G41,">0.001"),COUNTIF('Cash Flow Statement'!C41:G41,"<-0.001"),COUNTIF('Cash Flow Statement'!C42:H42,">0.001"),COUNTIF('Cash Flow Statement'!C42:H42,"<-0.001"),COUNTIF(Inputs!C112:H112,">0.001"),COUNTIF(Inputs!C112:H112,"<-0.001"),COUNTIF(Inputs!C113:H113,">0.001"),COUNTIF(Inputs!C113:H113,"<-0.001"),COUNTIF(Inputs!C143:H143,">0.001"),COUNTIF(Inputs!C143:H143,"<-0.001"),COUNTIF(Inputs!C172:H172,">0.001"),COUNTIF(Inputs!C172:H172,"<-0.001"))=0,"PASS","FAIL") -> PASS | I32: Integrity checks (all must be 0 for PASS): ties vs independently reported history plus rollforward completeness. Excluded as identities by construction: 3Q26E col H of IS rows 56-59 & 86, Revenue summary rows 78 & 80, UHC row 255, OH row 87, OI row 64, Rx row 70, CF row 41; link ties Revenue summary row 79, IS row 117, Cover C37:C40. Text 'n/a' cells are not tested. 3Q26E Balance Sheet H46 (A-L-E) is a rollforward-completeness tie (every line = prior quarter + modelled flows), not independent evidence of forecast validity; no independent 3Q26E check exists before results.
B33: P(beat consensus EPS) | C33: =Inputs!C125 -> 0.7 | I33: Playbook v2: start (8×0.78+3)/14 = 66.0%, +4.0pt quarter-specific evidence (Inputs D)
B34: Confidence | C34: =Inputs!C126 -> medium
B36: Cover ties to statements | I36: Link-integrity identities (0 unless a link breaks); not independent validation; excluded from C32
B37: Check: revenue − IS | C37: =C25-'Income Statement'!H48 -> 0
B38: Check: adj. EPS − IS | C38: =C28-'Income Statement'!H133 -> 0
B39: Check: GAAP NI − IS | C39: =C27-'Income Statement'!H99 -> 0
B40: Check: P(beat) − Inputs | C40: =C33-Inputs!C125 -> 0
B42: Key 3Q26E drivers
B43: MCR (3Q25A → 3Q26E) | C43: ='Income Statement'!C62 -> 0.89861653 | H43: ='Income Statement'!H62 -> 0.895
B44: Opex ratio (3Q25A → 3Q26E) | C44: ='Income Statement'!C67 -> 0.13452515 | H44: ='Income Statement'!H67 -> 0.1305
B45: UHC EFO ($m, 3Q25A → 3Q26E) | C45: ='Segment - UnitedHealthcare'!C258 -> 1805 | H45: ='Segment - UnitedHealthcare'!H258 -> 2607.1931
B46: Optum EFO ($m, 3Q25A → 3Q26E) | C46: ='Segment - Optum Health'!C93+'Segment - Optum Insight'!C70+'Segment - Optum Rx'!C76 -> 2510 | H46: ='Segment - Optum Health'!H93+'Segment - Optum Insight'!H70+'Segment - Optum Rx'!H76 -> 3101.7222
B47: Diluted shares (3Q25A → 3Q26E) | C47: ='Share Count'!C26 -> 908 | H47: ='Share Count'!H26 -> 900.8

Sheet Revenue summary
B2: UnitedHealth Group Incorporated (NYSE: UNH)
B3: Revenue summary
B4: $ millions, except per share
B5: Period | C5: 3Q25A | D5: 4Q25A | E5: FY25A | F5: 1Q26A | G5: 2Q26A | H5: 3Q26E | I5: Notes
B6: Period end | C6: =DATE(2025,9,30) -> 45930 | D6: =DATE(2025,12,31) -> 46022 | E6: =DATE(2025,12,31) -> 46022 | F6: =DATE(2026,3,31) -> 46112 | G6: =DATE(2026,6,30) -> 46203 | H6: =DATE(2026,9,30) -> 46295
B7: Days in period | C7: =C6-DATE(2025,6,30) -> 92 | D7: =D6-C6 -> 92 | E7: =E6-DATE(2024,12,31) -> 365 | F7: =F6-D6 -> 90 | G7: =G6-F6 -> 91 | H7: =H6-G6 -> 92
B9: Geography: effectively all revenue is U.S.; only non-U.S. line is UHC E&I – Global (~0.8% of revenue), on Segment - UnitedHealthcare
B11: Revenue by segment ($ millions)
B12: UnitedHealthcare | C12: ='Segment - UnitedHealthcare'!C202 -> 87070 | D12: ='Segment - UnitedHealthcare'!D202 -> 87113 | E12: ='Segment - UnitedHealthcare'!E202 -> 344903 | F12: ='Segment - UnitedHealthcare'!F202 -> 86265 | G12: ='Segment - UnitedHealthcare'!G202 -> 86017 | H12: ='Segment - UnitedHealthcare'!H202 -> 85660.432
B13: Year-ago revenue (memo) | C13: ='Segment - UnitedHealthcare'!C205 -> 74853 | D13: ='Segment - UnitedHealthcare'!D205 -> 74132 | E13: ='Segment - UnitedHealthcare'!E205 -> 298208 | F13: ='Segment - UnitedHealthcare'!F205 -> 84617 | G13: ='Segment - UnitedHealthcare'!G205 -> 86103 | H13: ='Segment - UnitedHealthcare'!H205 -> 87070
B14: % Y/Y | C14: =IFERROR(C12/C13-1,"n/a") -> 0.16321323 | D14: =IFERROR(D12/D13-1,"n/a") -> 0.17510657 | E14: =IFERROR(E12/E13-1,"n/a") -> 0.15658534 | F14: =IFERROR(F12/F13-1,"n/a") -> 0.019475992 | G14: =IFERROR(G12/G13-1,"n/a") -> -0.00099880376 | H14: =IFERROR(H12/C12-1,"n/a") -> -0.0161889
B15: % Q/Q | C15: n/a | D15: =IFERROR(D12/C12-1,"n/a") -> 0.00049385552 | E15: n/a | F15: =IFERROR(F12/D12-1,"n/a") -> -0.0097344828 | G15: =IFERROR(G12/F12-1,"n/a") -> -0.0028748623 | H15: =IFERROR(H12/G12-1,"n/a") -> -0.0041453143
B16: % of total revenue | C16: =IFERROR(C12/C69,"n/a") -> 0.7694347 | D16: =IFERROR(D12/D69,"n/a") -> 0.76944751 | E16: =IFERROR(E12/E69,"n/a") -> 0.77061758 | F16: =IFERROR(F12/F69,"n/a") -> 0.77214669 | G16: =IFERROR(G12/G69,"n/a") -> 0.76778956 | H16: =IFERROR(H12/H69,"n/a") -> 0.76581755
B17: M&A / scope impact | C17: ='Segment - UnitedHealthcare'!C208 -> n/d | D17: ='Segment - UnitedHealthcare'!D208 -> n/d | E17: ='Segment - UnitedHealthcare'!E208 -> n/d | F17: ='Segment - UnitedHealthcare'!F208 -> n/d | G17: ='Segment - UnitedHealthcare'!G208 -> n/d | H17: ='Segment - UnitedHealthcare'!H208 -> n/d
B18: FX impact | C18: ='Segment - UnitedHealthcare'!C209 -> n/d | D18: ='Segment - UnitedHealthcare'!D209 -> n/d | E18: ='Segment - UnitedHealthcare'!E209 -> n/d | F18: ='Segment - UnitedHealthcare'!F209 -> n/d | G18: ='Segment - UnitedHealthcare'!G209 -> n/d | H18: ='Segment - UnitedHealthcare'!H209 -> n/d
B19: Organic growth | C19: ='Segment - UnitedHealthcare'!C210 -> n/d | D19: ='Segment - UnitedHealthcare'!D210 -> n/d | E19: ='Segment - UnitedHealthcare'!E210 -> n/d | F19: ='Segment - UnitedHealthcare'!F210 -> n/d | G19: ='Segment - UnitedHealthcare'!G210 -> n/d | H19: ='Segment - UnitedHealthcare'!H210 -> n/d
B20: Total Y/Y | C20: ='Segment - UnitedHealthcare'!C211 -> 0.16321323 | D20: ='Segment - UnitedHealthcare'!D211 -> 0.17510657 | E20: ='Segment - UnitedHealthcare'!E211 -> 0.15658534 | F20: ='Segment - UnitedHealthcare'!F211 -> 0.019475992 | G20: ='Segment - UnitedHealthcare'!G211 -> -0.00099880376 | H20: ='Segment - UnitedHealthcare'!H211 -> -0.0161889
B21: Optum Health | C21: ='Segment - Optum Health'!C29 -> 25422 | D21: ='Segment - Optum Health'!D29 -> 25067 | E21: ='Segment - Optum Health'!E29 -> 100051 | F21: ='Segment - Optum Health'!F29 -> 24109 | G21: ='Segment - Optum Health'!G29 -> 23472 | H21: ='Segment - Optum Health'!H29 -> 23421
B22: Year-ago revenue (memo) | C22: ='Segment - Optum Health'!C30 -> n/d | D22: ='Segment - Optum Health'!D30 -> n/d | E22: ='Segment - Optum Health'!E30 -> 103516 | F22: ='Segment - Optum Health'!F30 -> 24837 | G22: ='Segment - Optum Health'!G30 -> 24725 | H22: ='Segment - Optum Health'!H30 -> 25422
B23: % Y/Y | C23: =IFERROR(C21/C22-1,"n/a") -> n/a | D23: =IFERROR(D21/D22-1,"n/a") -> n/a | E23: =IFERROR(E21/E22-1,"n/a") -> -0.033473086 | F23: =IFERROR(F21/F22-1,"n/a") -> -0.029311108 | G23: =IFERROR(G21/G22-1,"n/a") -> -0.050677452 | H23: =IFERROR(H21/C21-1,"n/a") -> -0.078711352
B24: % Q/Q | C24: n/a | D24: =IFERROR(D21/C21-1,"n/a") -> -0.013964283 | E24: n/a | F24: =IFERROR(F21/D21-1,"n/a") -> -0.038217577 | G24: =IFERROR(G21/F21-1,"n/a") -> -0.026421668 | H24: =IFERROR(H21/G21-1,"n/a") -> -0.0021728016
B25: % of total revenue | C25: =IFERROR(C21/C69,"n/a") -> 0.22465337 | D25: =IFERROR(D21/D69,"n/a") -> 0.22141059 | E25: =IFERROR(E21/E69,"n/a") -> 0.22354418 | F25: =IFERROR(F21/F69,"n/a") -> 0.21579649 | G25: =IFERROR(G21/G69,"n/a") -> 0.20951157 | H25: =IFERROR(H21/H69,"n/a") -> 0.20938737
B26: M&A / scope impact | C26: ='Segment - Optum Health'!C34 -> n/d | D26: ='Segment - Optum Health'!D34 -> n/d | E26: ='Segment - Optum Health'!E34 -> n/d | F26: ='Segment - Optum Health'!F34 -> n/d | G26: ='Segment - Optum Health'!G34 -> n/d | H26: ='Segment - Optum Health'!H34 -> n/d
B27: FX impact | C27: ='Segment - Optum Health'!C35 -> n/d | D27: ='Segment - Optum Health'!D35 -> n/d | E27: ='Segment - Optum Health'!E35 -> n/d | F27: ='Segment - Optum Health'!F35 -> n/d | G27: ='Segment - Optum Health'!G35 -> n/d | H27: ='Segment - Optum Health'!H35 -> 0
B28: Organic growth | C28: ='Segment - Optum Health'!C36 -> n/d | D28: ='Segment - Optum Health'!D36 -> n/d | E28: ='Segment - Optum Health'!E36 -> n/d | F28: ='Segment - Optum Health'!F36 -> n/d | G28: ='Segment - Optum Health'!G36 -> n/d | H28: ='Segment - Optum Health'!H36 -> n/d
B29: Total Y/Y | C29: ='Segment - Optum Health'!C37 -> n/a | D29: ='Segment - Optum Health'!D37 -> n/a | E29: ='Segment - Optum Health'!E37 -> -0.033473086 | F29: ='Segment - Optum Health'!F37 -> -0.029311108 | G29: ='Segment - Optum Health'!G37 -> -0.050677452 | H29: ='Segment - Optum Health'!H37 -> -0.078711352
B30: Optum Insight | C30: ='Segment - Optum Insight'!C15 -> 5320 | D30: ='Segment - Optum Insight'!D15 -> 5455 | E30: ='Segment - Optum Insight'!E15 -> 21034 | F30: ='Segment - Optum Insight'!F15 -> 5125 | G30: ='Segment - Optum Insight'!G15 -> 5402 | H30: ='Segment - Optum Insight'!H15 -> 5453
B31: Year-ago revenue (memo) | C31: ='Segment - Optum Insight'!C16 -> n/d | D31: ='Segment - Optum Insight'!D16 -> n/d | E31: ='Segment - Optum Insight'!E16 -> 20356 | F31: ='Segment - Optum Insight'!F16 -> 5027 | G31: ='Segment - Optum Insight'!G16 -> 5232 | H31: ='Segment - Optum Insight'!H16 -> 5320
B32: % Y/Y | C32: =IFERROR(C30/C31-1,"n/a") -> n/a | D32: =IFERROR(D30/D31-1,"n/a") -> n/a | E32: =IFERROR(E30/E31-1,"n/a") -> 0.033307133 | F32: =IFERROR(F30/F31-1,"n/a") -> 0.019494728 | G32: =IFERROR(G30/G31-1,"n/a") -> 0.032492355 | H32: =IFERROR(H30/C30-1,"n/a") -> 0.025
B33: % Q/Q | C33: n/a | D33: =IFERROR(D30/C30-1,"n/a") -> 0.02537594 | E33: n/a | F33: =IFERROR(F30/D30-1,"n/a") -> -0.060494959 | G33: =IFERROR(G30/F30-1,"n/a") -> 0.05404878 | H33: =IFERROR(H30/G30-1,"n/a") -> 0.0094409478
B34: % of total revenue | C34: =IFERROR(C30/C69,"n/a") -> 0.047012663 | D34: =IFERROR(D30/D69,"n/a") -> 0.048182661 | E34: =IFERROR(E30/E69,"n/a") -> 0.046996316 | F34: =IFERROR(F30/F69,"n/a") -> 0.045873202 | G34: =IFERROR(G30/G69,"n/a") -> 0.048218366 | H34: =IFERROR(H30/H69,"n/a") -> 0.048750665
B35: M&A / scope impact | C35: ='Segment - Optum Insight'!C20 -> n/d | D35: ='Segment - Optum Insight'!D20 -> n/d | E35: ='Segment - Optum Insight'!E20 -> n/d | F35: ='Segment - Optum Insight'!F20 -> n/d | G35: ='Segment - Optum Insight'!G20 -> n/d | H35: ='Segment - Optum Insight'!H20 -> n/d
B36: FX impact | C36: ='Segment - Optum Insight'!C21 -> n/d | D36: ='Segment - Optum Insight'!D21 -> n/d | E36: ='Segment - Optum Insight'!E21 -> n/d | F36: ='Segment - Optum Insight'!F21 -> n/d | G36: ='Segment - Optum Insight'!G21 -> n/d | H36: ='Segment - Optum Insight'!H21 -> 0
B37: Organic growth | C37: ='Segment - Optum Insight'!C22 -> n/d | D37: ='Segment - Optum Insight'!D22 -> n/d | E37: ='Segment - Optum Insight'!E22 -> n/d | F37: ='Segment - Optum Insight'!F22 -> n/d | G37: ='Segment - Optum Insight'!G22 -> n/d | H37: ='Segment - Optum Insight'!H22 -> n/d
B38: Total Y/Y | C38: ='Segment - Optum Insight'!C23 -> n/a | D38: ='Segment - Optum Insight'!D23 -> n/a | E38: ='Segment - Optum Insight'!E23 -> 0.033307133 | F38: ='Segment - Optum Insight'!F23 -> 0.019494728 | G38: ='Segment - Optum Insight'!G23 -> 0.032492355 | H38: ='Segment - Optum Insight'!H23 -> 0.025
B39: Optum Rx | C39: ='Segment - Optum Rx'!C21 -> 39679 | D39: ='Segment - Optum Rx'!D21 -> 41456 | E39: ='Segment - Optum Rx'!E21 -> 154726 | F39: ='Segment - Optum Rx'!F21 -> 35736 | G39: ='Segment - Optum Rx'!G21 -> 38292 | H39: ='Segment - Optum Rx'!H21 -> 38692.5
B40: Year-ago revenue (memo) | C40: ='Segment - Optum Rx'!C22 -> 34207 | D40: ='Segment - Optum Rx'!D22 -> 35774 | E40: ='Segment - Optum Rx'!E22 -> 133231 | F40: ='Segment - Optum Rx'!F22 -> 35132 | G40: ='Segment - Optum Rx'!G22 -> 38459 | H40: ='Segment - Optum Rx'!H22 -> 39679
B41: % Y/Y | C41: =IFERROR(C39/C40-1,"n/a") -> 0.15996726 | D41: =IFERROR(D39/D40-1,"n/a") -> 0.15883044 | E41: =IFERROR(E39/E40-1,"n/a") -> 0.16133633 | F41: =IFERROR(F39/F40-1,"n/a") -> 0.017192303 | G41: =IFERROR(G39/G40-1,"n/a") -> -0.0043422866 | H41: =IFERROR(H39/C39-1,"n/a") -> -0.024862018
B42: % Q/Q | C42: n/a | D42: =IFERROR(D39/C39-1,"n/a") -> 0.044784395 | E42: n/a | F42: =IFERROR(F39/D39-1,"n/a") -> -0.13797761 | G42: =IFERROR(G39/F39-1,"n/a") -> 0.071524513 | H42: =IFERROR(H39/G39-1,"n/a") -> 0.010459104
B43: % of total revenue | C43: =IFERROR(C39/C69,"n/a") -> 0.35064201 | D43: =IFERROR(D39/D69,"n/a") -> 0.36617056 | E43: =IFERROR(E39/E69,"n/a") -> 0.34570467 | F43: =IFERROR(F39/F69,"n/a") -> 0.31986824 | G43: =IFERROR(G39/G69,"n/a") -> 0.3417952 | H43: =IFERROR(H39/H69,"n/a") -> 0.34591695
B44: M&A / scope impact | C44: ='Segment - Optum Rx'!C26 -> n/d | D44: ='Segment - Optum Rx'!D26 -> n/d | E44: ='Segment - Optum Rx'!E26 -> n/d | F44: ='Segment - Optum Rx'!F26 -> n/d | G44: ='Segment - Optum Rx'!G26 -> n/d | H44: ='Segment - Optum Rx'!H26 -> n/d
B45: FX impact | C45: ='Segment - Optum Rx'!C27 -> n/d | D45: ='Segment - Optum Rx'!D27 -> n/d | E45: ='Segment - Optum Rx'!E27 -> n/d | F45: ='Segment - Optum Rx'!F27 -> n/d | G45: ='Segment - Optum Rx'!G27 -> n/d | H45: ='Segment - Optum Rx'!H27 -> 0
B46: Organic growth | C46: ='Segment - Optum Rx'!C28 -> n/d | D46: ='Segment - Optum Rx'!D28 -> n/d | E46: ='Segment - Optum Rx'!E28 -> n/d | F46: ='Segment - Optum Rx'!F28 -> n/d | G46: ='Segment - Optum Rx'!G28 -> n/d | H46: ='Segment - Optum Rx'!H28 -> n/d
B47: Total Y/Y | C47: ='Segment - Optum Rx'!C29 -> 0.15996726 | D47: ='Segment - Optum Rx'!D29 -> 0.15883044 | E47: ='Segment - Optum Rx'!E29 -> 0.16133633 | F47: ='Segment - Optum Rx'!F29 -> 0.017192303 | G47: ='Segment - Optum Rx'!G29 -> -0.0043422866 | H47: ='Segment - Optum Rx'!H29 -> -0.024862018
B48: Optum elims % of segment rev. | C48: =-C52/(C21+C30+C39) -> 0.017665185 | D48: =-D52/(D21+D30+D39) -> 0.022854205 | E48: =-E52/(E21+E30+E39) -> 0.018820859 | F48: =-F52/(F21+F30+F39) -> 0.018793289 | G48: =-G52/(G21+G30+G39) -> 0.022377393 | H48: 0.021 | I48: 3Q26E 2.1% (range 1.8%-2.3% over last four quarters)
B49: Q/Q change (bp) | C49: n/a | D49: =IFERROR((D48-C48)*10000,"n/a") -> 51.890204 | E49: n/a | F49: =IFERROR((F48-D48)*10000,"n/a") -> -40.609162 | G49: =IFERROR((G48-F48)*10000,"n/a") -> 35.841041 | H49: =IFERROR((H48-G48)*10000,"n/a") -> -13.773933
B50: Y/Y change (bp) | C50: n/a | D50: n/a | E50: =IFERROR((E48--E51/(E22+E31+E40))*10000,"n/a") -> 26.950264 | F50: =IFERROR((F48--F51/(F22+F31+F40))*10000,"n/a") -> 16.999296 | G50: =IFERROR((G48--G51/(G22+G31+G40))*10000,"n/a") -> 49.691847 | H50: =(H48-C48)*10000 -> 33.348149
B51: Year-ago Optum eliminations (memo) | C51: n/d | D51: n/d | E51: -4146 | F51: -1111 | G51: -1191 | H51: =C52 -> -1244
B52: Optum eliminations | C52: -1244 | D52: -1645 | E52: -5191 | F52: -1221 | G52: -1503 | H52: =-(H21+H30+H39)*H48 -> -1418.8965 | I52: Recast Optum eliminations (S7 p.14; S9)
B53: Total Optum | C53: =C21+C30+C39+C52 -> 69177 | D53: =D21+D30+D39+D52 -> 70333 | E53: =E21+E30+E39+E52 -> 270620 | F53: =F21+F30+F39+F52 -> 63749 | G53: =G21+G30+G39+G52 -> 65663 | H53: =H21+H30+H39+H52 -> 66147.603
B54: Total Optum as reported (memo) | C54: 69177 | D54: 70333 | E54: 270620 | F54: 63749 | G54: 65663
B55: Check: Optum − reported | C55: =C53-C54 -> 0 | D55: =D53-D54 -> 0 | E55: =E53-E54 -> 0 | F55: =F53-F54 -> 0 | G55: =G53-G54 -> 0 | H55: n/a
B56: Year-ago revenue (memo) | C56: 63925 | D56: 65101 | E56: 252957 | F56: 63885 | G56: 67225 | H56: =C53 -> 69177
B57: % Y/Y | C57: =IFERROR(C53/C56-1,"n/a") -> 0.08215878 | D57: =IFERROR(D53/D56-1,"n/a") -> 0.080367429 | E57: =IFERROR(E53/E56-1,"n/a") -> 0.069826097 | F57: =IFERROR(F53/F56-1,"n/a") -> -0.0021288252 | G57: =IFERROR(G53/G56-1,"n/a") -> -0.023235403 | H57: =IFERROR(H53/C53-1,"n/a") -> -0.043791961
B58: % Q/Q | C58: n/a | D58: =IFERROR(D53/C53-1,"n/a") -> 0.016710756 | E58: n/a | F58: =IFERROR(F53/D53-1,"n/a") -> -0.093611818 | G58: =IFERROR(G53/F53-1,"n/a") -> 0.030024 | H58: =IFERROR(H53/G53-1,"n/a") -> 0.0073801608
B59: % of total revenue | C59: =IFERROR(C53/C69,"n/a") -> 0.61131485 | D59: =IFERROR(D53/D69,"n/a") -> 0.62123394 | E59: =IFERROR(E53/E69,"n/a") -> 0.6046469 | F59: =IFERROR(F53/F69,"n/a") -> 0.57060893 | G59: =IFERROR(G53/G69,"n/a") -> 0.58610933 | H59: =IFERROR(H53/H69,"n/a") -> 0.59136983
B60: M&A / scope impact | C60: n/d | D60: n/d | E60: n/d | F60: n/d | G60: n/d | H60: n/d | I60: Segment M&A contributions not disclosed
B61: FX impact | C61: n/d | D61: n/d | E61: n/d | F61: n/d | G61: n/d | H61: n/d | I61: Optum FX impact not disclosed by issuer (n/d); Optum segments have no disclosed non-U.S. revenue
B62: Organic growth | C62: =IF(OR(ISTEXT(C57),ISTEXT(C60),ISTEXT(C61)),"n/d",(1+C57)/((1+C60)*(1+C61))-1) -> n/d | D62: =IF(OR(ISTEXT(D57),ISTEXT(D60),ISTEXT(D61)),"n/d",(1+D57)/((1+D60)*(1+D61))-1) -> n/d | E62: =IF(OR(ISTEXT(E57),ISTEXT(E60),ISTEXT(E61)),"n/d",(1+E57)/((1+E60)*(1+E61))-1) -> n/d | F62: =IF(OR(ISTEXT(F57),ISTEXT(F60),ISTEXT(F61)),"n/d",(1+F57)/((1+F60)*(1+F61))-1) -> n/d | G62: =IF(OR(ISTEXT(G57),ISTEXT(G60),ISTEXT(G61)),"n/d",(1+G57)/((1+G60)*(1+G61))-1) -> n/d | H62: =IF(OR(ISTEXT(H57),ISTEXT(H60),ISTEXT(H61)),"n/d",(1+H57)/((1+H60)*(1+H61))-1) -> n/d | I62: organic = (1+Y/Y)/((1+M&A)*(1+FX))-1; n/d where a component is undisclosed
B63: Total Y/Y | C63: =C57 -> 0.08215878 | D63: =D57 -> 0.080367429 | E63: =E57 -> 0.069826097 | F63: =F57 -> -0.0021288252 | G63: =G57 -> -0.023235403 | H63: =H57 -> -0.043791961
B64: Corp. elims % of Optum rev. | C64: =-C67/C53 -> 0.62283707 | D64: =-D67/D53 -> 0.62887976 | E64: =-E67/E53 -> 0.6206341 | F64: =-F67/F53 -> 0.60068393 | G64: =-G67/G53 -> 0.60381037 | H64: 0.604 | I64: 3Q26E 60.4% (1Q26 60.1%, 2Q26 60.4%); intercompany Optum→UHC
B65: Q/Q change (bp) | C65: n/a | D65: =IFERROR((D64-C64)*10000,"n/a") -> 60.426876 | E65: n/a | F65: =IFERROR((F64-D64)*10000,"n/a") -> -281.95825 | G65: =IFERROR((G64-F64)*10000,"n/a") -> 31.264327 | H65: =IFERROR((H64-G64)*10000,"n/a") -> 1.8963495
B66: Y/Y change (bp) | C66: =IFERROR((C64--C68/C56)*10000,"n/a") -> 290.47473 | D66: =IFERROR((D64--D68/D56)*10000,"n/a") -> 386.27688 | E66: =IFERROR((E64--E68/E56)*10000,"n/a") -> 241.41415 | F66: =IFERROR((F64--F68/F56)*10000,"n/a") -> -86.453312 | G66: =IFERROR((G64--G68/G56)*10000,"n/a") -> -166.73086 | H66: =(H64-C64)*10000 -> -188.3707
B67: Corporate eliminations | C67: -43086 | D67: -44231 | E67: -167956 | F67: -38293 | G67: -39648 | H67: =-H53*H64 -> -39953.153 | I67: S3, S5, S7, S9 footnote (a)
B68: Year-ago corp. elims (memo) | C68: -37958 | D68: -38426 | E68: -150887 | F68: -38927 | G68: -41712 | H68: =C67 -> -43086
B69: Total consolidated revenues | C69: =C12+C53+C67 -> 113161 | D69: =D12+D53+D67 -> 113215 | E69: =E12+E53+E67 -> 447567 | F69: =F12+F53+F67 -> 111721 | G69: =G12+G53+G67 -> 112032 | H69: =H12+H53+H67 -> 111854.88
B70: Year-ago revenue (memo) | C70: =C13+C56+C68 -> 100820 | D70: =D13+D56+D68 -> 100807 | E70: =E13+E56+E68 -> 400278 | F70: =F13+F56+F68 -> 109575 | G70: =G13+G56+G68 -> 111616 | H70: =H13+H56+H68 -> 113161
B71: % Y/Y | C71: =IFERROR(C69/C70-1,"n/a") -> 0.12240627 | D71: =IFERROR(D69/D70-1,"n/a") -> 0.12308669 | E71: =IFERROR(E69/E70-1,"n/a") -> 0.11814039 | F71: =IFERROR(F69/F70-1,"n/a") -> 0.019584759 | G71: =IFERROR(G69/G70-1,"n/a") -> 0.0037270642 | H71: =IFERROR(H69/C69-1,"n/a") -> -0.011542108
B72: % Q/Q | C72: n/a | D72: =IFERROR(D69/C69-1,"n/a") -> 0.00047719621 | E72: n/a | F72: =IFERROR(F69/D69-1,"n/a") -> -0.013196131 | G72: =IFERROR(G69/F69-1,"n/a") -> 0.0027837202 | H72: =IFERROR(H69/G69-1,"n/a") -> -0.0015809457
B73: Q/Q change (abs) | C73: n/a | D73: =IFERROR(D69-C69,"n/a") -> 54 | E73: n/a | F73: =IFERROR(F69-D69,"n/a") -> -1494 | G73: =IFERROR(G69-F69,"n/a") -> 311 | H73: =IFERROR(H69-G69,"n/a") -> -177.11651
B74: M&A / scope impact | C74: n/d | D74: n/d | E74: n/d | F74: n/d | G74: n/d | H74: n/d | I74: Not disclosed by issuer
B75: FX impact | C75: n/d | D75: n/d | E75: n/d | F75: n/d | G75: n/d | H75: n/d | I75: Non-U.S. (South American) revenue; FX impact not disclosed
B76: Organic growth | C76: =IF(OR(ISTEXT(C71),ISTEXT(C74),ISTEXT(C75)),"n/d",(1+C71)/((1+C74)*(1+C75))-1) -> n/d | D76: =IF(OR(ISTEXT(D71),ISTEXT(D74),ISTEXT(D75)),"n/d",(1+D71)/((1+D74)*(1+D75))-1) -> n/d | E76: =IF(OR(ISTEXT(E71),ISTEXT(E74),ISTEXT(E75)),"n/d",(1+E71)/((1+E74)*(1+E75))-1) -> n/d | F76: =IF(OR(ISTEXT(F71),ISTEXT(F74),ISTEXT(F75)),"n/d",(1+F71)/((1+F74)*(1+F75))-1) -> n/d | G76: =IF(OR(ISTEXT(G71),ISTEXT(G74),ISTEXT(G75)),"n/d",(1+G71)/((1+G74)*(1+G75))-1) -> n/d | H76: =IF(OR(ISTEXT(H71),ISTEXT(H74),ISTEXT(H75)),"n/d",(1+H71)/((1+H74)*(1+H75))-1) -> n/d | I76: organic = (1+Y/Y)/((1+M&A)*(1+FX))-1; n/d where a component is undisclosed
B77: Total Y/Y | C77: =C71 -> 0.12240627 | D77: =D71 -> 0.12308669 | E77: =E71 -> 0.11814039 | F77: =F71 -> 0.019584759 | G77: =G71 -> 0.0037270642 | H77: =H71 -> -0.011542108
B78: Check: intersegment nets to 0 | C78: =IFERROR('Segment - Optum Health'!C67+'Segment - Optum Insight'!C44+'Segment - Optum Rx'!C50+C52+C67,"n/a") -> n/a | D78: =IFERROR('Segment - Optum Health'!D67+'Segment - Optum Insight'!D44+'Segment - Optum Rx'!D50+D52+D67,"n/a") -> n/a | E78: =IFERROR('Segment - Optum Health'!E67+'Segment - Optum Insight'!E44+'Segment - Optum Rx'!E50+E52+E67,"n/a") -> n/a | F78: =IFERROR('Segment - Optum Health'!F67+'Segment - Optum Insight'!F44+'Segment - Optum Rx'!F50+F52+F67,"n/a") -> 0 | G78: =IFERROR('Segment - Optum Health'!G67+'Segment - Optum Insight'!G44+'Segment - Optum Rx'!G50+G52+G67,"n/a") -> 0 | H78: =IFERROR('Segment - Optum Health'!H67+'Segment - Optum Insight'!H44+'Segment - Optum Rx'!H50+H52+H67,"n/a") -> -7.2759576e-12 | I78: Intersegment revenue nets to zero on consolidation; n/a where recast split is not disclosed; 3Q26E (col H): identity by construction (residual-defined line) — not independent evidence; excluded from Cover!C32
B79: Check: % of total = 100% | C79: =ROUND(C16+C59+C67/C69-1,6) -> 0 | D79: =ROUND(D16+D59+D67/D69-1,6) -> 0 | E79: =ROUND(E16+E59+E67/E69-1,6) -> 0 | F79: =ROUND(F16+F59+F67/F69-1,6) -> 0 | G79: =ROUND(G16+G59+G67/G69-1,6) -> 0 | H79: =ROUND(H16+H59+H67/H69-1,6) -> 0 | I79: Identity in all columns (shares computed from the same total) — link-integrity tie only; excluded from Cover!C32
B80: Check: segments − IS revenue | C80: =C69-'Income Statement'!C48 -> 0 | D80: =D69-'Income Statement'!D48 -> 0 | E80: =E69-'Income Statement'!E48 -> 0 | F80: =F69-'Income Statement'!F48 -> 0 | G80: =G69-'Income Statement'!G48 -> 0 | H80: =H69-'Income Statement'!H48 -> 0 | I80: 3Q26E (col H): identity (IS H48 links to H69) — excluded from Cover!C32; C:G compare segment build vs reported IS revenue

Sheet Segment - UnitedHealthcare
B2: UnitedHealth Group Incorporated (NYSE: UNH)
B3: Segment - UnitedHealthcare
B4: $ millions, except per share
B5: Period | C5: 3Q25A | D5: 4Q25A | E5: FY25A | F5: 1Q26A | G5: 2Q26A | H5: 3Q26E | I5: Notes
B6: Period end | C6: =DATE(2025,9,30) -> 45930 | D6: =DATE(2025,12,31) -> 46022 | E6: =DATE(2025,12,31) -> 46022 | F6: =DATE(2026,3,31) -> 46112 | G6: =DATE(2026,6,30) -> 46203 | H6: =DATE(2026,9,30) -> 46295
B7: Days in period | C7: =C6-DATE(2025,6,30) -> 92 | D7: =D6-C6 -> 92 | E7: =E6-DATE(2024,12,31) -> 365 | F7: =F6-D6 -> 90 | G7: =G6-F6 -> 91 | H7: =H6-G6 -> 92
B9: Months in period | C9: 3 | D9: 3 | E9: 12 | F9: 3 | G9: 3 | H9: 3 | I9: Calendar months in period
B11: People served (thousands) — driver ladder
B12: Commercial – risk-based
B13: Opening balance | C13: 8440 | D13: =C17 -> 8440 | E13: =D18 -> 8845 | F13: =D17 -> 8165 | G13: =F17 -> 7725 | H13: =G17 -> 7655 | I13: 3Q25 opening = Jun-30-2025 and FY25 opening = Dec-31-2024 (S3/S5 releases); others = prior closing
B14: Gross additions | C14: n/d | D14: n/d | E14: n/d | F14: n/d | G14: n/d | H14: n/d | I14: Not disclosed by issuer
B15: Terminations / churn | C15: n/d | D15: n/d | E15: n/d | F15: n/d | G15: n/d | H15: n/d | I15: Not disclosed by issuer
B16: Net additions | C16: =C17-C13 -> 0 | D16: =D17-D13 -> -275 | E16: =E17-E13 -> -680 | F16: =F17-F13 -> -440 | G16: =G17-G13 -> -70 | H16: -55 | I16: 3Q26E net additions = Shortcut assumption (FY26 MA decline ~1.1m; Medicaid redeterminations; commercial attrition per 2Q26 release)
B17: Closing balance | C17: 8440 | D17: 8165 | E17: =D17 -> 8165 | F17: 7725 | G17: 7655 | H17: =H13+H16 -> 7600 | I17: People served at period end (S3, S5, S7, S9 People Served tables)
B18: Year-ago closing (memo) | C18: 8900 | D18: 8845 | E18: =D18 -> 8845 | F18: 8410 | G18: 8440 | H18: =C17 -> 8440 | I18: Year-ago period-end people served (S3, S5, S7, S9 comparative columns)
B19: Y/Y change (abs) | C19: =C17-C18 -> -460 | D19: =D17-D18 -> -680 | E19: =E17-E18 -> -680 | F19: =F17-F18 -> -685 | G19: =G17-G18 -> -785 | H19: =H17-H18 -> -840
B20: Y/Y change (%) | C20: =IFERROR(C17/C18-1,"n/a") -> -0.051685393 | D20: =IFERROR(D17/D18-1,"n/a") -> -0.076879593 | E20: =IFERROR(E17/E18-1,"n/a") -> -0.076879593 | F20: =IFERROR(F17/F18-1,"n/a") -> -0.081450654 | G20: =IFERROR(G17/G18-1,"n/a") -> -0.093009479 | H20: =IFERROR(H17/H18-1,"n/a") -> -0.099526066
B21: Q/Q change (abs) | C21: n/a | D21: =D17-C17 -> -275 | E21: n/a | F21: =F17-D17 -> -440 | G21: =G17-F17 -> -70 | H21: =H17-G17 -> -55
B22: Average for period | C22: =AVERAGE(C13,C17) -> 8440 | D22: =AVERAGE(D13,D17) -> 8302.5 | E22: =AVERAGE(E13,E17) -> 8505 | F22: =AVERAGE(F13,F17) -> 7945 | G22: =AVERAGE(G13,G17) -> 7690 | H22: =AVERAGE(H13,H17) -> 7627.5 | I22: Simple average of opening and closing (FY25 uses Dec-24/Dec-25 endpoints)
B23: Y/Y change (%) | C23: n/a | D23: n/a | E23: n/a | F23: n/a | G23: n/a | H23: =H22/C22-1 -> -0.096267773
B24: Q/Q change (abs) | C24: n/a | D24: =IFERROR(D22-C22,"n/a") -> -137.5 | E24: n/a | F24: =IFERROR(F22-D22,"n/a") -> -357.5 | G24: =IFERROR(G22-F22,"n/a") -> -255 | H24: =IFERROR(H22-G22,"n/a") -> -62.5
B25: Commercial – fee-based
B26: Opening balance | C26: 21530 | D26: =C30 -> 21490 | E26: =D31 -> 20885 | F26: =D30 -> 21485 | G26: =F30 -> 22340 | H26: =G30 -> 22265 | I26: 3Q25 opening = Jun-30-2025 and FY25 opening = Dec-31-2024 (S3/S5 releases); others = prior closing
B27: Gross additions | C27: n/d | D27: n/d | E27: n/d | F27: n/d | G27: n/d | H27: n/d | I27: Not disclosed by issuer
B28: Terminations / churn | C28: n/d | D28: n/d | E28: n/d | F28: n/d | G28: n/d | H28: n/d | I28: Not disclosed by issuer
B29: Net additions | C29: =C30-C26 -> -40 | D29: =D30-D26 -> -5 | E29: =E30-E26 -> 600 | F29: =F30-F26 -> 855 | G29: =G30-G26 -> -75 | H29: -65 | I29: 3Q26E net additions = Shortcut assumption (FY26 MA decline ~1.1m; Medicaid redeterminations; commercial attrition per 2Q26 release)
B30: Closing balance | C30: 21490 | D30: 21485 | E30: =D30 -> 21485 | F30: 22340 | G30: 22265 | H30: =H26+H29 -> 22200 | I30: People served at period end (S3, S5, S7, S9 People Served tables)
B31: Year-ago closing (memo) | C31: 20830 | D31: 20885 | E31: =D31 -> 20885 | F31: 21590 | G31: 21530 | H31: =C30 -> 21490 | I31: Year-ago period-end people served (S3, S5, S7, S9 comparative columns)
B32: Y/Y change (abs) | C32: =C30-C31 -> 660 | D32: =D30-D31 -> 600 | E32: =E30-E31 -> 600 | F32: =F30-F31 -> 750 | G32: =G30-G31 -> 735 | H32: =H30-H31 -> 710
B33: Y/Y change (%) | C33: =IFERROR(C30/C31-1,"n/a") -> 0.03168507 | D33: =IFERROR(D30/D31-1,"n/a") -> 0.028728753 | E33: =IFERROR(E30/E31-1,"n/a") -> 0.028728753 | F33: =IFERROR(F30/F31-1,"n/a") -> 0.034738305 | G33: =IFERROR(G30/G31-1,"n/a") -> 0.034138412 | H33: =IFERROR(H30/H31-1,"n/a") -> 0.033038623
B34: Q/Q change (abs) | C34: n/a | D34: =D30-C30 -> -5 | E34: n/a | F34: =F30-D30 -> 855 | G34: =G30-F30 -> -75 | H34: =H30-G30 -> -65
B35: Average for period | C35: =AVERAGE(C26,C30) -> 21510 | D35: =AVERAGE(D26,D30) -> 21487.5 | E35: =AVERAGE(E26,E30) -> 21185 | F35: =AVERAGE(F26,F30) -> 21912.5 | G35: =AVERAGE(G26,G30) -> 22302.5 | H35: =AVERAGE(H26,H30) -> 22232.5 | I35: Simple average of opening and closing (FY25 uses Dec-24/Dec-25 endpoints)
B36: Y/Y change (%) | C36: n/a | D36: n/a | E36: n/a | F36: n/a | G36: n/a | H36: =H35/C35-1 -> 0.033589028
B37: Q/Q change (abs) | C37: n/a | D37: =IFERROR(D35-C35,"n/a") -> -22.5 | E37: n/a | F37: =IFERROR(F35-D35,"n/a") -> 425 | G37: =IFERROR(G35-F35,"n/a") -> 390 | H37: =IFERROR(H35-G35,"n/a") -> -70
B38: Medicare Advantage
B39: Opening balance | C39: 8350 | D39: =C43 -> 8435 | E39: =D44 -> 7845 | F39: =D43 -> 8445 | G39: =F43 -> 7555 | H39: =G43 -> 7565 | I39: 3Q25 opening = Jun-30-2025 and FY25 opening = Dec-31-2024 (S3/S5 releases); others = prior closing
B40: Gross additions | C40: n/d | D40: n/d | E40: n/d | F40: n/d | G40: n/d | H40: n/d | I40: Not disclosed by issuer
B41: Terminations / churn | C41: n/d | D41: n/d | E41: n/d | F41: n/d | G41: n/d | H41: n/d | I41: Not disclosed by issuer
B42: Net additions | C42: =C43-C39 -> 85 | D42: =D43-D39 -> 10 | E42: =E43-E39 -> 600 | F42: =F43-F39 -> -890 | G42: =G43-G39 -> 10 | H42: -100 | I42: 3Q26E net additions = Shortcut assumption (FY26 MA decline ~1.1m; Medicaid redeterminations; commercial attrition per 2Q26 release)
B43: Closing balance | C43: 8435 | D43: 8445 | E43: =D43 -> 8445 | F43: 7555 | G43: 7565 | H43: =H39+H42 -> 7465 | I43: People served at period end (S3, S5, S7, S9 People Served tables)
B44: Year-ago closing (memo) | C44: 7810 | D44: 7845 | E44: =D44 -> 7845 | F44: 8245 | G44: 8350 | H44: =C43 -> 8435 | I44: Year-ago period-end people served (S3, S5, S7, S9 comparative columns)
B45: Y/Y change (abs) | C45: =C43-C44 -> 625 | D45: =D43-D44 -> 600 | E45: =E43-E44 -> 600 | F45: =F43-F44 -> -690 | G45: =G43-G44 -> -785 | H45: =H43-H44 -> -970
B46: Y/Y change (%) | C46: =IFERROR(C43/C44-1,"n/a") -> 0.080025608 | D46: =IFERROR(D43/D44-1,"n/a") -> 0.076481836 | E46: =IFERROR(E43/E44-1,"n/a") -> 0.076481836 | F46: =IFERROR(F43/F44-1,"n/a") -> -0.083687083 | G46: =IFERROR(G43/G44-1,"n/a") -> -0.094011976 | H46: =IFERROR(H43/H44-1,"n/a") -> -0.11499704
B47: Q/Q change (abs) | C47: n/a | D47: =D43-C43 -> 10 | E47: n/a | F47: =F43-D43 -> -890 | G47: =G43-F43 -> 10 | H47: =H43-G43 -> -100
B48: Average for period | C48: =AVERAGE(C39,C43) -> 8392.5 | D48: =AVERAGE(D39,D43) -> 8440 | E48: =AVERAGE(E39,E43) -> 8145 | F48: =AVERAGE(F39,F43) -> 8000 | G48: =AVERAGE(G39,G43) -> 7560 | H48: =AVERAGE(H39,H43) -> 7515 | I48: Simple average of opening and closing (FY25 uses Dec-24/Dec-25 endpoints)
B49: Y/Y change (%) | C49: n/a | D49: n/a | E49: n/a | F49: n/a | G49: n/a | H49: =H48/C48-1 -> -0.10455764
B50: Q/Q change (abs) | C50: n/a | D50: =IFERROR(D48-C48,"n/a") -> 47.5 | E50: n/a | F50: =IFERROR(F48-D48,"n/a") -> -440 | G50: =IFERROR(G48-F48,"n/a") -> -440 | H50: =IFERROR(H48-G48,"n/a") -> -45
B51: Medicaid
B52: Opening balance | C52: 7490 | D52: =C56 -> 7460 | E52: =D57 -> 7435 | F52: =D56 -> 7380 | G52: =F56 -> 7160 | H52: =G56 -> 6780 | I52: 3Q25 opening = Jun-30-2025 and FY25 opening = Dec-31-2024 (S3/S5 releases); others = prior closing
B53: Gross additions | C53: n/d | D53: n/d | E53: n/d | F53: n/d | G53: n/d | H53: n/d | I53: Not disclosed by issuer
B54: Terminations / churn | C54: n/d | D54: n/d | E54: n/d | F54: n/d | G54: n/d | H54: n/d | I54: Not disclosed by issuer
B55: Net additions | C55: =C56-C52 -> -30 | D55: =D56-D52 -> -80 | E55: =E56-E52 -> -55 | F55: =F56-F52 -> -220 | G55: =G56-G52 -> -380 | H55: -130 | I55: 3Q26E net additions = Shortcut assumption (FY26 MA decline ~1.1m; Medicaid redeterminations; commercial attrition per 2Q26 release)
B56: Closing balance | C56: 7460 | D56: 7380 | E56: =D56 -> 7380 | F56: 7160 | G56: 6780 | H56: =H52+H55 -> 6650 | I56: People served at period end (S3, S5, S7, S9 People Served tables)
B57: Year-ago closing (memo) | C57: 7450 | D57: 7435 | E57: =D57 -> 7435 | F57: 7570 | G57: 7490 | H57: =C56 -> 7460 | I57: Year-ago period-end people served (S3, S5, S7, S9 comparative columns)
B58: Y/Y change (abs) | C58: =C56-C57 -> 10 | D58: =D56-D57 -> -55 | E58: =E56-E57 -> -55 | F58: =F56-F57 -> -410 | G58: =G56-G57 -> -710 | H58: =H56-H57 -> -810
B59: Y/Y change (%) | C59: =IFERROR(C56/C57-1,"n/a") -> 0.0013422819 | D59: =IFERROR(D56/D57-1,"n/a") -> -0.0073974445 | E59: =IFERROR(E56/E57-1,"n/a") -> -0.0073974445 | F59: =IFERROR(F56/F57-1,"n/a") -> -0.054161162 | G59: =IFERROR(G56/G57-1,"n/a") -> -0.094793057 | H59: =IFERROR(H56/H57-1,"n/a") -> -0.10857909
B60: Q/Q change (abs) | C60: n/a | D60: =D56-C56 -> -80 | E60: n/a | F60: =F56-D56 -> -220 | G60: =G56-F56 -> -380 | H60: =H56-G56 -> -130
B61: Average for period | C61: =AVERAGE(C52,C56) -> 7475 | D61: =AVERAGE(D52,D56) -> 7420 | E61: =AVERAGE(E52,E56) -> 7407.5 | F61: =AVERAGE(F52,F56) -> 7270 | G61: =AVERAGE(G52,G56) -> 6970 | H61: =AVERAGE(H52,H56) -> 6715 | I61: Simple average of opening and closing (FY25 uses Dec-24/Dec-25 endpoints)
B62: Y/Y change (%) | C62: n/a | D62: n/a | E62: n/a | F62: n/a | G62: n/a | H62: =H61/C61-1 -> -0.10167224
B63: Q/Q change (abs) | C63: n/a | D63: =IFERROR(D61-C61,"n/a") -> -55 | E63: n/a | F63: =IFERROR(F61-D61,"n/a") -> -150 | G63: =IFERROR(G61-F61,"n/a") -> -300 | H63: =IFERROR(H61-G61,"n/a") -> -255
B64: Medicare Supplement (standardized)
B65: Opening balance | C65: 4305 | D65: =C69 -> 4300 | E65: =D70 -> 4335 | F65: =D69 -> 4285 | G65: =F69 -> 4270 | H65: =G69 -> 4260 | I65: 3Q25 opening = Jun-30-2025 and FY25 opening = Dec-31-2024 (S3/S5 releases); others = prior closing
B66: Gross additions | C66: n/d | D66: n/d | E66: n/d | F66: n/d | G66: n/d | H66: n/d | I66: Not disclosed by issuer
B67: Terminations / churn | C67: n/d | D67: n/d | E67: n/d | F67: n/d | G67: n/d | H67: n/d | I67: Not disclosed by issuer
B68: Net additions | C68: =C69-C65 -> -5 | D68: =D69-D65 -> -15 | E68: =E69-E65 -> -50 | F68: =F69-F65 -> -15 | G68: =G69-G65 -> -10 | H68: -10 | I68: 3Q26E net additions = Shortcut assumption (FY26 MA decline ~1.1m; Medicaid redeterminations; commercial attrition per 2Q26 release)
B69: Closing balance | C69: 4300 | D69: 4285 | E69: =D69 -> 4285 | F69: 4270 | G69: 4260 | H69: =H65+H68 -> 4250 | I69: People served at period end (S3, S5, S7, S9 People Served tables)
B70: Year-ago closing (memo) | C70: 4340 | D70: 4335 | E70: =D70 -> 4335 | F70: 4310 | G70: 4305 | H70: =C69 -> 4300 | I70: Year-ago period-end people served (S3, S5, S7, S9 comparative columns)
B71: Y/Y change (abs) | C71: =C69-C70 -> -40 | D71: =D69-D70 -> -50 | E71: =E69-E70 -> -50 | F71: =F69-F70 -> -40 | G71: =G69-G70 -> -45 | H71: =H69-H70 -> -50
B72: Y/Y change (%) | C72: =IFERROR(C69/C70-1,"n/a") -> -0.0092165899 | D72: =IFERROR(D69/D70-1,"n/a") -> -0.011534025 | E72: =IFERROR(E69/E70-1,"n/a") -> -0.011534025 | F72: =IFERROR(F69/F70-1,"n/a") -> -0.0092807425 | G72: =IFERROR(G69/G70-1,"n/a") -> -0.010452962 | H72: =IFERROR(H69/H70-1,"n/a") -> -0.011627907
B73: Q/Q change (abs) | C73: n/a | D73: =D69-C69 -> -15 | E73: n/a | F73: =F69-D69 -> -15 | G73: =G69-F69 -> -10 | H73: =H69-G69 -> -10
B74: Average for period | C74: =AVERAGE(C65,C69) -> 4302.5 | D74: =AVERAGE(D65,D69) -> 4292.5 | E74: =AVERAGE(E65,E69) -> 4310 | F74: =AVERAGE(F65,F69) -> 4277.5 | G74: =AVERAGE(G65,G69) -> 4265 | H74: =AVERAGE(H65,H69) -> 4255 | I74: Simple average of opening and closing (FY25 uses Dec-24/Dec-25 endpoints)
B75: Y/Y change (%) | C75: n/a | D75: n/a | E75: n/a | F75: n/a | G75: n/a | H75: =H74/C74-1 -> -0.011040093
B76: Q/Q change (abs) | C76: n/a | D76: =IFERROR(D74-C74,"n/a") -> -10 | E76: n/a | F76: =IFERROR(F74-D74,"n/a") -> -15 | G76: =IFERROR(G74-F74,"n/a") -> -12.5 | H76: =IFERROR(H74-G74,"n/a") -> -10
B77: Medicare Part D stand-alone
B78: Opening balance | C78: 2800 | D78: =C82 -> 2795 | E78: =D83 -> 3050 | F78: =D82 -> 2770 | G78: =F82 -> 2740 | H78: =G82 -> 2710 | I78: 3Q25 opening = Jun-30-2025 and FY25 opening = Dec-31-2024 (S3/S5 releases); others = prior closing
B79: Gross additions | C79: n/d | D79: n/d | E79: n/d | F79: n/d | G79: n/d | H79: n/d | I79: Not disclosed by issuer
B80: Terminations / churn | C80: n/d | D80: n/d | E80: n/d | F80: n/d | G80: n/d | H80: n/d | I80: Not disclosed by issuer
B81: Net additions | C81: =C82-C78 -> -5 | D81: =D82-D78 -> -25 | E81: =E82-E78 -> -280 | F81: =F82-F78 -> -30 | G81: =G82-G78 -> -30 | H81: -20 | I81: 3Q26E net additions = Shortcut assumption (FY26 MA decline ~1.1m; Medicaid redeterminations; commercial attrition per 2Q26 release)
B82: Closing balance | C82: 2795 | D82: 2770 | E82: =D82 -> 2770 | F82: 2740 | G82: 2710 | H82: =H78+H81 -> 2690 | I82: People served at period end (S3, S5, S7, S9 People Served tables)
B83: Year-ago closing (memo) | C83: 3055 | D83: 3050 | E83: =D83 -> 3050 | F83: 2835 | G83: 2800 | H83: =C82 -> 2795 | I83: Year-ago period-end people served (S3, S5, S7, S9 comparative columns)
B84: Y/Y change (abs) | C84: =C82-C83 -> -260 | D84: =D82-D83 -> -280 | E84: =E82-E83 -> -280 | F84: =F82-F83 -> -95 | G84: =G82-G83 -> -90 | H84: =H82-H83 -> -105
B85: Y/Y change (%) | C85: =IFERROR(C82/C83-1,"n/a") -> -0.085106383 | D85: =IFERROR(D82/D83-1,"n/a") -> -0.091803279 | E85: =IFERROR(E82/E83-1,"n/a") -> -0.091803279 | F85: =IFERROR(F82/F83-1,"n/a") -> -0.0335097 | G85: =IFERROR(G82/G83-1,"n/a") -> -0.032142857 | H85: =IFERROR(H82/H83-1,"n/a") -> -0.037567084
B86: Q/Q change (abs) | C86: n/a | D86: =D82-C82 -> -25 | E86: n/a | F86: =F82-D82 -> -30 | G86: =G82-F82 -> -30 | H86: =H82-G82 -> -20
B87: Average for period | C87: =AVERAGE(C78,C82) -> 2797.5 | D87: =AVERAGE(D78,D82) -> 2782.5 | E87: =AVERAGE(E78,E82) -> 2910 | F87: =AVERAGE(F78,F82) -> 2755 | G87: =AVERAGE(G78,G82) -> 2725 | H87: =AVERAGE(H78,H82) -> 2700 | I87: Simple average of opening and closing (FY25 uses Dec-24/Dec-25 endpoints)
B88: Y/Y change (%) | C88: n/a | D88: n/a | E88: n/a | F88: n/a | G88: n/a | H88: =H87/C87-1 -> -0.034852547
B89: Q/Q change (abs) | C89: n/a | D89: =IFERROR(D87-C87,"n/a") -> -15 | E89: n/a | F89: =IFERROR(F87-D87,"n/a") -> -27.5 | G89: =IFERROR(G87-F87,"n/a") -> -30 | H89: =IFERROR(H87-G87,"n/a") -> -25
B90: South American businesses held for sale
B91: Opening balance | C91: 1165 | D91: =C95 -> 1160 | E91: =D96 -> 1330 | F91: =D95 -> 1160 | G91: =F95 -> 1160 | H91: =G95 -> 1145 | I91: 3Q25 opening = Jun-30-2025 and FY25 opening = Dec-31-2024 (S3/S5 releases); others = prior closing
B92: Gross additions | C92: n/d | D92: n/d | E92: n/d | F92: n/d | G92: n/d | H92: n/d | I92: Not disclosed by issuer
B93: Terminations / churn | C93: n/d | D93: n/d | E93: n/d | F93: n/d | G93: n/d | H93: n/d | I93: Not disclosed by issuer
B94: Net additions | C94: =C95-C91 -> -5 | D94: =D95-D91 -> 0 | E94: =E95-E91 -> -170 | F94: =F95-F91 -> 0 | G94: =G95-G91 -> -15 | H94: -5 | I94: 3Q26E net additions = Shortcut assumption (FY26 MA decline ~1.1m; Medicaid redeterminations; commercial attrition per 2Q26 release)
B95: Closing balance | C95: 1160 | D95: 1160 | E95: =D95 -> 1160 | F95: 1160 | G95: 1145 | H95: =H91+H94 -> 1140 | I95: People served at period end (S3, S5, S7, S9 People Served tables)
B96: Year-ago closing (memo) | C96: 1335 | D96: 1330 | E96: =D96 -> 1330 | F96: 1160 | G96: 1165 | H96: =C95 -> 1160 | I96: Year-ago period-end people served (S3, S5, S7, S9 comparative columns)
B97: Y/Y change (abs) | C97: =C95-C96 -> -175 | D97: =D95-D96 -> -170 | E97: =E95-E96 -> -170 | F97: =F95-F96 -> 0 | G97: =G95-G96 -> -20 | H97: =H95-H96 -> -20
B98: Y/Y change (%) | C98: =IFERROR(C95/C96-1,"n/a") -> -0.13108614 | D98: =IFERROR(D95/D96-1,"n/a") -> -0.12781955 | E98: =IFERROR(E95/E96-1,"n/a") -> -0.12781955 | F98: =IFERROR(F95/F96-1,"n/a") -> 0 | G98: =IFERROR(G95/G96-1,"n/a") -> -0.017167382 | H98: =IFERROR(H95/H96-1,"n/a") -> -0.017241379
B99: Q/Q change (abs) | C99: n/a | D99: =D95-C95 -> 0 | E99: n/a | F99: =F95-D95 -> 0 | G99: =G95-F95 -> -15 | H99: =H95-G95 -> -5
B100: Average for period | C100: =AVERAGE(C91,C95) -> 1162.5 | D100: =AVERAGE(D91,D95) -> 1160 | E100: =AVERAGE(E91,E95) -> 1245 | F100: =AVERAGE(F91,F95) -> 1160 | G100: =AVERAGE(G91,G95) -> 1152.5 | H100: =AVERAGE(H91,H95) -> 1142.5 | I100: Simple average of opening and closing (FY25 uses Dec-24/Dec-25 endpoints)
B101: Y/Y change (%) | C101: n/a | D101: n/a | E101: n/a | F101: n/a | G101: n/a | H101: =H100/C100-1 -> -0.017204301
B102: Q/Q change (abs) | C102: n/a | D102: =IFERROR(D100-C100,"n/a") -> -2.5 | E102: n/a | F102: =IFERROR(F100-D100,"n/a") -> 0 | G102: =IFERROR(G100-F100,"n/a") -> -7.5 | H102: =IFERROR(H100-G100,"n/a") -> -10
B104: Membership totals and mix
...

Sheet Segment - Optum Health
B2: UnitedHealth Group Incorporated (NYSE: UNH)
B3: Segment - Optum Health
B4: $ millions, except per share
B5: Period | C5: 3Q25A | D5: 4Q25A | E5: FY25A | F5: 1Q26A | G5: 2Q26A | H5: 3Q26E | I5: Notes
B6: Period end | C6: =DATE(2025,9,30) -> 45930 | D6: =DATE(2025,12,31) -> 46022 | E6: =DATE(2025,12,31) -> 46022 | F6: =DATE(2026,3,31) -> 46112 | G6: =DATE(2026,6,30) -> 46203 | H6: =DATE(2026,9,30) -> 46295
B7: Days in period | C7: =C6-DATE(2025,6,30) -> 92 | D7: =D6-C6 -> 92 | E7: =E6-DATE(2024,12,31) -> 365 | F7: =F6-D6 -> 90 | G7: =G6-F6 -> 91 | H7: =H6-G6 -> 92
B9: Months in period | C9: 3 | D9: 3 | E9: 12 | F9: 3 | G9: 3 | H9: 3
B11: Optum Health consumers served (millions) — driver ladder
B12: Opening balance | C12: 95 | D12: =C16 -> 93 | E12: n/d | F12: =D16 -> 92 | G12: =F16 -> 93 | H12: =G16 -> 93 | I12: Recast for Optum Financial realignment (S7 p.14); Dec-31-2024 recast not disclosed
B13: Gross additions | C13: n/d | D13: n/d | E13: n/d | F13: n/d | G13: n/d | H13: n/d | I13: Not disclosed by issuer
B14: Terminations / churn | C14: n/d | D14: n/d | E14: n/d | F14: n/d | G14: n/d | H14: n/d | I14: Not disclosed by issuer
B15: Net additions | C15: =C16-C12 -> -2 | D15: =D16-D12 -> -1 | E15: n/d | F15: =F16-F12 -> 1 | G15: =G16-G12 -> 0 | H15: -1 | I15: 3Q26E: -1m assumption (continued VBC right-sizing; FY26 guide ~84m consumers)
B16: Closing balance | C16: 93 | D16: 92 | E16: =D16 -> 92 | F16: 93 | G16: 93 | H16: =H12+H15 -> 92 | I16: Optum Health consumers served (S7 recast table, S9)
B17: Year-ago closing (memo) | C17: n/d | D17: n/d | E17: n/d | F17: 95 | G17: 95 | H17: =C16 -> 93 | I17: Recast year-ago available from Mar-31-2025 only (S7)
B18: Y/Y change (abs) | C18: =IFERROR(C16-C17,"n/a") -> n/a | D18: =IFERROR(D16-D17,"n/a") -> n/a | E18: =IFERROR(E16-E17,"n/a") -> n/a | F18: =IFERROR(F16-F17,"n/a") -> -2 | G18: =IFERROR(G16-G17,"n/a") -> -2 | H18: =IFERROR(H16-H17,"n/a") -> -1
B19: Y/Y change (%) | C19: =IFERROR(C16/C17-1,"n/a") -> n/a | D19: =IFERROR(D16/D17-1,"n/a") -> n/a | E19: =IFERROR(E16/E17-1,"n/a") -> n/a | F19: =IFERROR(F16/F17-1,"n/a") -> -0.021052632 | G19: =IFERROR(G16/G17-1,"n/a") -> -0.021052632 | H19: =IFERROR(H16/H17-1,"n/a") -> -0.010752688
B20: Q/Q change (abs) | C20: n/a | D20: =D16-C16 -> -1 | E20: n/a | F20: =F16-D16 -> 1 | G20: =G16-F16 -> 0 | H20: =H16-G16 -> -1
B21: Average for period | C21: =AVERAGE(C12,C16) -> 94 | D21: =AVERAGE(D12,D16) -> 92.5 | E21: n/d | F21: =AVERAGE(F12,F16) -> 92.5 | G21: =AVERAGE(G12,G16) -> 93 | H21: =AVERAGE(H12,H16) -> 92.5
B22: Y/Y change (%) | C22: n/a | D22: n/a | E22: n/a | F22: n/a | G22: n/a | H22: =H21/C21-1 -> -0.015957447
B23: Q/Q change (abs) | C23: n/a | D23: =IFERROR(D21-C21,"n/a") -> -1.5 | E23: n/a | F23: =IFERROR(F21-D21,"n/a") -> 0 | G23: =IFERROR(G21-F21,"n/a") -> 0.5 | H23: =IFERROR(H21-G21,"n/a") -> -0.5
B25: Revenue build ($ millions)
B26: Rev. per avg consumer/mo ($) | C26: =C29/C21/C9 -> 90.148936 | D26: =D29/D21/D9 -> 90.331532 | E26: n/d | F26: =F29/F21/F9 -> 86.879279 | G26: =G29/G21/G9 -> 84.129032 | H26: 84.4 | I26: 3Q26E assumption: ~flat vs 2Q26 ($84.1); fewer VBC patients; TPG WellMed stake assumed to stay consolidated
B27: % Y/Y | C27: n/a | D27: n/a | E27: n/a | F27: n/a | G27: n/a | H27: =IFERROR(H26/C26-1,"n/a") -> -0.063771536
B28: Q/Q change (abs) | C28: n/a | D28: =IFERROR(D26-C26,"n/a") -> 0.18259536 | E28: n/a | F28: =IFERROR(F26-D26,"n/a") -> -3.4522523 | G28: =IFERROR(G26-F26,"n/a") -> -2.750247 | H28: =IFERROR(H26-G26,"n/a") -> 0.27096774
B29: Optum Health revenues | C29: 25422 | D29: 25067 | E29: 100051 | F29: 24109 | G29: 23472 | H29: =H21*H26*H9 -> 23421 | I29: Recast Optum Health revenue (S7 p.14 recast table; S9)
B30: Year-ago revenue (memo) | C30: n/d | D30: n/d | E30: 103516 | F30: 24837 | G30: 24725 | H30: =C29 -> 25422 | I30: Recast year-ago (S7); 3Q24/4Q24 recast not disclosed
B31: % Y/Y | C31: =IFERROR(C29/C30-1,"n/a") -> n/a | D31: =IFERROR(D29/D30-1,"n/a") -> n/a | E31: =IFERROR(E29/E30-1,"n/a") -> -0.033473086 | F31: =IFERROR(F29/F30-1,"n/a") -> -0.029311108 | G31: =IFERROR(G29/G30-1,"n/a") -> -0.050677452 | H31: =IFERROR(H29/C29-1,"n/a") -> -0.078711352
B32: % Q/Q | C32: n/a | D32: =IFERROR(D29/C29-1,"n/a") -> -0.013964283 | E32: n/a | F32: =IFERROR(F29/D29-1,"n/a") -> -0.038217577 | G32: =IFERROR(G29/F29-1,"n/a") -> -0.026421668 | H32: =IFERROR(H29/G29-1,"n/a") -> -0.0021728016
B33: Q/Q change (abs) | C33: n/a | D33: =IFERROR(D29-C29,"n/a") -> -355 | E33: n/a | F33: =IFERROR(F29-D29,"n/a") -> -958 | G33: =IFERROR(G29-F29,"n/a") -> -637 | H33: =IFERROR(H29-G29,"n/a") -> -51
B34: M&A / scope impact | C34: n/d | D34: n/d | E34: n/d | F34: n/d | G34: n/d | H34: n/d | I34: Amedisys (closed Aug-14-2025) and 2025-26 divestitures; contribution not disclosed
B35: FX impact | C35: n/d | D35: n/d | E35: n/d | F35: n/d | G35: n/d | H35: 0 | I35: Historical: FX impact not disclosed by issuer (n/d — not a factual zero). 3Q26E: 0 = forecast assumption for predominantly domestic operations (no non-U.S. revenue disclosed for this segment; Sources B36)
B36: Organic growth | C36: =IF(OR(ISTEXT(C31),ISTEXT(C34),ISTEXT(C35)),"n/d",(1+C31)/((1+C34)*(1+C35))-1) -> n/d | D36: =IF(OR(ISTEXT(D31),ISTEXT(D34),ISTEXT(D35)),"n/d",(1+D31)/((1+D34)*(1+D35))-1) -> n/d | E36: =IF(OR(ISTEXT(E31),ISTEXT(E34),ISTEXT(E35)),"n/d",(1+E31)/((1+E34)*(1+E35))-1) -> n/d | F36: =IF(OR(ISTEXT(F31),ISTEXT(F34),ISTEXT(F35)),"n/d",(1+F31)/((1+F34)*(1+F35))-1) -> n/d | G36: =IF(OR(ISTEXT(G31),ISTEXT(G34),ISTEXT(G35)),"n/d",(1+G31)/((1+G34)*(1+G35))-1) -> n/d | H36: =IF(OR(ISTEXT(H31),ISTEXT(H34),ISTEXT(H35)),"n/d",(1+H31)/((1+H34)*(1+H35))-1) -> n/d | I36: organic = (1+Y/Y)/((1+M&A)*(1+FX))-1; n/d where a component is undisclosed
B37: Total Y/Y | C37: =C31 -> n/a | D37: =D31 -> n/a | E37: =E31 -> -0.033473086 | F37: =F31 -> -0.029311108 | G37: =G31 -> -0.050677452 | H37: =H31 -> -0.078711352
B39: Revenue by type ($ millions) — segment note (10-Q / 10-K)
B40: Premiums (unaffiliated) | C40: n/d | D40: n/d | E40: n/d | F40: 4575 | G40: 4343 | H40: ='Income Statement'!H13-'Segment - UnitedHealthcare'!H226 -> 4369.4345 | I40: Recast (Optum Financial) split not disclosed for 3Q25/4Q25/FY25 (n/d); S8, S10 segment note; 3Q26E = consolidated premiums less UHC premiums
B41: Year-ago (memo) | C41: n/d | D41: n/d | E41: n/d | F41: 5021 | G41: 4886 | H41: =C40 -> n/d
B42: % Y/Y | C42: =IFERROR(C40/C41-1,"n/a") -> n/a | D42: =IFERROR(D40/D41-1,"n/a") -> n/a | E42: =IFERROR(E40/E41-1,"n/a") -> n/a | F42: =IFERROR(F40/F41-1,"n/a") -> -0.088826927 | G42: =IFERROR(G40/G41-1,"n/a") -> -0.11113385 | H42: =IFERROR(H40/C40-1,"n/a") -> n/a
B43: % Q/Q | C43: n/a | D43: =IFERROR(D40/C40-1,"n/a") -> n/a | E43: n/a | F43: =IFERROR(F40/D40-1,"n/a") -> n/a | G43: =IFERROR(G40/F40-1,"n/a") -> -0.050710383 | H43: =IFERROR(H40/G40-1,"n/a") -> 0.0060867007
B44: % of segment revenue | C44: =IFERROR(C40/C29,"n/d") -> n/d | D44: =IFERROR(D40/D29,"n/d") -> n/d | E44: =IFERROR(E40/E29,"n/d") -> n/d | F44: =IFERROR(F40/F29,"n/d") -> 0.18976316 | G44: =IFERROR(G40/G29,"n/d") -> 0.18502897 | H44: =IFERROR(H40/H29,"n/d") -> 0.18656055
B45: M&A / scope impact | C45: n/d | D45: n/d | E45: n/d | F45: n/d | G45: n/d | H45: n/d | I45: M&A / scope contribution not disclosed by issuer
B46: FX impact | C46: n/d | D46: n/d | E46: n/d | F46: n/d | G46: n/d | H46: n/d | I46: FX impact by revenue type not disclosed by issuer (n/d, not a factual zero); no non-U.S. revenue disclosed for this segment — see segment-level FX row
B47: Organic growth | C47: =IF(OR(ISTEXT(C42),ISTEXT(C45),ISTEXT(C46)),"n/d",(1+C42)/((1+C45)*(1+C46))-1) -> n/d | D47: =IF(OR(ISTEXT(D42),ISTEXT(D45),ISTEXT(D46)),"n/d",(1+D42)/((1+D45)*(1+D46))-1) -> n/d | E47: =IF(OR(ISTEXT(E42),ISTEXT(E45),ISTEXT(E46)),"n/d",(1+E42)/((1+E45)*(1+E46))-1) -> n/d | F47: =IF(OR(ISTEXT(F42),ISTEXT(F45),ISTEXT(F46)),"n/d",(1+F42)/((1+F45)*(1+F46))-1) -> n/d | G47: =IF(OR(ISTEXT(G42),ISTEXT(G45),ISTEXT(G46)),"n/d",(1+G42)/((1+G45)*(1+G46))-1) -> n/d | H47: =IF(OR(ISTEXT(H42),ISTEXT(H45),ISTEXT(H46)),"n/d",(1+H42)/((1+H45)*(1+H46))-1) -> n/d | I47: organic = (1+Y/Y)/((1+M&A)*(1+FX))-1; n/d where a component is undisclosed
B48: Total Y/Y | C48: =C42 -> n/a | D48: =D42 -> n/a | E48: =E42 -> n/a | F48: =F42 -> -0.088826927 | G48: =G42 -> -0.11113385 | H48: =H42 -> n/a
B49: Products (unaffiliated) | C49: n/d | D49: n/d | E49: n/d | F49: 57 | G49: 62 | H49: 60 | I49: Recast (Optum Financial) split not disclosed for 3Q25/4Q25/FY25 (n/d); S8, S10 segment note; 3Q26E $60m
B50: Year-ago (memo) | C50: n/d | D50: n/d | E50: n/d | F50: 65 | G50: 65 | H50: =C49 -> n/d
B51: % Y/Y | C51: =IFERROR(C49/C50-1,"n/a") -> n/a | D51: =IFERROR(D49/D50-1,"n/a") -> n/a | E51: =IFERROR(E49/E50-1,"n/a") -> n/a | F51: =IFERROR(F49/F50-1,"n/a") -> -0.12307692 | G51: =IFERROR(G49/G50-1,"n/a") -> -0.046153846 | H51: =IFERROR(H49/C49-1,"n/a") -> n/a
B52: % Q/Q | C52: n/a | D52: =IFERROR(D49/C49-1,"n/a") -> n/a | E52: n/a | F52: =IFERROR(F49/D49-1,"n/a") -> n/a | G52: =IFERROR(G49/F49-1,"n/a") -> 0.087719298 | H52: =IFERROR(H49/G49-1,"n/a") -> -0.032258065
B53: % of segment revenue | C53: =IFERROR(C49/C29,"n/d") -> n/d | D53: =IFERROR(D49/D29,"n/d") -> n/d | E53: =IFERROR(E49/E29,"n/d") -> n/d | F53: =IFERROR(F49/F29,"n/d") -> 0.0023642623 | G53: =IFERROR(G49/G29,"n/d") -> 0.0026414451 | H53: =IFERROR(H49/H29,"n/d") -> 0.0025618035
B54: M&A / scope impact | C54: n/d | D54: n/d | E54: n/d | F54: n/d | G54: n/d | H54: n/d | I54: M&A / scope contribution not disclosed by issuer
B55: FX impact | C55: n/d | D55: n/d | E55: n/d | F55: n/d | G55: n/d | H55: n/d | I55: FX impact by revenue type not disclosed by issuer (n/d, not a factual zero); no non-U.S. revenue disclosed for this segment — see segment-level FX row
B56: Organic growth | C56: =IF(OR(ISTEXT(C51),ISTEXT(C54),ISTEXT(C55)),"n/d",(1+C51)/((1+C54)*(1+C55))-1) -> n/d | D56: =IF(OR(ISTEXT(D51),ISTEXT(D54),ISTEXT(D55)),"n/d",(1+D51)/((1+D54)*(1+D55))-1) -> n/d | E56: =IF(OR(ISTEXT(E51),ISTEXT(E54),ISTEXT(E55)),"n/d",(1+E51)/((1+E54)*(1+E55))-1) -> n/d | F56: =IF(OR(ISTEXT(F51),ISTEXT(F54),ISTEXT(F55)),"n/d",(1+F51)/((1+F54)*(1+F55))-1) -> n/d | G56: =IF(OR(ISTEXT(G51),ISTEXT(G54),ISTEXT(G55)),"n/d",(1+G51)/((1+G54)*(1+G55))-1) -> n/d | H56: =IF(OR(ISTEXT(H51),ISTEXT(H54),ISTEXT(H55)),"n/d",(1+H51)/((1+H54)*(1+H55))-1) -> n/d | I56: organic = (1+Y/Y)/((1+M&A)*(1+FX))-1; n/d where a component is undisclosed
B57: Total Y/Y | C57: =C51 -> n/a | D57: =D51 -> n/a | E57: =E51 -> n/a | F57: =F51 -> -0.12307692 | G57: =G51 -> -0.046153846 | H57: =H51 -> n/a
B58: Services (unaffiliated) | C58: n/d | D58: n/d | E58: n/d | F58: 4235 | G58: 4474 | H58: 4600 | I58: Recast (Optum Financial) split not disclosed for 3Q25/4Q25/FY25 (n/d); S8, S10 segment note; 3Q26E $4,600m (+2.8% Q/Q)
B59: Year-ago (memo) | C59: n/d | D59: n/d | E59: n/d | F59: 3716 | G59: 3689 | H59: =C58 -> n/d
B60: % Y/Y | C60: =IFERROR(C58/C59-1,"n/a") -> n/a | D60: =IFERROR(D58/D59-1,"n/a") -> n/a | E60: =IFERROR(E58/E59-1,"n/a") -> n/a | F60: =IFERROR(F58/F59-1,"n/a") -> 0.13966631 | G60: =IFERROR(G58/G59-1,"n/a") -> 0.2127948 | H60: =IFERROR(H58/C58-1,"n/a") -> n/a
B61: % Q/Q | C61: n/a | D61: =IFERROR(D58/C58-1,"n/a") -> n/a | E61: n/a | F61: =IFERROR(F58/D58-1,"n/a") -> n/a | G61: =IFERROR(G58/F58-1,"n/a") -> 0.056434475 | H61: =IFERROR(H58/G58-1,"n/a") -> 0.028162718
B62: % of segment revenue | C62: =IFERROR(C58/C29,"n/d") -> n/d | D62: =IFERROR(D58/D29,"n/d") -> n/d | E62: =IFERROR(E58/E29,"n/d") -> n/d | F62: =IFERROR(F58/F29,"n/d") -> 0.17566054 | G62: =IFERROR(G58/G29,"n/d") -> 0.19061009 | H62: =IFERROR(H58/H29,"n/d") -> 0.19640494
B63: M&A / scope impact | C63: n/d | D63: n/d | E63: n/d | F63: n/d | G63: n/d | H63: n/d | I63: M&A / scope contribution not disclosed by issuer
B64: FX impact | C64: n/d | D64: n/d | E64: n/d | F64: n/d | G64: n/d | H64: n/d | I64: FX impact by revenue type not disclosed by issuer (n/d, not a factual zero); no non-U.S. revenue disclosed for this segment — see segment-level FX row
B65: Organic growth | C65: =IF(OR(ISTEXT(C60),ISTEXT(C63),ISTEXT(C64)),"n/d",(1+C60)/((1+C63)*(1+C64))-1) -> n/d | D65: =IF(OR(ISTEXT(D60),ISTEXT(D63),ISTEXT(D64)),"n/d",(1+D60)/((1+D63)*(1+D64))-1) -> n/d | E65: =IF(OR(ISTEXT(E60),ISTEXT(E63),ISTEXT(E64)),"n/d",(1+E60)/((1+E63)*(1+E64))-1) -> n/d | F65: =IF(OR(ISTEXT(F60),ISTEXT(F63),ISTEXT(F64)),"n/d",(1+F60)/((1+F63)*(1+F64))-1) -> n/d | G65: =IF(OR(ISTEXT(G60),ISTEXT(G63),ISTEXT(G64)),"n/d",(1+G60)/((1+G63)*(1+G64))-1) -> n/d | H65: =IF(OR(ISTEXT(H60),ISTEXT(H63),ISTEXT(H64)),"n/d",(1+H60)/((1+H63)*(1+H64))-1) -> n/d | I65: organic = (1+Y/Y)/((1+M&A)*(1+FX))-1; n/d where a component is undisclosed
B66: Total Y/Y | C66: =C60 -> n/a | D66: =D60 -> n/a | E66: =E60 -> n/a | F66: =F60 -> 0.13966631 | G66: =G60 -> 0.2127948 | H66: =H60 -> n/a
B67: Affiliated (intersegment) | C67: n/d | D67: n/d | E67: n/d | F67: 14998 | G67: 14353 | H67: =H29-H40-H49-H58-H76 -> 14151.565 | I67: Recast (Optum Financial) split not disclosed for 3Q25/4Q25/FY25 (n/d); S8, S10 segment note; 3Q26E residual of segment revenue
B68: Year-ago (memo) | C68: n/d | D68: n/d | E68: n/d | F68: 15810 | G68: 15845 | H68: =C67 -> n/d
B69: % Y/Y | C69: =IFERROR(C67/C68-1,"n/a") -> n/a | D69: =IFERROR(D67/D68-1,"n/a") -> n/a | E69: =IFERROR(E67/E68-1,"n/a") -> n/a | F69: =IFERROR(F67/F68-1,"n/a") -> -0.051359899 | G69: =IFERROR(G67/G68-1,"n/a") -> -0.094162196 | H69: =IFERROR(H67/C67-1,"n/a") -> n/a
B70: % Q/Q | C70: n/a | D70: =IFERROR(D67/C67-1,"n/a") -> n/a | E70: n/a | F70: =IFERROR(F67/D67-1,"n/a") -> n/a | G70: =IFERROR(G67/F67-1,"n/a") -> -0.043005734 | H70: =IFERROR(H67/G67-1,"n/a") -> -0.014034316
B71: % of segment revenue | C71: =IFERROR(C67/C29,"n/d") -> n/d | D71: =IFERROR(D67/D29,"n/d") -> n/d | E71: =IFERROR(E67/E29,"n/d") -> n/d | F71: =IFERROR(F67/F29,"n/d") -> 0.62209134 | G71: =IFERROR(G67/G29,"n/d") -> 0.61149455 | H71: =IFERROR(H67/H29,"n/d") -> 0.6042255
B72: M&A / scope impact | C72: n/d | D72: n/d | E72: n/d | F72: n/d | G72: n/d | H72: n/d | I72: M&A / scope contribution not disclosed by issuer
B73: FX impact | C73: n/d | D73: n/d | E73: n/d | F73: n/d | G73: n/d | H73: n/d | I73: FX impact by revenue type not disclosed by issuer (n/d, not a factual zero); no non-U.S. revenue disclosed for this segment — see segment-level FX row
B74: Organic growth | C74: =IF(OR(ISTEXT(C69),ISTEXT(C72),ISTEXT(C73)),"n/d",(1+C69)/((1+C72)*(1+C73))-1) -> n/d | D74: =IF(OR(ISTEXT(D69),ISTEXT(D72),ISTEXT(D73)),"n/d",(1+D69)/((1+D72)*(1+D73))-1) -> n/d | E74: =IF(OR(ISTEXT(E69),ISTEXT(E72),ISTEXT(E73)),"n/d",(1+E69)/((1+E72)*(1+E73))-1) -> n/d | F74: =IF(OR(ISTEXT(F69),ISTEXT(F72),ISTEXT(F73)),"n/d",(1+F69)/((1+F72)*(1+F73))-1) -> n/d | G74: =IF(OR(ISTEXT(G69),ISTEXT(G72),ISTEXT(G73)),"n/d",(1+G69)/((1+G72)*(1+G73))-1) -> n/d | H74: =IF(OR(ISTEXT(H69),ISTEXT(H72),ISTEXT(H73)),"n/d",(1+H69)/((1+H72)*(1+H73))-1) -> n/d | I74: organic = (1+Y/Y)/((1+M&A)*(1+FX))-1; n/d where a component is undisclosed
B75: Total Y/Y | C75: =C69 -> n/a | D75: =D69 -> n/a | E75: =E69 -> n/a | F75: =F69 -> -0.051359899 | G75: =G69 -> -0.094162196 | H75: =H69 -> n/a
B76: Investment and other income | C76: n/d | D76: n/d | E76: n/d | F76: 244 | G76: 240 | H76: 240 | I76: Recast (Optum Financial) split not disclosed for 3Q25/4Q25/FY25 (n/d); S8, S10 segment note; 3Q26E $240m
B77: Year-ago (memo) | C77: n/d | D77: n/d | E77: n/d | F77: 225 | G77: 240 | H77: =C76 -> n/d
B78: % Y/Y | C78: =IFERROR(C76/C77-1,"n/a") -> n/a | D78: =IFERROR(D76/D77-1,"n/a") -> n/a | E78: =IFERROR(E76/E77-1,"n/a") -> n/a | F78: =IFERROR(F76/F77-1,"n/a") -> 0.084444444 | G78: =IFERROR(G76/G77-1,"n/a") -> 0 | H78: =IFERROR(H76/C76-1,"n/a") -> n/a
B79: % Q/Q | C79: n/a | D79: =IFERROR(D76/C76-1,"n/a") -> n/a | E79: n/a | F79: =IFERROR(F76/D76-1,"n/a") -> n/a | G79: =IFERROR(G76/F76-1,"n/a") -> -0.016393443 | H79: =IFERROR(H76/G76-1,"n/a") -> 0
B80: % of segment revenue | C80: =IFERROR(C76/C29,"n/d") -> n/d | D80: =IFERROR(D76/D29,"n/d") -> n/d | E80: =IFERROR(E76/E29,"n/d") -> n/d | F80: =IFERROR(F76/F29,"n/d") -> 0.010120702 | G80: =IFERROR(G76/G29,"n/d") -> 0.010224949 | H80: =IFERROR(H76/H29,"n/d") -> 0.010247214
B81: M&A / scope impact | C81: n/d | D81: n/d | E81: n/d | F81: n/d | G81: n/d | H81: n/d | I81: M&A / scope contribution not disclosed by issuer
B82: FX impact | C82: n/d | D82: n/d | E82: n/d | F82: n/d | G82: n/d | H82: n/d | I82: FX impact by revenue type not disclosed by issuer (n/d, not a factual zero); no non-U.S. revenue disclosed for this segment — see segment-level FX row
B83: Organic growth | C83: =IF(OR(ISTEXT(C78),ISTEXT(C81),ISTEXT(C82)),"n/d",(1+C78)/((1+C81)*(1+C82))-1) -> n/d | D83: =IF(OR(ISTEXT(D78),ISTEXT(D81),ISTEXT(D82)),"n/d",(1+D78)/((1+D81)*(1+D82))-1) -> n/d | E83: =IF(OR(ISTEXT(E78),ISTEXT(E81),ISTEXT(E82)),"n/d",(1+E78)/((1+E81)*(1+E82))-1) -> n/d | F83: =IF(OR(ISTEXT(F78),ISTEXT(F81),ISTEXT(F82)),"n/d",(1+F78)/((1+F81)*(1+F82))-1) -> n/d | G83: =IF(OR(ISTEXT(G78),ISTEXT(G81),ISTEXT(G82)),"n/d",(1+G78)/((1+G81)*(1+G82))-1) -> n/d | H83: =IF(OR(ISTEXT(H78),ISTEXT(H81),ISTEXT(H82)),"n/d",(1+H78)/((1+H81)*(1+H82))-1) -> n/d | I83: organic = (1+Y/Y)/((1+M&A)*(1+FX))-1; n/d where a component is undisclosed
B84: Total Y/Y | C84: =C78 -> n/a | D84: =D78 -> n/a | E84: =E78 -> n/a | F84: =F78 -> 0.084444444 | G84: =G78 -> 0 | H84: =H78 -> n/a
B85: Revenue – unaffiliated | C85: =IFERROR(C40+C49+C58,"n/d") -> n/d | D85: =IFERROR(D40+D49+D58,"n/d") -> n/d | E85: =IFERROR(E40+E49+E58,"n/d") -> n/d | F85: =IFERROR(F40+F49+F58,"n/d") -> 8867 | G85: =IFERROR(G40+G49+G58,"n/d") -> 8879 | H85: =IFERROR(H40+H49+H58,"n/d") -> 9029.4345
B86: Total revenue by type | C86: =IFERROR(C40+C49+C58+C67+C76,"n/d") -> n/d | D86: =IFERROR(D40+D49+D58+D67+D76,"n/d") -> n/d | E86: =IFERROR(E40+E49+E58+E67+E76,"n/d") -> n/d | F86: =IFERROR(F40+F49+F58+F67+F76,"n/d") -> 24109 | G86: =IFERROR(G40+G49+G58+G67+G76,"n/d") -> 23472 | H86: =IFERROR(H40+H49+H58+H67+H76,"n/d") -> 23421
B87: Check: by type − segment rev. | C87: =IFERROR(C86-C29,"n/a") -> n/a | D87: =IFERROR(D86-D29,"n/a") -> n/a | E87: =IFERROR(E86-E29,"n/a") -> n/a | F87: =IFERROR(F86-F29,"n/a") -> 0 | G87: =IFERROR(G86-G29,"n/a") -> 0 | H87: =IFERROR(H86-H29,"n/a") -> 0 | I87: 3Q26E (col H): identity by construction (residual-defined line) — not independent evidence; excluded from Cover!C32
B89: Segment earnings ($ millions)
B90: Operating margin | C90: =C93/C29 -> 0.0016127763 | D90: =D93/D29 -> -0.11951969 | E90: =E93/E29 -> -0.011144316 | F90: =F93/F29 -> 0.047326724 | G90: =G93/G29 -> 0.050698705 | H90: 0.011 | I90: 3Q26E: "modest profit in 3Q" (S11); includes loss-contract reserve release
B91: Q/Q change (bp) | C91: n/a | D91: =IFERROR((D90-C90)*10000,"n/a") -> -1211.3246 | E91: n/a | F91: =IFERROR((F90-D90)*10000,"n/a") -> 1668.4641 | G91: =IFERROR((G90-F90)*10000,"n/a") -> 33.719804 | H91: =IFERROR((H90-G90)*10000,"n/a") -> -396.98705
B92: Y/Y change (bp) | C92: n/a | D92: n/a | E92: =IFERROR((E90-E94/E30)*10000,"n/a") -> -778.19999 | F92: =IFERROR((F90-F94/F30)*10000,"n/a") -> -94.836794 | G92: =IFERROR((G90-G94/G30)*10000,"n/a") -> 333.47845 | H92: =(H90-C90)*10000 -> 93.872237
B93: Optum Health EFO | C93: 41 | D93: -2996 | E93: -1115 | F93: 1141 | G93: 1190 | H93: =H29*H90 -> 257.631 | I93: Recast (S7 p.14; S9)
B94: Year-ago EFO (memo) | C94: n/d | D94: n/d | E94: 6902 | F94: 1411 | G94: 429 | H94: =C93 -> 41 | I94: Recast year-ago (S7 p.14)
B95: % Y/Y | C95: =IFERROR(IF(OR(C94<=0,SIGN(C93)<>SIGN(C94)),"n/m",C93/C94-1),"n/a") -> n/a | D95: =IFERROR(IF(OR(D94<=0,SIGN(D93)<>SIGN(D94)),"n/m",D93/D94-1),"n/a") -> n/a | E95: =IFERROR(IF(OR(E94<=0,SIGN(E93)<>SIGN(E94)),"n/m",E93/E94-1),"n/a") -> n/m | F95: =IFERROR(IF(OR(F94<=0,SIGN(F93)<>SIGN(F94)),"n/m",F93/F94-1),"n/a") -> -0.19135365 | G95: =IFERROR(IF(OR(G94<=0,SIGN(G93)<>SIGN(G94)),"n/m",G93/G94-1),"n/a") -> 1.7738928 | H95: =IFERROR(IF(OR(C93<=0,SIGN(H93)<>SIGN(C93)),"n/m",H93/C93-1),"n/a") -> 5.2836829 | I95: n/m where the base is ≤ 0 or the sign changes; 3Q26E +528% is on a small positive 3Q25 base ($41m) — retained as calculated but distorted
B96: % Q/Q | C96: n/a | D96: =IFERROR(IF(OR(C93<=0,SIGN(D93)<>SIGN(C93)),"n/m",D93/C93-1),"n/a") -> n/m | E96: n/a | F96: =IFERROR(IF(OR(D93<=0,SIGN(F93)<>SIGN(D93)),"n/m",F93/D93-1),"n/a") -> n/m | G96: =IFERROR(IF(OR(F93<=0,SIGN(G93)<>SIGN(F93)),"n/m",G93/F93-1),"n/a") -> 0.042944785 | H96: =IFERROR(IF(OR(G93<=0,SIGN(H93)<>SIGN(G93)),"n/m",H93/G93-1),"n/a") -> -0.78350336 | I96: n/m where the base is ≤ 0 or the sign changes (4Q25 loss)
B97: Cyberattack response costs | C97: 0 | D97: 0 | E97: 0 | F97: 0 | G97: 0 | H97: 0
B98: Portfolio & S. America impacts | C98: 0 | D98: 821 | E98: 821 | F98: 306 | G98: 35 | H98: 0 | I98: S5, S7, S9 earnings-by-business tables
B99: Restructuring & other | C99: 0 | D99: 1743 | E99: 1743 | F99: -135 | G99: -51 | H99: -109 | I99: 3Q26E: -$109m = half of 2H26 expected loss-contract release ($405m FY less $187m 1H, S9)
B100: Optum Health adjusted EFO | C100: =C93+C97+C98+C99 -> 41 | D100: =D93+D97+D98+D99 -> -432 | E100: =E93+E97+E98+E99 -> 1449 | F100: =F93+F97+F98+F99 -> 1312 | G100: =G93+G97+G98+G99 -> 1174 | H100: =H93+H97+H98+H99 -> 148.631
B101: Adjusted operating margin | C101: =C100/C29 -> 0.0016127763 | D101: =D100/D29 -> -0.017233813 | E101: =E100/E29 -> 0.014482614 | F101: =F100/F29 -> 0.054419511 | G101: =G100/G29 -> 0.050017042 | H101: =H100/H29 -> 0.006346057
B102: Q/Q change (bp) | C102: n/a | D102: =IFERROR((D101-C101)*10000,"n/a") -> -188.4659 | E102: n/a | F102: =IFERROR((F101-D101)*10000,"n/a") -> 716.53325 | G102: =IFERROR((G101-F101)*10000,"n/a") -> -44.024698 | H102: =IFERROR((H101-G101)*10000,"n/a") -> -436.70985
B103: Y/Y change (bp) | C103: n/a | D103: n/a | E103: n/a | F103: n/a | G103: n/a | H103: =(H101-C101)*10000 -> 47.332806

Sheet Segment - Optum Insight
B2: UnitedHealth Group Incorporated (NYSE: UNH)
B3: Segment - Optum Insight
B4: $ millions, except per share
B5: Period | C5: 3Q25A | D5: 4Q25A | E5: FY25A | F5: 1Q26A | G5: 2Q26A | H5: 3Q26E | I5: Notes
B6: Period end | C6: =DATE(2025,9,30) -> 45930 | D6: =DATE(2025,12,31) -> 46022 | E6: =DATE(2025,12,31) -> 46022 | F6: =DATE(2026,3,31) -> 46112 | G6: =DATE(2026,6,30) -> 46203 | H6: =DATE(2026,9,30) -> 46295
B7: Days in period | C7: =C6-DATE(2025,6,30) -> 92 | D7: =D6-C6 -> 92 | E7: =E6-DATE(2024,12,31) -> 365 | F7: =F6-D6 -> 90 | G7: =G6-F6 -> 91 | H7: =H6-G6 -> 92
B9: Optum Insight drivers
B10: Contract backlog ($bn) | C10: 32.1 | D10: 31.1 | E10: =D10 -> 31.1 | F10: n/d | G10: n/d | H10: n/d | I10: Pre-recast backlog (S3, S5); no longer disclosed from 1Q26
B11: Q/Q change (abs) | C11: n/a | D11: =IFERROR(D10-C10,"n/a") -> -1 | E11: n/a | F11: =IFERROR(F10-D10,"n/a") -> n/a | G11: =IFERROR(G10-F10,"n/a") -> n/a | H11: =IFERROR(H10-G10,"n/a") -> n/a
B12: Revenue Y/Y growth | C12: n/a | D12: n/a | E12: n/a | F12: n/a | G12: n/a | H12: 0.025 | I12: 3Q26E: +2.5% on recast 3Q25 ($5,320m); 2Q26A +3.2%; Alegeus closed Jul-2-2026 (size n/d); 1Q26 Optum Insight disposition
B14: Revenue build ($ millions)
B15: Optum Insight revenues | C15: 5320 | D15: 5455 | E15: 21034 | F15: 5125 | G15: 5402 | H15: =C15*(1+H12) -> 5453 | I15: Recast Optum Insight revenue incl. Optum Financial (S7 p.14; S9)
B16: Year-ago revenue (memo) | C16: n/d | D16: n/d | E16: 20356 | F16: 5027 | G16: 5232 | H16: =C15 -> 5320
B17: % Y/Y | C17: =IFERROR(C15/C16-1,"n/a") -> n/a | D17: =IFERROR(D15/D16-1,"n/a") -> n/a | E17: =IFERROR(E15/E16-1,"n/a") -> 0.033307133 | F17: =IFERROR(F15/F16-1,"n/a") -> 0.019494728 | G17: =IFERROR(G15/G16-1,"n/a") -> 0.032492355 | H17: =IFERROR(H15/C15-1,"n/a") -> 0.025
B18: % Q/Q | C18: n/a | D18: =IFERROR(D15/C15-1,"n/a") -> 0.02537594 | E18: n/a | F18: =IFERROR(F15/D15-1,"n/a") -> -0.060494959 | G18: =IFERROR(G15/F15-1,"n/a") -> 0.05404878 | H18: =IFERROR(H15/G15-1,"n/a") -> 0.0094409478
B19: Q/Q change (abs) | C19: n/a | D19: =IFERROR(D15-C15,"n/a") -> 135 | E19: n/a | F19: =IFERROR(F15-D15,"n/a") -> -330 | G19: =IFERROR(G15-F15,"n/a") -> 277 | H19: =IFERROR(H15-G15,"n/a") -> 51
B20: M&A / scope impact | C20: n/d | D20: n/d | E20: n/d | F20: n/d | G20: n/d | H20: n/d | I20: Alegeus acquisition (Jul-2026) and 1Q26 disposition; contribution not disclosed
B21: FX impact | C21: n/d | D21: n/d | E21: n/d | F21: n/d | G21: n/d | H21: 0 | I21: Historical: FX impact not disclosed by issuer (n/d — not a factual zero). 3Q26E: 0 = forecast assumption for predominantly domestic operations (no non-U.S. revenue disclosed for this segment; Sources B36)
B22: Organic growth | C22: =IF(OR(ISTEXT(C17),ISTEXT(C20),ISTEXT(C21)),"n/d",(1+C17)/((1+C20)*(1+C21))-1) -> n/d | D22: =IF(OR(ISTEXT(D17),ISTEXT(D20),ISTEXT(D21)),"n/d",(1+D17)/((1+D20)*(1+D21))-1) -> n/d | E22: =IF(OR(ISTEXT(E17),ISTEXT(E20),ISTEXT(E21)),"n/d",(1+E17)/((1+E20)*(1+E21))-1) -> n/d | F22: =IF(OR(ISTEXT(F17),ISTEXT(F20),ISTEXT(F21)),"n/d",(1+F17)/((1+F20)*(1+F21))-1) -> n/d | G22: =IF(OR(ISTEXT(G17),ISTEXT(G20),ISTEXT(G21)),"n/d",(1+G17)/((1+G20)*(1+G21))-1) -> n/d | H22: =IF(OR(ISTEXT(H17),ISTEXT(H20),ISTEXT(H21)),"n/d",(1+H17)/((1+H20)*(1+H21))-1) -> n/d | I22: organic = (1+Y/Y)/((1+M&A)*(1+FX))-1; n/d where a component is undisclosed
B23: Total Y/Y | C23: =C17 -> n/a | D23: =D17 -> n/a | E23: =E17 -> 0.033307133 | F23: =F17 -> 0.019494728 | G23: =G17 -> 0.032492355 | H23: =H17 -> 0.025
B25: Revenue by type ($ millions) — segment note (10-Q / 10-K)
B26: Products (unaffiliated) | C26: n/d | D26: n/d | E26: n/d | F26: 45 | G26: 45 | H26: 45 | I26: Recast (Optum Financial) split not disclosed for 3Q25/4Q25/FY25 (n/d); S8, S10 segment note; 3Q26E $45m
B27: Year-ago (memo) | C27: n/d | D27: n/d | E27: n/d | F27: 44 | G27: 44 | H27: =C26 -> n/d
B28: % Y/Y | C28: =IFERROR(C26/C27-1,"n/a") -> n/a | D28: =IFERROR(D26/D27-1,"n/a") -> n/a | E28: =IFERROR(E26/E27-1,"n/a") -> n/a | F28: =IFERROR(F26/F27-1,"n/a") -> 0.022727273 | G28: =IFERROR(G26/G27-1,"n/a") -> 0.022727273 | H28: =IFERROR(H26/C26-1,"n/a") -> n/a
B29: % Q/Q | C29: n/a | D29: =IFERROR(D26/C26-1,"n/a") -> n/a | E29: n/a | F29: =IFERROR(F26/D26-1,"n/a") -> n/a | G29: =IFERROR(G26/F26-1,"n/a") -> 0 | H29: =IFERROR(H26/G26-1,"n/a") -> 0
B30: % of segment revenue | C30: =IFERROR(C26/C15,"n/d") -> n/d | D30: =IFERROR(D26/D15,"n/d") -> n/d | E30: =IFERROR(E26/E15,"n/d") -> n/d | F30: =IFERROR(F26/F15,"n/d") -> 0.0087804878 | G30: =IFERROR(G26/G15,"n/d") -> 0.0083302481 | H30: =IFERROR(H26/H15,"n/d") -> 0.0082523382
B31: M&A / scope impact | C31: n/d | D31: n/d | E31: n/d | F31: n/d | G31: n/d | H31: n/d | I31: M&A / scope contribution not disclosed by issuer
B32: FX impact | C32: n/d | D32: n/d | E32: n/d | F32: n/d | G32: n/d | H32: n/d | I32: FX impact by revenue type not disclosed by issuer (n/d, not a factual zero); no non-U.S. revenue disclosed for this segment — see segment-level FX row
B33: Organic growth | C33: =IF(OR(ISTEXT(C28),ISTEXT(C31),ISTEXT(C32)),"n/d",(1+C28)/((1+C31)*(1+C32))-1) -> n/d | D33: =IF(OR(ISTEXT(D28),ISTEXT(D31),ISTEXT(D32)),"n/d",(1+D28)/((1+D31)*(1+D32))-1) -> n/d | E33: =IF(OR(ISTEXT(E28),ISTEXT(E31),ISTEXT(E32)),"n/d",(1+E28)/((1+E31)*(1+E32))-1) -> n/d | F33: =IF(OR(ISTEXT(F28),ISTEXT(F31),ISTEXT(F32)),"n/d",(1+F28)/((1+F31)*(1+F32))-1) -> n/d | G33: =IF(OR(ISTEXT(G28),ISTEXT(G31),ISTEXT(G32)),"n/d",(1+G28)/((1+G31)*(1+G32))-1) -> n/d | H33: =IF(OR(ISTEXT(H28),ISTEXT(H31),ISTEXT(H32)),"n/d",(1+H28)/((1+H31)*(1+H32))-1) -> n/d | I33: organic = (1+Y/Y)/((1+M&A)*(1+FX))-1; n/d where a component is undisclosed
B34: Total Y/Y | C34: =C28 -> n/a | D34: =D28 -> n/a | E34: =E28 -> n/a | F34: =F28 -> 0.022727273 | G34: =G28 -> 0.022727273 | H34: =H28 -> n/a
B35: Services (unaffiliated) | C35: n/d | D35: n/d | E35: n/d | F35: 1620 | G35: 1517 | H35: 1600 | I35: Recast (Optum Financial) split not disclosed for 3Q25/4Q25/FY25 (n/d); S8, S10 segment note; 3Q26E $1,600m incl. Alegeus (closed Jul-2-2026)
B36: Year-ago (memo) | C36: n/d | D36: n/d | E36: n/d | F36: 1659 | G36: 1673 | H36: =C35 -> n/d
B37: % Y/Y | C37: =IFERROR(C35/C36-1,"n/a") -> n/a | D37: =IFERROR(D35/D36-1,"n/a") -> n/a | E37: =IFERROR(E35/E36-1,"n/a") -> n/a | F37: =IFERROR(F35/F36-1,"n/a") -> -0.023508137 | G37: =IFERROR(G35/G36-1,"n/a") -> -0.093245666 | H37: =IFERROR(H35/C35-1,"n/a") -> n/a
B38: % Q/Q | C38: n/a | D38: =IFERROR(D35/C35-1,"n/a") -> n/a | E38: n/a | F38: =IFERROR(F35/D35-1,"n/a") -> n/a | G38: =IFERROR(G35/F35-1,"n/a") -> -0.063580247 | H38: =IFERROR(H35/G35-1,"n/a") -> 0.05471325
B39: % of segment revenue | C39: =IFERROR(C35/C15,"n/d") -> n/d | D39: =IFERROR(D35/D15,"n/d") -> n/d | E39: =IFERROR(E35/E15,"n/d") -> n/d | F39: =IFERROR(F35/F15,"n/d") -> 0.31609756 | G39: =IFERROR(G35/G15,"n/d") -> 0.28082192 | H39: =IFERROR(H35/H15,"n/d") -> 0.29341647
B40: M&A / scope impact | C40: n/d | D40: n/d | E40: n/d | F40: n/d | G40: n/d | H40: n/d | I40: M&A / scope contribution not disclosed by issuer
B41: FX impact | C41: n/d | D41: n/d | E41: n/d | F41: n/d | G41: n/d | H41: n/d | I41: FX impact by revenue type not disclosed by issuer (n/d, not a factual zero); no non-U.S. revenue disclosed for this segment — see segment-level FX row
B42: Organic growth | C42: =IF(OR(ISTEXT(C37),ISTEXT(C40),ISTEXT(C41)),"n/d",(1+C37)/((1+C40)*(1+C41))-1) -> n/d | D42: =IF(OR(ISTEXT(D37),ISTEXT(D40),ISTEXT(D41)),"n/d",(1+D37)/((1+D40)*(1+D41))-1) -> n/d | E42: =IF(OR(ISTEXT(E37),ISTEXT(E40),ISTEXT(E41)),"n/d",(1+E37)/((1+E40)*(1+E41))-1) -> n/d | F42: =IF(OR(ISTEXT(F37),ISTEXT(F40),ISTEXT(F41)),"n/d",(1+F37)/((1+F40)*(1+F41))-1) -> n/d | G42: =IF(OR(ISTEXT(G37),ISTEXT(G40),ISTEXT(G41)),"n/d",(1+G37)/((1+G40)*(1+G41))-1) -> n/d | H42: =IF(OR(ISTEXT(H37),ISTEXT(H40),ISTEXT(H41)),"n/d",(1+H37)/((1+H40)*(1+H41))-1) -> n/d | I42: organic = (1+Y/Y)/((1+M&A)*(1+FX))-1; n/d where a component is undisclosed
B43: Total Y/Y | C43: =C37 -> n/a | D43: =D37 -> n/a | E43: =E37 -> n/a | F43: =F37 -> -0.023508137 | G43: =G37 -> -0.093245666 | H43: =H37 -> n/a
B44: Affiliated (intersegment) | C44: n/d | D44: n/d | E44: n/d | F44: 3118 | G44: 3556 | H44: =H15-H26-H35-H53 -> 3538 | I44: Recast (Optum Financial) split not disclosed for 3Q25/4Q25/FY25 (n/d); S8, S10 segment note; 3Q26E residual of segment revenue
B45: Year-ago (memo) | C45: n/d | D45: n/d | E45: n/d | F45: 3091 | G45: 3268 | H45: =C44 -> n/d
B46: % Y/Y | C46: =IFERROR(C44/C45-1,"n/a") -> n/a | D46: =IFERROR(D44/D45-1,"n/a") -> n/a | E46: =IFERROR(E44/E45-1,"n/a") -> n/a | F46: =IFERROR(F44/F45-1,"n/a") -> 0.0087350372 | G46: =IFERROR(G44/G45-1,"n/a") -> 0.088127295 | H46: =IFERROR(H44/C44-1,"n/a") -> n/a
B47: % Q/Q | C47: n/a | D47: =IFERROR(D44/C44-1,"n/a") -> n/a | E47: n/a | F47: =IFERROR(F44/D44-1,"n/a") -> n/a | G47: =IFERROR(G44/F44-1,"n/a") -> 0.14047466 | H47: =IFERROR(H44/G44-1,"n/a") -> -0.0050618673
B48: % of segment revenue | C48: =IFERROR(C44/C15,"n/d") -> n/d | D48: =IFERROR(D44/D15,"n/d") -> n/d | E48: =IFERROR(E44/E15,"n/d") -> n/d | F48: =IFERROR(F44/F15,"n/d") -> 0.60839024 | G48: =IFERROR(G44/G15,"n/d") -> 0.65827471 | H48: =IFERROR(H44/H15,"n/d") -> 0.64881716
B49: M&A / scope impact | C49: n/d | D49: n/d | E49: n/d | F49: n/d | G49: n/d | H49: n/d | I49: M&A / scope contribution not disclosed by issuer
B50: FX impact | C50: n/d | D50: n/d | E50: n/d | F50: n/d | G50: n/d | H50: n/d | I50: FX impact by revenue type not disclosed by issuer (n/d, not a factual zero); no non-U.S. revenue disclosed for this segment — see segment-level FX row
B51: Organic growth | C51: =IF(OR(ISTEXT(C46),ISTEXT(C49),ISTEXT(C50)),"n/d",(1+C46)/((1+C49)*(1+C50))-1) -> n/d | D51: =IF(OR(ISTEXT(D46),ISTEXT(D49),ISTEXT(D50)),"n/d",(1+D46)/((1+D49)*(1+D50))-1) -> n/d | E51: =IF(OR(ISTEXT(E46),ISTEXT(E49),ISTEXT(E50)),"n/d",(1+E46)/((1+E49)*(1+E50))-1) -> n/d | F51: =IF(OR(ISTEXT(F46),ISTEXT(F49),ISTEXT(F50)),"n/d",(1+F46)/((1+F49)*(1+F50))-1) -> n/d | G51: =IF(OR(ISTEXT(G46),ISTEXT(G49),ISTEXT(G50)),"n/d",(1+G46)/((1+G49)*(1+G50))-1) -> n/d | H51: =IF(OR(ISTEXT(H46),ISTEXT(H49),ISTEXT(H50)),"n/d",(1+H46)/((1+H49)*(1+H50))-1) -> n/d | I51: organic = (1+Y/Y)/((1+M&A)*(1+FX))-1; n/d where a component is undisclosed
B52: Total Y/Y | C52: =C46 -> n/a | D52: =D46 -> n/a | E52: =E46 -> n/a | F52: =F46 -> 0.0087350372 | G52: =G46 -> 0.088127295 | H52: =H46 -> n/a
B53: Investment and other income | C53: n/d | D53: n/d | E53: n/d | F53: 342 | G53: 284 | H53: 270 | I53: Recast (Optum Financial) split not disclosed for 3Q25/4Q25/FY25 (n/d); S8, S10 segment note; 3Q26E $270m
B54: Year-ago (memo) | C54: n/d | D54: n/d | E54: n/d | F54: 233 | G54: 247 | H54: =C53 -> n/d
B55: % Y/Y | C55: =IFERROR(C53/C54-1,"n/a") -> n/a | D55: =IFERROR(D53/D54-1,"n/a") -> n/a | E55: =IFERROR(E53/E54-1,"n/a") -> n/a | F55: =IFERROR(F53/F54-1,"n/a") -> 0.46781116 | G55: =IFERROR(G53/G54-1,"n/a") -> 0.14979757 | H55: =IFERROR(H53/C53-1,"n/a") -> n/a
B56: % Q/Q | C56: n/a | D56: =IFERROR(D53/C53-1,"n/a") -> n/a | E56: n/a | F56: =IFERROR(F53/D53-1,"n/a") -> n/a | G56: =IFERROR(G53/F53-1,"n/a") -> -0.16959064 | H56: =IFERROR(H53/G53-1,"n/a") -> -0.049295775
B57: % of segment revenue | C57: =IFERROR(C53/C15,"n/d") -> n/d | D57: =IFERROR(D53/D15,"n/d") -> n/d | E57: =IFERROR(E53/E15,"n/d") -> n/d | F57: =IFERROR(F53/F15,"n/d") -> 0.066731707 | G57: =IFERROR(G53/G15,"n/d") -> 0.052573121 | H57: =IFERROR(H53/H15,"n/d") -> 0.049514029
B58: M&A / scope impact | C58: n/d | D58: n/d | E58: n/d | F58: n/d | G58: n/d | H58: n/d | I58: M&A / scope contribution not disclosed by issuer
B59: FX impact | C59: n/d | D59: n/d | E59: n/d | F59: n/d | G59: n/d | H59: n/d | I59: FX impact by revenue type not disclosed by issuer (n/d, not a factual zero); no non-U.S. revenue disclosed for this segment — see segment-level FX row
B60: Organic growth | C60: =IF(OR(ISTEXT(C55),ISTEXT(C58),ISTEXT(C59)),"n/d",(1+C55)/((1+C58)*(1+C59))-1) -> n/d | D60: =IF(OR(ISTEXT(D55),ISTEXT(D58),ISTEXT(D59)),"n/d",(1+D55)/((1+D58)*(1+D59))-1) -> n/d | E60: =IF(OR(ISTEXT(E55),ISTEXT(E58),ISTEXT(E59)),"n/d",(1+E55)/((1+E58)*(1+E59))-1) -> n/d | F60: =IF(OR(ISTEXT(F55),ISTEXT(F58),ISTEXT(F59)),"n/d",(1+F55)/((1+F58)*(1+F59))-1) -> n/d | G60: =IF(OR(ISTEXT(G55),ISTEXT(G58),ISTEXT(G59)),"n/d",(1+G55)/((1+G58)*(1+G59))-1) -> n/d | H60: =IF(OR(ISTEXT(H55),ISTEXT(H58),ISTEXT(H59)),"n/d",(1+H55)/((1+H58)*(1+H59))-1) -> n/d | I60: organic = (1+Y/Y)/((1+M&A)*(1+FX))-1; n/d where a component is undisclosed
B61: Total Y/Y | C61: =C55 -> n/a | D61: =D55 -> n/a | E61: =E55 -> n/a | F61: =F55 -> 0.46781116 | G61: =G55 -> 0.14979757 | H61: =H55 -> n/a
B62: Revenue – unaffiliated | C62: =IFERROR(C26+C35,"n/d") -> n/d | D62: =IFERROR(D26+D35,"n/d") -> n/d | E62: =IFERROR(E26+E35,"n/d") -> n/d | F62: =IFERROR(F26+F35,"n/d") -> 1665 | G62: =IFERROR(G26+G35,"n/d") -> 1562 | H62: =IFERROR(H26+H35,"n/d") -> 1645
B63: Total revenue by type | C63: =IFERROR(C26+C35+C44+C53,"n/d") -> n/d | D63: =IFERROR(D26+D35+D44+D53,"n/d") -> n/d | E63: =IFERROR(E26+E35+E44+E53,"n/d") -> n/d | F63: =IFERROR(F26+F35+F44+F53,"n/d") -> 5125 | G63: =IFERROR(G26+G35+G44+G53,"n/d") -> 5402 | H63: =IFERROR(H26+H35+H44+H53,"n/d") -> 5453
B64: Check: by type − segment rev. | C64: =IFERROR(C63-C15,"n/a") -> n/a | D64: =IFERROR(D63-D15,"n/a") -> n/a | E64: =IFERROR(E63-E15,"n/a") -> n/a | F64: =IFERROR(F63-F15,"n/a") -> 0 | G64: =IFERROR(G63-G15,"n/a") -> 0 | H64: =IFERROR(H63-H15,"n/a") -> 0 | I64: 3Q26E (col H): identity by construction (residual-defined line) — not independent evidence; excluded from Cover!C32
B66: Segment earnings ($ millions)
B67: Operating margin | C67: =C70/C15 -> 0.17293233 | D67: =D70/D15 -> 0.031530706 | E67: =E70/E15 -> 0.16454312 | F67: =F70/F15 -> 0.18790244 | G67: =G70/G15 -> 0.25342466 | H67: 0.22 | I67: 3Q26E 22.0%: ~55% of FY in 2H (S11). Jul-16 FY26 guide (S9 p.7): adjusted >$4,750m (unchanged from Jan) = reported >$4,925m (Guidance!E50) less $175m net portfolio/restructuring items; vs 1H26 adj. $2,147m (same adjusted basis)
B68: Q/Q change (bp) | C68: n/a | D68: =IFERROR((D67-C67)*10000,"n/a") -> -1414.0163 | E68: n/a | F68: =IFERROR((F67-D67)*10000,"n/a") -> 1563.7173 | G68: =IFERROR((G67-F67)*10000,"n/a") -> 655.22219 | H68: =IFERROR((H67-G67)*10000,"n/a") -> -334.24658
B69: Y/Y change (bp) | C69: n/a | D69: n/a | E69: =IFERROR((E67-E71/E16)*10000,"n/a") -> -302.39744 | F69: =IFERROR((F67-F71/F16)*10000,"n/a") -> -436.47193 | G69: =IFERROR((G67-G71/G16)*10000,"n/a") -> 231.11202 | H69: =(H67-C67)*10000 -> 470.67669
B70: Optum Insight EFO | C70: 920 | D70: 172 | E70: 3461 | F70: 963 | G70: 1369 | H70: =H15*H67 -> 1199.66 | I70: Recast (S7 p.14; S9)
B71: Year-ago EFO (memo) | C71: n/d | D71: n/d | E71: 3965 | F71: 1164 | G71: 1205 | H71: =C70 -> 920 | I71: Recast year-ago (S7 p.14)
B72: % Y/Y | C72: =IFERROR(C70/C71-1,"n/a") -> n/a | D72: =IFERROR(D70/D71-1,"n/a") -> n/a | E72: =IFERROR(E70/E71-1,"n/a") -> -0.12711223 | F72: =IFERROR(F70/F71-1,"n/a") -> -0.17268041 | G72: =IFERROR(G70/G71-1,"n/a") -> 0.13609959 | H72: =IFERROR(H70/C70-1,"n/a") -> 0.30397826
B73: % Q/Q | C73: n/a | D73: =IFERROR(D70/C70-1,"n/a") -> -0.81304348 | E73: n/a | F73: =IFERROR(F70/D70-1,"n/a") -> 4.5988372 | G73: =IFERROR(G70/F70-1,"n/a") -> 0.42159917 | H73: =IFERROR(H70/G70-1,"n/a") -> -0.12369613
B74: Cyberattack response costs | C74: 0 | D74: 799 | E74: 799 | F74: 0 | G74: 0 | H74: 0
B75: Portfolio & S. America impacts | C75: 0 | D75: 68 | E75: 68 | F75: -528 | G75: 4 | H75: 0
B76: Restructuring and other | C76: 0 | D76: 236 | E76: 236 | F76: 339 | G76: 0 | H76: 0
B77: Optum Insight adjusted EFO | C77: =C70+C74+C75+C76 -> 920 | D77: =D70+D74+D75+D76 -> 1275 | E77: =E70+E74+E75+E76 -> 4564 | F77: =F70+F74+F75+F76 -> 774 | G77: =G70+G74+G75+G76 -> 1373 | H77: =H70+H74+H75+H76 -> 1199.66
B78: Adjusted operating margin | C78: =C77/C15 -> 0.17293233 | D78: =D77/D15 -> 0.23373052 | E78: =E77/E15 -> 0.21698203 | F78: =F77/F15 -> 0.15102439 | G78: =G77/G15 -> 0.25416512 | H78: =H77/H15 -> 0.22
B79: Q/Q change (bp) | C79: n/a | D79: =IFERROR((D78-C78)*10000,"n/a") -> 607.98192 | E79: n/a | F79: =IFERROR((F78-D78)*10000,"n/a") -> -827.06132 | G79: =IFERROR((G78-F78)*10000,"n/a") -> 1031.4073 | H79: =IFERROR((H78-G78)*10000,"n/a") -> -341.65124
B80: Y/Y change (bp) | C80: n/a | D80: n/a | E80: n/a | F80: n/a | G80: n/a | H80: =(H78-C78)*10000 -> 470.67669

Sheet Segment - Optum Rx
B2: UnitedHealth Group Incorporated (NYSE: UNH)
B3: Segment - Optum Rx
B4: $ millions, except per share
B5: Period | C5: 3Q25A | D5: 4Q25A | E5: FY25A | F5: 1Q26A | G5: 2Q26A | H5: 3Q26E | I5: Notes
B6: Period end | C6: =DATE(2025,9,30) -> 45930 | D6: =DATE(2025,12,31) -> 46022 | E6: =DATE(2025,12,31) -> 46022 | F6: =DATE(2026,3,31) -> 46112 | G6: =DATE(2026,6,30) -> 46203 | H6: =DATE(2026,9,30) -> 46295
B7: Days in period | C7: =C6-DATE(2025,6,30) -> 92 | D7: =D6-C6 -> 92 | E7: =E6-DATE(2024,12,31) -> 365 | F7: =F6-D6 -> 90 | G7: =G6-F6 -> 91 | H7: =H6-G6 -> 92
B9: Optum Rx drivers
B10: Adjusted scripts (millions) | C10: 414 | D10: 424 | E10: 1660 | F10: 383 | G10: 387 | H10: 385 | I10: Quarterly adjusted scripts (S3, S5, S7, S9); 3Q26E ~flat vs 2Q26 (387m) on UHC/other client attrition
B11: Year-ago scripts (memo) | C11: 407 | D11: 422 | E11: 1620 | F11: 408 | G11: 414 | H11: =C10 -> 414
B12: Y/Y change (%) | C12: =IFERROR(C10/C11-1,"n/a") -> 0.017199017 | D12: =IFERROR(D10/D11-1,"n/a") -> 0.0047393365 | E12: =IFERROR(E10/E11-1,"n/a") -> 0.024691358 | F12: =IFERROR(F10/F11-1,"n/a") -> -0.06127451 | G12: =IFERROR(G10/G11-1,"n/a") -> -0.065217391 | H12: =IFERROR(H10/C10-1,"n/a") -> -0.070048309
B13: Q/Q change (abs) | C13: n/a | D13: =IFERROR(D10-C10,"n/a") -> 10 | E13: n/a | F13: =IFERROR(F10-D10,"n/a") -> -41 | G13: =IFERROR(G10-F10,"n/a") -> 4 | H13: =IFERROR(H10-G10,"n/a") -> -2
B14: Check: FY25 scripts − Σ qtrs | E14: =E10-(F11+G11+C10+D10) -> 0
B15: Revenue per script ($) | C15: =C21/C10 -> 95.842995 | D15: =D21/D10 -> 97.773585 | E15: =E21/E10 -> 93.208434 | F15: =F21/F10 -> 93.305483 | G15: =G21/G10 -> 98.945736 | H15: 100.5 | I15: 3Q26E: 2Q26A $98.95 +1.6% (2025 2Q→3Q step +3.2%; specialty mix)
B16: Year-ago rev./script (memo) | C16: =C22/C11 -> 84.046683 | D16: =D22/D11 -> 84.772512 | E16: =E22/E11 -> 82.241358 | F16: =F22/F11 -> 86.107843 | G16: =G22/G11 -> 92.896135 | H16: =H22/H11 -> 95.842995
B17: Y/Y change (%) | C17: =IFERROR(C15/C16-1,"n/a") -> 0.14035429 | D17: =IFERROR(D15/D16-1,"n/a") -> 0.15336425 | E17: =IFERROR(E15/E16-1,"n/a") -> 0.13335232 | F17: =IFERROR(F15/F16-1,"n/a") -> 0.083588668 | G17: =IFERROR(G15/G16-1,"n/a") -> 0.065122205 | H17: =IFERROR(H15/C15-1,"n/a") -> 0.048589934
B18: Q/Q change (abs) | C18: n/a | D18: =IFERROR(D15-C15,"n/a") -> 1.9305897 | E18: n/a | F18: =IFERROR(F15-D15,"n/a") -> -4.4681019 | G18: =IFERROR(G15-F15,"n/a") -> 5.6402534 | H18: =IFERROR(H15-G15,"n/a") -> 1.5542636
B20: Revenue build ($ millions)
B21: Optum Rx revenues | C21: 39679 | D21: 41456 | E21: 154726 | F21: 35736 | G21: 38292 | H21: =H10*H15 -> 38692.5 | I21: S3, S5, S7, S9
B22: Year-ago revenue (memo) | C22: 34207 | D22: 35774 | E22: 133231 | F22: 35132 | G22: 38459 | H22: =C21 -> 39679
B23: % Y/Y | C23: =IFERROR(C21/C22-1,"n/a") -> 0.15996726 | D23: =IFERROR(D21/D22-1,"n/a") -> 0.15883044 | E23: =IFERROR(E21/E22-1,"n/a") -> 0.16133633 | F23: =IFERROR(F21/F22-1,"n/a") -> 0.017192303 | G23: =IFERROR(G21/G22-1,"n/a") -> -0.0043422866 | H23: =IFERROR(H21/C21-1,"n/a") -> -0.024862018
B24: % Q/Q | C24: n/a | D24: =IFERROR(D21/C21-1,"n/a") -> 0.044784395 | E24: n/a | F24: =IFERROR(F21/D21-1,"n/a") -> -0.13797761 | G24: =IFERROR(G21/F21-1,"n/a") -> 0.071524513 | H24: =IFERROR(H21/G21-1,"n/a") -> 0.010459104
B25: Q/Q change (abs) | C25: n/a | D25: =IFERROR(D21-C21,"n/a") -> 1777 | E25: n/a | F25: =IFERROR(F21-D21,"n/a") -> -5720 | G25: =IFERROR(G21-F21,"n/a") -> 2556 | H25: =IFERROR(H21-G21,"n/a") -> 400.5
B26: M&A / scope impact | C26: n/d | D26: n/d | E26: n/d | F26: n/d | G26: n/d | H26: n/d | I26: M&A / scope contribution not disclosed by issuer
B27: FX impact | C27: n/d | D27: n/d | E27: n/d | F27: n/d | G27: n/d | H27: 0 | I27: Historical: FX impact not disclosed by issuer (n/d — not a factual zero). 3Q26E: 0 = forecast assumption for predominantly domestic operations (no non-U.S. revenue disclosed for this segment; Sources B36)
B28: Organic growth | C28: =IF(OR(ISTEXT(C23),ISTEXT(C26),ISTEXT(C27)),"n/d",(1+C23)/((1+C26)*(1+C27))-1) -> n/d | D28: =IF(OR(ISTEXT(D23),ISTEXT(D26),ISTEXT(D27)),"n/d",(1+D23)/((1+D26)*(1+D27))-1) -> n/d | E28: =IF(OR(ISTEXT(E23),ISTEXT(E26),ISTEXT(E27)),"n/d",(1+E23)/((1+E26)*(1+E27))-1) -> n/d | F28: =IF(OR(ISTEXT(F23),ISTEXT(F26),ISTEXT(F27)),"n/d",(1+F23)/((1+F26)*(1+F27))-1) -> n/d | G28: =IF(OR(ISTEXT(G23),ISTEXT(G26),ISTEXT(G27)),"n/d",(1+G23)/((1+G26)*(1+G27))-1) -> n/d | H28: =IF(OR(ISTEXT(H23),ISTEXT(H26),ISTEXT(H27)),"n/d",(1+H23)/((1+H26)*(1+H27))-1) -> n/d | I28: organic = (1+Y/Y)/((1+M&A)*(1+FX))-1; n/d where a component is undisclosed
B29: Total Y/Y | C29: =C23 -> 0.15996726 | D29: =D23 -> 0.15883044 | E29: =E23 -> 0.16133633 | F29: =F23 -> 0.017192303 | G29: =G23 -> -0.0043422866 | H29: =H23 -> -0.024862018
B31: Revenue by type ($ millions) — segment note (10-Q / 10-K)
B32: Products (unaffiliated) | C32: 13190 | D32: =Inputs!D179-Inputs!C179 -> 13353 | E32: =Inputs!D179 -> 52925 | F32: 13148 | G32: 13728 | H32: ='Income Statement'!H24-'Segment - Optum Health'!H49-'Segment - Optum Insight'!H26 -> 13476.067 | I32: S4, S6, S8, S10; 3Q26E = consolidated products less OH/OI products
B33: Year-ago (memo) | C33: 12506 | D33: n/a | E33: 49775 | F33: 12927 | G33: 13455 | H33: =C32 -> 13190
B34: % Y/Y | C34: =IFERROR(C32/C33-1,"n/a") -> 0.054693747 | D34: =IFERROR(D32/D33-1,"n/a") -> n/a | E34: =IFERROR(E32/E33-1,"n/a") -> 0.063284782 | F34: =IFERROR(F32/F33-1,"n/a") -> 0.017096001 | G34: =IFERROR(G32/G33-1,"n/a") -> 0.020289855 | H34: =IFERROR(H32/C32-1,"n/a") -> 0.021688211
B35: % Q/Q | C35: n/a | D35: =IFERROR(D32/C32-1,"n/a") -> 0.012357847 | E35: n/a | F35: =IFERROR(F32/D32-1,"n/a") -> -0.015352355 | G35: =IFERROR(G32/F32-1,"n/a") -> 0.044113173 | H35: =IFERROR(H32/G32-1,"n/a") -> -0.018351726
B36: % of segment revenue | C36: =IFERROR(C32/C21,"n/d") -> 0.33241765 | D36: =IFERROR(D32/D21,"n/d") -> 0.32210054 | E36: =IFERROR(E32/E21,"n/d") -> 0.34205628 | F36: =IFERROR(F32/F21,"n/d") -> 0.3679203 | G36: =IFERROR(G32/G21,"n/d") -> 0.3585083 | H36: =IFERROR(H32/H21,"n/d") -> 0.3482863
B37: M&A / scope impact | C37: n/d | D37: n/d | E37: n/d | F37: n/d | G37: n/d | H37: n/d | I37: M&A / scope contribution not disclosed by issuer
B38: FX impact | C38: n/d | D38: n/d | E38: n/d | F38: n/d | G38: n/d | H38: 0 | I38: Historical: FX impact by revenue type not disclosed by issuer (n/d — not a factual zero). 3Q26E: 0 = forecast assumption (domestic PBM operations)
B39: Organic growth | C39: =IF(OR(ISTEXT(C34),ISTEXT(C37),ISTEXT(C38)),"n/d",(1+C34)/((1+C37)*(1+C38))-1) -> n/d | D39: =IF(OR(ISTEXT(D34),ISTEXT(D37),ISTEXT(D38)),"n/d",(1+D34)/((1+D37)*(1+D38))-1) -> n/d | E39: =IF(OR(ISTEXT(E34),ISTEXT(E37),ISTEXT(E38)),"n/d",(1+E34)/((1+E37)*(1+E38))-1) -> n/d | F39: =IF(OR(ISTEXT(F34),ISTEXT(F37),ISTEXT(F38)),"n/d",(1+F34)/((1+F37)*(1+F38))-1) -> n/d | G39: =IF(OR(ISTEXT(G34),ISTEXT(G37),ISTEXT(G38)),"n/d",(1+G34)/((1+G37)*(1+G38))-1) -> n/d | H39: =IF(OR(ISTEXT(H34),ISTEXT(H37),ISTEXT(H38)),"n/d",(1+H34)/((1+H37)*(1+H38))-1) -> n/d | I39: organic = (1+Y/Y)/((1+M&A)*(1+FX))-1; n/d where a component is undisclosed
B40: Total Y/Y | C40: =C34 -> 0.054693747 | D40: =D34 -> n/a | E40: =E34 -> 0.063284782 | F40: =F34 -> 0.017096001 | G40: =G34 -> 0.020289855 | H40: =H34 -> 0.021688211
B41: Services (unaffiliated) | C41: 1243 | D41: =Inputs!D180-Inputs!C180 -> 1324 | E41: =Inputs!D180 -> 4754 | F41: 1149 | G41: 1273 | H41: ='Income Statement'!H32-'Segment - UnitedHealthcare'!H235-'Segment - Optum Health'!H58-'Segment - Optum Insight'!H35 -> 1493.9489 | I41: 3Q26E = RECONCILING RESIDUAL with no independent driver or source support: consolidated services (IS H32, itself a residual) less UHC/OH/OI services. Implies +17.4% Q/Q and 3.9% of segment revenue vs 3.1-3.3% history; judgmental split, EPS-neutral (total revenue unaffected)
B42: Year-ago (memo) | C42: 1029 | D42: n/a | E42: 3630 | F42: 1021 | G42: 1166 | H42: =C41 -> 1243
B43: % Y/Y | C43: =IFERROR(C41/C42-1,"n/a") -> 0.2079689 | D43: =IFERROR(D41/D42-1,"n/a") -> n/a | E43: =IFERROR(E41/E42-1,"n/a") -> 0.30964187 | F43: =IFERROR(F41/F42-1,"n/a") -> 0.12536729 | G43: =IFERROR(G41/G42-1,"n/a") -> 0.091766724 | H43: =IFERROR(H41/C41-1,"n/a") -> 0.20188974
B44: % Q/Q | C44: n/a | D44: =IFERROR(D41/C41-1,"n/a") -> 0.065164924 | E44: n/a | F44: =IFERROR(F41/D41-1,"n/a") -> -0.13217523 | G44: =IFERROR(G41/F41-1,"n/a") -> 0.10791993 | H44: =IFERROR(H41/G41-1,"n/a") -> 0.17356555
B45: % of segment revenue | C45: =IFERROR(C41/C21,"n/d") -> 0.031326394 | D45: =IFERROR(D41/D21,"n/d") -> 0.031937476 | E45: =IFERROR(E41/E21,"n/d") -> 0.030725282 | F45: =IFERROR(F41/F21,"n/d") -> 0.032152451 | G45: =IFERROR(G41/G21,"n/d") -> 0.033244542 | H45: =IFERROR(H41/H21,"n/d") -> 0.038610815
B46: M&A / scope impact | C46: n/d | D46: n/d | E46: n/d | F46: n/d | G46: n/d | H46: n/d | I46: M&A / scope contribution not disclosed by issuer
B47: FX impact | C47: n/d | D47: n/d | E47: n/d | F47: n/d | G47: n/d | H47: 0 | I47: Historical: FX impact by revenue type not disclosed by issuer (n/d — not a factual zero). 3Q26E: 0 = forecast assumption (domestic PBM operations)
B48: Organic growth | C48: =IF(OR(ISTEXT(C43),ISTEXT(C46),ISTEXT(C47)),"n/d",(1+C43)/((1+C46)*(1+C47))-1) -> n/d | D48: =IF(OR(ISTEXT(D43),ISTEXT(D46),ISTEXT(D47)),"n/d",(1+D43)/((1+D46)*(1+D47))-1) -> n/d | E48: =IF(OR(ISTEXT(E43),ISTEXT(E46),ISTEXT(E47)),"n/d",(1+E43)/((1+E46)*(1+E47))-1) -> n/d | F48: =IF(OR(ISTEXT(F43),ISTEXT(F46),ISTEXT(F47)),"n/d",(1+F43)/((1+F46)*(1+F47))-1) -> n/d | G48: =IF(OR(ISTEXT(G43),ISTEXT(G46),ISTEXT(G47)),"n/d",(1+G43)/((1+G46)*(1+G47))-1) -> n/d | H48: =IF(OR(ISTEXT(H43),ISTEXT(H46),ISTEXT(H47)),"n/d",(1+H43)/((1+H46)*(1+H47))-1) -> n/d | I48: organic = (1+Y/Y)/((1+M&A)*(1+FX))-1; n/d where a component is undisclosed
B49: Total Y/Y | C49: =C43 -> 0.2079689 | D49: =D43 -> n/a | E49: =E43 -> 0.30964187 | F49: =F43 -> 0.12536729 | G49: =G43 -> 0.091766724 | H49: =H43 -> 0.20188974
B50: Affiliated (intersegment) | C50: 25195 | D50: =Inputs!D181-Inputs!C181 -> 26751 | E50: =Inputs!D181 -> 96873 | F50: 21398 | G50: 23242 | H50: =H21-H32-H41-H59 -> 23682.484 | I50: 3Q26E residual of segment revenue
B51: Year-ago (memo) | C51: 20554 | D51: n/a | E51: 79512 | F51: 21137 | G51: 23790 | H51: =C50 -> 25195
B52: % Y/Y | C52: =IFERROR(C50/C51-1,"n/a") -> 0.22579547 | D52: =IFERROR(D50/D51-1,"n/a") -> n/a | E52: =IFERROR(E50/E51-1,"n/a") -> 0.2183444 | F52: =IFERROR(F50/F51-1,"n/a") -> 0.012348015 | G52: =IFERROR(G50/G51-1,"n/a") -> -0.023034889 | H52: =IFERROR(H50/C50-1,"n/a") -> -0.060032405
B53: % Q/Q | C53: n/a | D53: =IFERROR(D50/C50-1,"n/a") -> 0.061758285 | E53: n/a | F53: =IFERROR(F50/D50-1,"n/a") -> -0.20010467 | G53: =IFERROR(G50/F50-1,"n/a") -> 0.086176278 | H53: =IFERROR(H50/G50-1,"n/a") -> 0.01895205
B54: % of segment revenue | C54: =IFERROR(C50/C21,"n/d") -> 0.63497064 | D54: =IFERROR(D50/D21,"n/d") -> 0.64528657 | E54: =IFERROR(E50/E21,"n/d") -> 0.62609387 | F54: =IFERROR(F50/F21,"n/d") -> 0.59877994 | G54: =IFERROR(G50/G21,"n/d") -> 0.60696751 | H54: =IFERROR(H50/H21,"n/d") -> 0.6120691
B55: M&A / scope impact | C55: n/d | D55: n/d | E55: n/d | F55: n/d | G55: n/d | H55: n/d | I55: M&A / scope contribution not disclosed by issuer
B56: FX impact | C56: n/d | D56: n/d | E56: n/d | F56: n/d | G56: n/d | H56: 0 | I56: Historical: FX impact by revenue type not disclosed by issuer (n/d — not a factual zero). 3Q26E: 0 = forecast assumption (domestic PBM operations)
B57: Organic growth | C57: =IF(OR(ISTEXT(C52),ISTEXT(C55),ISTEXT(C56)),"n/d",(1+C52)/((1+C55)*(1+C56))-1) -> n/d | D57: =IF(OR(ISTEXT(D52),ISTEXT(D55),ISTEXT(D56)),"n/d",(1+D52)/((1+D55)*(1+D56))-1) -> n/d | E57: =IF(OR(ISTEXT(E52),ISTEXT(E55),ISTEXT(E56)),"n/d",(1+E52)/((1+E55)*(1+E56))-1) -> n/d | F57: =IF(OR(ISTEXT(F52),ISTEXT(F55),ISTEXT(F56)),"n/d",(1+F52)/((1+F55)*(1+F56))-1) -> n/d | G57: =IF(OR(ISTEXT(G52),ISTEXT(G55),ISTEXT(G56)),"n/d",(1+G52)/((1+G55)*(1+G56))-1) -> n/d | H57: =IF(OR(ISTEXT(H52),ISTEXT(H55),ISTEXT(H56)),"n/d",(1+H52)/((1+H55)*(1+H56))-1) -> n/d | I57: organic = (1+Y/Y)/((1+M&A)*(1+FX))-1; n/d where a component is undisclosed
B58: Total Y/Y | C58: =C52 -> 0.22579547 | D58: =D52 -> n/a | E58: =E52 -> 0.2183444 | F58: =F52 -> 0.012348015 | G58: =G52 -> -0.023034889 | H58: =H52 -> -0.060032405
B59: Investment and other income | C59: 51 | D59: =Inputs!D182-Inputs!C182 -> 28 | E59: =Inputs!D182 -> 174 | F59: 41 | G59: 49 | H59: ='Income Statement'!H40-'Segment - UnitedHealthcare'!H244-'Segment - Optum Health'!H76-'Segment - Optum Insight'!H53 -> 40 | I59: 3Q26E = consolidated investment income less other segments
B60: Year-ago (memo) | C60: 118 | D60: n/a | E60: 314 | F60: 47 | G60: 48 | H60: =C59 -> 51
B61: % Y/Y | C61: =IFERROR(C59/C60-1,"n/a") -> -0.56779661 | D61: =IFERROR(D59/D60-1,"n/a") -> n/a | E61: =IFERROR(E59/E60-1,"n/a") -> -0.44585987 | F61: =IFERROR(F59/F60-1,"n/a") -> -0.12765957 | G61: =IFERROR(G59/G60-1,"n/a") -> 0.020833333 | H61: =IFERROR(H59/C59-1,"n/a") -> -0.21568627
B62: % Q/Q | C62: n/a | D62: =IFERROR(D59/C59-1,"n/a") -> -0.45098039 | E62: n/a | F62: =IFERROR(F59/D59-1,"n/a") -> 0.46428571 | G62: =IFERROR(G59/F59-1,"n/a") -> 0.19512195 | H62: =IFERROR(H59/G59-1,"n/a") -> -0.18367347
B63: % of segment revenue | C63: =IFERROR(C59/C21,"n/d") -> 0.0012853147 | D63: =IFERROR(D59/D21,"n/d") -> 0.0006754149 | E63: =IFERROR(E59/E21,"n/d") -> 0.0011245686 | F63: =IFERROR(F59/F21,"n/d") -> 0.0011473024 | G63: =IFERROR(G59/G21,"n/d") -> 0.0012796407 | H63: =IFERROR(H59/H21,"n/d") -> 0.0010337921
B64: M&A / scope impact | C64: n/d | D64: n/d | E64: n/d | F64: n/d | G64: n/d | H64: n/d | I64: M&A / scope contribution not disclosed by issuer
B65: FX impact | C65: n/d | D65: n/d | E65: n/d | F65: n/d | G65: n/d | H65: 0 | I65: Historical: FX impact by revenue type not disclosed by issuer (n/d — not a factual zero). 3Q26E: 0 = forecast assumption (domestic PBM operations)
B66: Organic growth | C66: =IF(OR(ISTEXT(C61),ISTEXT(C64),ISTEXT(C65)),"n/d",(1+C61)/((1+C64)*(1+C65))-1) -> n/d | D66: =IF(OR(ISTEXT(D61),ISTEXT(D64),ISTEXT(D65)),"n/d",(1+D61)/((1+D64)*(1+D65))-1) -> n/d | E66: =IF(OR(ISTEXT(E61),ISTEXT(E64),ISTEXT(E65)),"n/d",(1+E61)/((1+E64)*(1+E65))-1) -> n/d | F66: =IF(OR(ISTEXT(F61),ISTEXT(F64),ISTEXT(F65)),"n/d",(1+F61)/((1+F64)*(1+F65))-1) -> n/d | G66: =IF(OR(ISTEXT(G61),ISTEXT(G64),ISTEXT(G65)),"n/d",(1+G61)/((1+G64)*(1+G65))-1) -> n/d | H66: =IF(OR(ISTEXT(H61),ISTEXT(H64),ISTEXT(H65)),"n/d",(1+H61)/((1+H64)*(1+H65))-1) -> n/d | I66: organic = (1+Y/Y)/((1+M&A)*(1+FX))-1; n/d where a component is undisclosed
B67: Total Y/Y | C67: =C61 -> -0.56779661 | D67: =D61 -> n/a | E67: =E61 -> -0.44585987 | F67: =F61 -> -0.12765957 | G67: =G61 -> 0.020833333 | H67: =H61 -> -0.21568627
B68: Revenue – unaffiliated | C68: =IFERROR(C32+C41,"n/d") -> 14433 | D68: =IFERROR(D32+D41,"n/d") -> 14677 | E68: =IFERROR(E32+E41,"n/d") -> 57679 | F68: =IFERROR(F32+F41,"n/d") -> 14297 | G68: =IFERROR(G32+G41,"n/d") -> 15001 | H68: =IFERROR(H32+H41,"n/d") -> 14970.016
B69: Total revenue by type | C69: =IFERROR(C32+C41+C50+C59,"n/d") -> 39679 | D69: =IFERROR(D32+D41+D50+D59,"n/d") -> 41456 | E69: =IFERROR(E32+E41+E50+E59,"n/d") -> 154726 | F69: =IFERROR(F32+F41+F50+F59,"n/d") -> 35736 | G69: =IFERROR(G32+G41+G50+G59,"n/d") -> 38292 | H69: =IFERROR(H32+H41+H50+H59,"n/d") -> 38692.5
B70: Check: by type − segment rev. | C70: =IFERROR(C69-C21,"n/a") -> 0 | D70: =IFERROR(D69-D21,"n/a") -> 0 | E70: =IFERROR(E69-E21,"n/a") -> 0 | F70: =IFERROR(F69-F21,"n/a") -> 0 | G70: =IFERROR(G69-G21,"n/a") -> 0 | H70: =IFERROR(H69-H21,"n/a") -> 0 | I70: 3Q26E (col H): identity by construction (residual-defined line) — not independent evidence; excluded from Cover!C32
B72: Segment earnings ($ millions)
B73: Operating margin | C73: =C76/C21 -> 0.039038282 | D73: =D76/D21 -> 0.069591856 | E73: =E76/E21 -> 0.046488632 | F73: =F76/F21 -> 0.03335572 | G73: =G76/G21 -> 0.038911522 | H73: 0.0425 | I73: 3Q26E 4.25%: FY guide >$6,250m with ~55% in 2H (S11) vs 1H $2,682m
B74: Q/Q change (bp) | C74: n/a | D74: =IFERROR((D73-C73)*10000,"n/a") -> 305.53574 | E74: n/a | F74: =IFERROR((F73-D73)*10000,"n/a") -> -362.36137 | G74: =IFERROR((G73-F73)*10000,"n/a") -> 55.558023 | H74: =IFERROR((H73-G73)*10000,"n/a") -> 35.88478
B75: Y/Y change (bp) | C75: =IFERROR((C73-C77/C22)*10000,"n/a") -> -60.986781 | D75: =IFERROR((D73-D77/D22)*10000,"n/a") -> 209.81134 | E75: =IFERROR((E73-E77/E22)*10000,"n/a") -> 26.850122 | F75: =IFERROR((F73-F77/F22)*10000,"n/a") -> -41.599355 | G75: =IFERROR((G73-G77/G22)*10000,"n/a") -> 14.430491 | H75: =(H73-C73)*10000 -> 34.617178
B76: Optum Rx EFO | C76: 1549 | D76: 2885 | E76: 7193 | F76: 1192 | G76: 1490 | H76: =H21*H73 -> 1644.4313
B77: Year-ago EFO (memo) | C77: 1544 | D77: 1739 | E77: 5836 | F77: 1318 | G77: 1441 | H77: =C76 -> 1549
B78: % Y/Y | C78: =IFERROR(C76/C77-1,"n/a") -> 0.003238342 | D78: =IFERROR(D76/D77-1,"n/a") -> 0.65899942 | E78: =IFERROR(E76/E77-1,"n/a") -> 0.23252228 | F78: =IFERROR(F76/F77-1,"n/a") -> -0.095599393 | G78: =IFERROR(G76/G77-1,"n/a") -> 0.034004164 | H78: =IFERROR(H76/C76-1,"n/a") -> 0.061608296
B79: EFO per script ($) | C79: =C76/C10 -> 3.7415459 | D79: =D76/D10 -> 6.8042453 | E79: =E76/E10 -> 4.3331325 | F79: =F76/F10 -> 3.1122715 | G79: =G76/G10 -> 3.8501292 | H79: =H76/H10 -> 4.27125
B80: Cyberattack response costs | C80: 0 | D80: 0 | E80: 0 | F80: 0 | G80: 0 | H80: 0
B81: Portfolio & S. America impacts | C81: 0 | D81: -1457 | E81: -1457 | F81: -8 | G81: 0 | H81: 0
B82: Restructuring and other | C82: 0 | D82: 389 | E82: 389 | F82: 0 | G82: 0 | H82: 0
B83: Optum Rx adjusted EFO | C83: =C76+C80+C81+C82 -> 1549 | D83: =D76+D80+D81+D82 -> 1817 | E83: =E76+E80+E81+E82 -> 6125 | F83: =F76+F80+F81+F82 -> 1184 | G83: =G76+G80+G81+G82 -> 1490 | H83: =H76+H80+H81+H82 -> 1644.4313
B84: Adjusted operating margin | C84: =C83/C21 -> 0.039038282 | D84: =D83/D21 -> 0.043829602 | E84: =E83/E21 -> 0.039586107 | F84: =F83/F21 -> 0.033131856 | G84: =G83/G21 -> 0.038911522 | H84: =H83/H21 -> 0.0425
B85: Q/Q change (bp) | C85: n/a | D85: =IFERROR((D84-C84)*10000,"n/a") -> 47.913203 | E85: n/a | F85: =IFERROR((F84-D84)*10000,"n/a") -> -106.97747 | G85: =IFERROR((G84-F84)*10000,"n/a") -> 57.796662 | H85: =IFERROR((H84-G84)*10000,"n/a") -> 35.88478
B86: Y/Y change (bp) | C86: n/a | D86: n/a | E86: n/a | F86: n/a | G86: n/a | H86: =(H84-C84)*10000 -> 34.617178

Sheet Income Statement
B2: UnitedHealth Group Incorporated (NYSE: UNH)
B3: Income Statement
B4: $ millions, except per share
B5: Period | C5: 3Q25A | D5: 4Q25A | E5: FY25A | F5: 1Q26A | G5: 2Q26A | H5: 3Q26E | I5: Notes
B6: Period end | C6: =DATE(2025,9,30) -> 45930 | D6: =DATE(2025,12,31) -> 46022 | E6: =DATE(2025,12,31) -> 46022 | F6: =DATE(2026,3,31) -> 46112 | G6: =DATE(2026,6,30) -> 46203 | H6: =DATE(2026,9,30) -> 46295
B7: Days in period | C7: =C6-DATE(2025,6,30) -> 92 | D7: =D6-C6 -> 92 | E7: =E6-DATE(2024,12,31) -> 365 | F7: =F6-D6 -> 90 | G7: =G6-F6 -> 91 | H7: =H6-G6 -> 92
B9: Revenues ($ millions)
B10: Premiums / UHC revenue (x) | C10: =C13/'Segment - UnitedHealthcare'!C202 -> 1.0219249 | D10: =D13/'Segment - UnitedHealthcare'!D202 -> 1.0194919 | E10: =E13/'Segment - UnitedHealthcare'!E202 -> 1.0212408 | F10: =F13/'Segment - UnitedHealthcare'!F202 -> 1.0150235 | G10: =G13/'Segment - UnitedHealthcare'!G202 -> 1.0109164 | H10: 1.0105 | I10: 3Q26E 1.0105x (2Q26 1.011x; declining with Optum Health VBC right-sizing)
B11: Q/Q change (abs, x) | C11: n/a | D11: =IFERROR(D10-C10,"n/a") -> -0.0024329637 | E11: n/a | F11: =IFERROR(F10-D10,"n/a") -> -0.0044684501 | G11: =IFERROR(G10-F10,"n/a") -> -0.0041070274 | H11: =IFERROR(H10-G10,"n/a") -> -0.00041644675
B12: Y/Y change (abs, x) | C12: n/a | D12: n/a | E12: n/a | F12: n/a | G12: n/a | H12: =H10-C10 -> -0.011424888
B13: Premiums | C13: 88979 | D13: 88811 | E13: 352229 | F13: 87561 | G13: 86956 | H13: ='Segment - UnitedHealthcare'!H202*H10 -> 86559.867 | I13: S3, S5, S7, S9 statements of operations
B14: Year-ago premiums (memo) | C14: 77442 | D14: 76483 | E14: 308810 | F14: 86534 | G14: 87905 | H14: =C13 -> 88979
B15: % Y/Y | C15: =IFERROR(C13/C14-1,"n/a") -> 0.14897601 | D15: =IFERROR(D13/D14-1,"n/a") -> 0.16118615 | E15: =IFERROR(E13/E14-1,"n/a") -> 0.14060102 | F15: =IFERROR(F13/F14-1,"n/a") -> 0.011868167 | G15: =IFERROR(G13/G14-1,"n/a") -> -0.010795745 | H15: =IFERROR(H13/C13-1,"n/a") -> -0.027187684
B16: % Q/Q | C16: n/a | D16: =IFERROR(D13/C13-1,"n/a") -> -0.001888086 | E16: n/a | F16: =IFERROR(F13/D13-1,"n/a") -> -0.014074833 | G16: =IFERROR(G13/F13-1,"n/a") -> -0.0069094688 | H16: =IFERROR(H13/G13-1,"n/a") -> -0.0045555564
B17: M&A / scope impact | C17: n/d | D17: n/d | E17: n/d | F17: n/d | G17: n/d | H17: n/d | I17: M&A / scope contribution not disclosed by issuer
B18: FX impact | C18: n/d | D18: n/d | E18: n/d | F18: n/d | G18: n/d | H18: n/d | I18: Non-U.S. (South American) revenue; FX impact not disclosed
B19: Organic growth | C19: =IF(OR(ISTEXT(C15),ISTEXT(C17),ISTEXT(C18)),"n/d",(1+C15)/((1+C17)*(1+C18))-1) -> n/d | D19: =IF(OR(ISTEXT(D15),ISTEXT(D17),ISTEXT(D18)),"n/d",(1+D15)/((1+D17)*(1+D18))-1) -> n/d | E19: =IF(OR(ISTEXT(E15),ISTEXT(E17),ISTEXT(E18)),"n/d",(1+E15)/((1+E17)*(1+E18))-1) -> n/d | F19: =IF(OR(ISTEXT(F15),ISTEXT(F17),ISTEXT(F18)),"n/d",(1+F15)/((1+F17)*(1+F18))-1) -> n/d | G19: =IF(OR(ISTEXT(G15),ISTEXT(G17),ISTEXT(G18)),"n/d",(1+G15)/((1+G17)*(1+G18))-1) -> n/d | H19: =IF(OR(ISTEXT(H15),ISTEXT(H17),ISTEXT(H18)),"n/d",(1+H15)/((1+H17)*(1+H18))-1) -> n/d | I19: organic = (1+Y/Y)/((1+M&A)*(1+FX))-1; n/d where a component is undisclosed
B20: Total Y/Y | C20: =C15 -> 0.14897601 | D20: =D15 -> 0.16118615 | E20: =E15 -> 0.14060102 | F20: =F15 -> 0.011868167 | G20: =G15 -> -0.010795745 | H20: =H15 -> -0.027187684
B21: Products / Optum Rx revenue | C21: =C24/'Segment - Optum Rx'!C21 -> 0.33508909 | D21: =D24/'Segment - Optum Rx'!D21 -> 0.32526052 | E21: =E24/'Segment - Optum Rx'!E21 -> 0.34499696 | F21: =F24/'Segment - Optum Rx'!F21 -> 0.37077457 | G21: =G24/'Segment - Optum Rx'!G21 -> 0.36130262 | H21: 0.351 | I21: 3Q26E 35.1% (2Q26 36.1%; 2025 2Q→3Q step -1.8pt)
B22: Q/Q change (bp) | C22: n/a | D22: =IFERROR((D21-C21)*10000,"n/a") -> -98.285728 | E22: n/a | F22: =IFERROR((F21-D21)*10000,"n/a") -> 455.14052 | G22: =IFERROR((G21-F21)*10000,"n/a") -> -94.719471 | H22: =IFERROR((H21-G21)*10000,"n/a") -> -103.02622
B23: Y/Y change (bp) | C23: =IFERROR((C21-C25/'Segment - Optum Rx'!C22)*10000,"n/a") -> -341.62818 | D23: =IFERROR((D21-D25/'Segment - Optum Rx'!D22)*10000,"n/a") -> -514.0969 | E23: =IFERROR((E21-E25/'Segment - Optum Rx'!E22)*10000,"n/a") -> -319.87373 | F23: =IFERROR((F21-F25/'Segment - Optum Rx'!F22)*10000,"n/a") -> -2.8315609 | G23: =IFERROR((G21-G25/'Segment - Optum Rx'!G22)*10000,"n/a") -> 86.153446 | H23: =(H21-C21)*10000 -> 159.1091
B24: Products | C24: 13296 | D24: 13484 | E24: 53380 | F24: 13250 | G24: 13835 | H24: ='Segment - Optum Rx'!H21*H21 -> 13581.067
B25: Year-ago products (memo) | C25: 12631 | D25: 13475 | E25: 50226 | F25: 13036 | G25: 13564 | H25: =C24 -> 13296
B26: % Y/Y | C26: =IFERROR(C24/C25-1,"n/a") -> 0.052648246 | D26: =IFERROR(D24/D25-1,"n/a") -> 0.00066790353 | E26: =IFERROR(E24/E25-1,"n/a") -> 0.062796161 | F26: =IFERROR(F24/F25-1,"n/a") -> 0.016416079 | G26: =IFERROR(G24/G25-1,"n/a") -> 0.019979357 | H26: =IFERROR(H24/C24-1,"n/a") -> 0.021440095
B27: % Q/Q | C27: n/a | D27: =IFERROR(D24/C24-1,"n/a") -> 0.014139591 | E27: n/a | F27: =IFERROR(F24/D24-1,"n/a") -> -0.017353901 | G27: =IFERROR(G24/F24-1,"n/a") -> 0.044150943 | H27: =IFERROR(H24/G24-1,"n/a") -> -0.018354355
B28: M&A / scope impact | C28: n/d | D28: n/d | E28: n/d | F28: n/d | G28: n/d | H28: n/d | I28: M&A / scope contribution not disclosed by issuer
B29: FX impact | C29: n/d | D29: n/d | E29: n/d | F29: n/d | G29: n/d | H29: n/d | I29: Non-U.S. (South American) revenue; FX impact not disclosed
B30: Organic growth | C30: =IF(OR(ISTEXT(C26),ISTEXT(C28),ISTEXT(C29)),"n/d",(1+C26)/((1+C28)*(1+C29))-1) -> n/d | D30: =IF(OR(ISTEXT(D26),ISTEXT(D28),ISTEXT(D29)),"n/d",(1+D26)/((1+D28)*(1+D29))-1) -> n/d | E30: =IF(OR(ISTEXT(E26),ISTEXT(E28),ISTEXT(E29)),"n/d",(1+E26)/((1+E28)*(1+E29))-1) -> n/d | F30: =IF(OR(ISTEXT(F26),ISTEXT(F28),ISTEXT(F29)),"n/d",(1+F26)/((1+F28)*(1+F29))-1) -> n/d | G30: =IF(OR(ISTEXT(G26),ISTEXT(G28),ISTEXT(G29)),"n/d",(1+G26)/((1+G28)*(1+G29))-1) -> n/d | H30: =IF(OR(ISTEXT(H26),ISTEXT(H28),ISTEXT(H29)),"n/d",(1+H26)/((1+H28)*(1+H29))-1) -> n/d | I30: organic = (1+Y/Y)/((1+M&A)*(1+FX))-1; n/d where a component is undisclosed
B31: Total Y/Y | C31: =C26 -> 0.052648246 | D31: =D26 -> 0.00066790353 | E31: =E26 -> 0.062796161 | F31: =F26 -> 0.016416079 | G31: =G26 -> 0.019979357 | H31: =H26 -> 0.021440095
B32: Services | C32: 9754 | D32: 10273 | E32: 38038 | F32: 9779 | G32: 10018 | H32: =H48-H13-H24-H40 -> 10523.949 | I32: 3Q26E = segment-built total revenue less premiums, products and investment income (residual)
B33: Year-ago services (memo) | C33: 9104 | D33: 9298 | E33: 36040 | F33: 8972 | G33: 9039 | H33: =C32 -> 9754
B34: % Y/Y | C34: =IFERROR(C32/C33-1,"n/a") -> 0.071397188 | D34: =IFERROR(D32/D33-1,"n/a") -> 0.10486126 | E34: =IFERROR(E32/E33-1,"n/a") -> 0.055438402 | F34: =IFERROR(F32/F33-1,"n/a") -> 0.0899465 | G34: =IFERROR(G32/G33-1,"n/a") -> 0.10830844 | H34: =IFERROR(H32/C32-1,"n/a") -> 0.078936738
B35: % Q/Q | C35: n/a | D35: =IFERROR(D32/C32-1,"n/a") -> 0.05320894 | E35: n/a | F35: =IFERROR(F32/D32-1,"n/a") -> -0.048087219 | G35: =IFERROR(G32/F32-1,"n/a") -> 0.024440127 | H35: =IFERROR(H32/G32-1,"n/a") -> 0.050503987
B36: M&A / scope impact | C36: n/d | D36: n/d | E36: n/d | F36: n/d | G36: n/d | H36: n/d | I36: M&A / scope contribution not disclosed by issuer
B37: FX impact | C37: n/d | D37: n/d | E37: n/d | F37: n/d | G37: n/d | H37: n/d | I37: Non-U.S. (South American) revenue; FX impact not disclosed
B38: Organic growth | C38: =IF(OR(ISTEXT(C34),ISTEXT(C36),ISTEXT(C37)),"n/d",(1+C34)/((1+C36)*(1+C37))-1) -> n/d | D38: =IF(OR(ISTEXT(D34),ISTEXT(D36),ISTEXT(D37)),"n/d",(1+D34)/((1+D36)*(1+D37))-1) -> n/d | E38: =IF(OR(ISTEXT(E34),ISTEXT(E36),ISTEXT(E37)),"n/d",(1+E34)/((1+E36)*(1+E37))-1) -> n/d | F38: =IF(OR(ISTEXT(F34),ISTEXT(F36),ISTEXT(F37)),"n/d",(1+F34)/((1+F36)*(1+F37))-1) -> n/d | G38: =IF(OR(ISTEXT(G34),ISTEXT(G36),ISTEXT(G37)),"n/d",(1+G34)/((1+G36)*(1+G37))-1) -> n/d | H38: =IF(OR(ISTEXT(H34),ISTEXT(H36),ISTEXT(H37)),"n/d",(1+H34)/((1+H36)*(1+H37))-1) -> n/d | I38: organic = (1+Y/Y)/((1+M&A)*(1+FX))-1; n/d where a component is undisclosed
B39: Total Y/Y | C39: =C34 -> 0.071397188 | D39: =D34 -> 0.10486126 | E39: =E34 -> 0.055438402 | F39: =F34 -> 0.0899465 | G39: =G34 -> 0.10830844 | H39: =H34 -> 0.078936738
B40: Investment and other income | C40: 1132 | D40: 647 | E40: 3920 | F40: 1131 | G40: 1223 | H40: 1190 | I40: 3Q26E assumption $1,190m (1Q26 $1,131m, 2Q26 $1,223m). FY26 guide ~$3,900m (Jan-27, S5) not restated in the Jul-16 outlook table (S9); no later update found in preserved sources. 1H26 $2,354m + 3Q26E $1,190m leaves only ~$356m for 4Q26 vs ~$1.2bn run-rate — guide looks stale; deviation unresolved, assumption retained
B41: Year-ago inv. income (memo) | C41: 1643 | D41: 1551 | E41: 5202 | F41: 1033 | G41: 1108 | H41: =C40 -> 1132
B42: % Y/Y | C42: =IFERROR(C40/C41-1,"n/a") -> -0.31101643 | D42: =IFERROR(D40/D41-1,"n/a") -> -0.58284977 | E42: =IFERROR(E40/E41-1,"n/a") -> -0.24644368 | F42: =IFERROR(F40/F41-1,"n/a") -> 0.094869313 | G42: =IFERROR(G40/G41-1,"n/a") -> 0.10379061 | H42: =IFERROR(H40/C40-1,"n/a") -> 0.051236749
B43: % Q/Q | C43: n/a | D43: =IFERROR(D40/C40-1,"n/a") -> -0.42844523 | E43: n/a | F43: =IFERROR(F40/D40-1,"n/a") -> 0.74806801 | G43: =IFERROR(G40/F40-1,"n/a") -> 0.081343943 | H43: =IFERROR(H40/G40-1,"n/a") -> -0.026982829
B44: M&A / scope impact | C44: n/d | D44: n/d | E44: n/d | F44: n/d | G44: n/d | H44: n/d | I44: M&A / scope contribution not disclosed by issuer
B45: FX impact | C45: n/d | D45: n/d | E45: n/d | F45: n/d | G45: n/d | H45: n/d | I45: Non-U.S. (South American) revenue; FX impact not disclosed
B46: Organic growth | C46: =IF(OR(ISTEXT(C42),ISTEXT(C44),ISTEXT(C45)),"n/d",(1+C42)/((1+C44)*(1+C45))-1) -> n/d | D46: =IF(OR(ISTEXT(D42),ISTEXT(D44),ISTEXT(D45)),"n/d",(1+D42)/((1+D44)*(1+D45))-1) -> n/d | E46: =IF(OR(ISTEXT(E42),ISTEXT(E44),ISTEXT(E45)),"n/d",(1+E42)/((1+E44)*(1+E45))-1) -> n/d | F46: =IF(OR(ISTEXT(F42),ISTEXT(F44),ISTEXT(F45)),"n/d",(1+F42)/((1+F44)*(1+F45))-1) -> n/d | G46: =IF(OR(ISTEXT(G42),ISTEXT(G44),ISTEXT(G45)),"n/d",(1+G42)/((1+G44)*(1+G45))-1) -> n/d | H46: =IF(OR(ISTEXT(H42),ISTEXT(H44),ISTEXT(H45)),"n/d",(1+H42)/((1+H44)*(1+H45))-1) -> n/d | I46: organic = (1+Y/Y)/((1+M&A)*(1+FX))-1; n/d where a component is undisclosed
B47: Total Y/Y | C47: =C42 -> -0.31101643 | D47: =D42 -> -0.58284977 | E47: =E42 -> -0.24644368 | F47: =F42 -> 0.094869313 | G47: =G42 -> 0.10379061 | H47: =H42 -> 0.051236749
B48: Total revenues | C48: =C13+C24+C32+C40 -> 113161 | D48: =D13+D24+D32+D40 -> 113215 | E48: =E13+E24+E32+E40 -> 447567 | F48: =F13+F24+F32+F40 -> 111721 | G48: =G13+G24+G32+G40 -> 112032 | H48: ='Revenue summary'!H69 -> 111854.88 | I48: 3Q26E linked to Revenue summary segment build
B49: Year-ago revenues (memo) | C49: 100820 | D49: 100807 | E49: 400278 | F49: 109575 | G49: 111616 | H49: =C48 -> 113161
B50: % Y/Y | C50: =IFERROR(C48/C49-1,"n/a") -> 0.12240627 | D50: =IFERROR(D48/D49-1,"n/a") -> 0.12308669 | E50: =IFERROR(E48/E49-1,"n/a") -> 0.11814039 | F50: =IFERROR(F48/F49-1,"n/a") -> 0.019584759 | G50: =IFERROR(G48/G49-1,"n/a") -> 0.0037270642 | H50: =IFERROR(H48/C48-1,"n/a") -> -0.011542108
B51: % Q/Q | C51: n/a | D51: =IFERROR(D48/C48-1,"n/a") -> 0.00047719621 | E51: n/a | F51: =IFERROR(F48/D48-1,"n/a") -> -0.013196131 | G51: =IFERROR(G48/F48-1,"n/a") -> 0.0027837202 | H51: =IFERROR(H48/G48-1,"n/a") -> -0.0015809457
B52: M&A / scope impact | C52: n/d | D52: n/d | E52: n/d | F52: n/d | G52: n/d | H52: n/d | I52: M&A / scope contribution not disclosed by issuer
B53: FX impact | C53: n/d | D53: n/d | E53: n/d | F53: n/d | G53: n/d | H53: n/d | I53: Non-U.S. (South American) revenue; FX impact not disclosed
B54: Organic growth | C54: =IF(OR(ISTEXT(C50),ISTEXT(C52),ISTEXT(C53)),"n/d",(1+C50)/((1+C52)*(1+C53))-1) -> n/d | D54: =IF(OR(ISTEXT(D50),ISTEXT(D52),ISTEXT(D53)),"n/d",(1+D50)/((1+D52)*(1+D53))-1) -> n/d | E54: =IF(OR(ISTEXT(E50),ISTEXT(E52),ISTEXT(E53)),"n/d",(1+E50)/((1+E52)*(1+E53))-1) -> n/d | F54: =IF(OR(ISTEXT(F50),ISTEXT(F52),ISTEXT(F53)),"n/d",(1+F50)/((1+F52)*(1+F53))-1) -> n/d | G54: =IF(OR(ISTEXT(G50),ISTEXT(G52),ISTEXT(G53)),"n/d",(1+G50)/((1+G52)*(1+G53))-1) -> n/d | H54: =IF(OR(ISTEXT(H50),ISTEXT(H52),ISTEXT(H53)),"n/d",(1+H50)/((1+H52)*(1+H53))-1) -> n/d | I54: organic = (1+Y/Y)/((1+M&A)*(1+FX))-1; n/d where a component is undisclosed
B55: Total Y/Y | C55: =C50 -> 0.12240627 | D55: =D50 -> 0.12308669 | E55: =E50 -> 0.11814039 | F55: =F50 -> 0.019584759 | G55: =G50 -> 0.0037270642 | H55: =H50 -> -0.011542108
B56: Check: Σ segment premiums − IS | C56: =IFERROR('Segment - UnitedHealthcare'!C226+'Segment - Optum Health'!C40-C13,"n/a") -> n/a | D56: =IFERROR('Segment - UnitedHealthcare'!D226+'Segment - Optum Health'!D40-D13,"n/a") -> n/a | E56: =IFERROR('Segment - UnitedHealthcare'!E226+'Segment - Optum Health'!E40-E13,"n/a") -> n/a | F56: =IFERROR('Segment - UnitedHealthcare'!F226+'Segment - Optum Health'!F40-F13,"n/a") -> 0 | G56: =IFERROR('Segment - UnitedHealthcare'!G226+'Segment - Optum Health'!G40-G13,"n/a") -> 0 | H56: =IFERROR('Segment - UnitedHealthcare'!H226+'Segment - Optum Health'!H40-H13,"n/a") -> 0 | I56: Segment note by revenue type vs consolidated line; n/a where recast split not disclosed; 3Q26E (col H): identity by construction (residual-defined line) — not independent evidence; excluded from Cover!C32
B57: Check: Σ segment products − IS | C57: =IFERROR('Segment - Optum Health'!C49+'Segment - Optum Insight'!C26+'Segment - Optum Rx'!C32-C24,"n/a") -> n/a | D57: =IFERROR('Segment - Optum Health'!D49+'Segment - Optum Insight'!D26+'Segment - Optum Rx'!D32-D24,"n/a") -> n/a | E57: =IFERROR('Segment - Optum Health'!E49+'Segment - Optum Insight'!E26+'Segment - Optum Rx'!E32-E24,"n/a") -> n/a | F57: =IFERROR('Segment - Optum Health'!F49+'Segment - Optum Insight'!F26+'Segment - Optum Rx'!F32-F24,"n/a") -> 0 | G57: =IFERROR('Segment - Optum Health'!G49+'Segment - Optum Insight'!G26+'Segment - Optum Rx'!G32-G24,"n/a") -> 0 | H57: =IFERROR('Segment - Optum Health'!H49+'Segment - Optum Insight'!H26+'Segment - Optum Rx'!H32-H24,"n/a") -> 0 | I57: Segment note by revenue type vs consolidated line; n/a where recast split not disclosed; 3Q26E (col H): identity by construction (residual-defined line) — not independent evidence; excluded from Cover!C32
B58: Check: Σ segment services − IS | C58: =IFERROR('Segment - UnitedHealthcare'!C235+'Segment - Optum Health'!C58+'Segment - Optum Insight'!C35+'Segment - Optum Rx'!C41-C32,"n/a") -> n/a | D58: =IFERROR('Segment - UnitedHealthcare'!D235+'Segment - Optum Health'!D58+'Segment - Optum Insight'!D35+'Segment - Optum Rx'!D41-D32,"n/a") -> n/a | E58: =IFERROR('Segment - UnitedHealthcare'!E235+'Segment - Optum Health'!E58+'Segment - Optum Insight'!E35+'Segment - Optum Rx'!E41-E32,"n/a") -> n/a | F58: =IFERROR('Segment - UnitedHealthcare'!F235+'Segment - Optum Health'!F58+'Segment - Optum Insight'!F35+'Segment - Optum Rx'!F41-F32,"n/a") -> 0 | G58: =IFERROR('Segment - UnitedHealthcare'!G235+'Segment - Optum Health'!G58+'Segment - Optum Insight'!G35+'Segment - Optum Rx'!G41-G32,"n/a") -> 0 | H58: =IFERROR('Segment - UnitedHealthcare'!H235+'Segment - Optum Health'!H58+'Segment - Optum Insight'!H35+'Segment - Optum Rx'!H41-H32,"n/a") -> 0 | I58: Segment note by revenue type vs consolidated line; n/a where recast split not disclosed; 3Q26E (col H): identity by construction (residual-defined line) — not independent evidence; excluded from Cover!C32
B59: Check: Σ segment inv. inc. − IS | C59: =IFERROR('Segment - UnitedHealthcare'!C244+'Segment - Optum Health'!C76+'Segment - Optum Insight'!C53+'Segment - Optum Rx'!C59-C40,"n/a") -> n/a | D59: =IFERROR('Segment - UnitedHealthcare'!D244+'Segment - Optum Health'!D76+'Segment - Optum Insight'!D53+'Segment - Optum Rx'!D59-D40,"n/a") -> n/a | E59: =IFERROR('Segment - UnitedHealthcare'!E244+'Segment - Optum Health'!E76+'Segment - Optum Insight'!E53+'Segment - Optum Rx'!E59-E40,"n/a") -> n/a | F59: =IFERROR('Segment - UnitedHealthcare'!F244+'Segment - Optum Health'!F76+'Segment - Optum Insight'!F53+'Segment - Optum Rx'!F59-F40,"n/a") -> 0 | G59: =IFERROR('Segment - UnitedHealthcare'!G244+'Segment - Optum Health'!G76+'Segment - Optum Insight'!G53+'Segment - Optum Rx'!G59-G40,"n/a") -> 0 | H59: =IFERROR('Segment - UnitedHealthcare'!H244+'Segment - Optum Health'!H76+'Segment - Optum Insight'!H53+'Segment - Optum Rx'!H59-H40,"n/a") -> 0 | I59: Segment note by revenue type vs consolidated line; n/a where recast split not disclosed; 3Q26E (col H): identity by construction (residual-defined line) — not independent evidence; excluded from Cover!C32
B61: Operating costs ($ millions)
B62: Medical care ratio (MCR) | C62: =C65/C13 -> 0.89861653 | D62: =D65/D13 -> 0.9237707 | E62: =E65/E13 -> 0.8914513 | F62: =F65/F13 -> 0.83928918 | G62: =G65/G13 -> 0.8666222 | H62: 0.895 | I62: 3Q26E 89.5%: -36bp Y/Y vs 89.9%; FY26 guide 88.1% ±25bp (2H implied ~90.9%); 1H26 -180bp Y/Y; CFO 9-Sep: favorable trend "has not dissipated" into Q3
B63: Q/Q change (bp) | C63: n/a | D63: =IFERROR((D62-C62)*10000,"n/a") -> 251.54177 | E63: n/a | F63: =IFERROR((F62-D62)*10000,"n/a") -> -844.81523 | G63: =IFERROR((G62-F62)*10000,"n/a") -> 273.33018 | H63: =IFERROR((H62-G62)*10000,"n/a") -> 283.778
B64: Y/Y change (bp) | C64: =IFERROR((C62-C66/C14)*10000,"n/a") -> 469.21065 | D64: =IFERROR((D62-D66/D14)*10000,"n/a") -> 473.01423 | E64: =IFERROR((E62-E66/E14)*10000,"n/a") -> 359.57631 | F64: =IFERROR((F62-F66/F14)*10000,"n/a") -> -90.594447 | G64: =IFERROR((G62-G66/G14)*10000,"n/a") -> -273.54252 | H64: =(H62-C62)*10000 -> -36.165275
B65: Medical costs | C65: 79958 | D65: 82041 | E65: 313995 | F65: 73489 | G65: 75358 | H65: =H13*H62 -> 77471.081
B66: Year-ago medical costs (memo) | C66: 65957 | D66: 67035 | E66: 264185 | F66: 73411 | G66: 78585 | H66: =C65 -> 79958
B67: Operating cost ratio | C67: =C70/C48 -> 0.13452515 | D67: =D70/D48 -> 0.15013028 | E67: =E70/E48 -> 0.13314655 | F67: =F70/F48 -> 0.13775387 | G67: =G70/G48 -> 0.12735647 | H67: 0.1305 | I67: 3Q26E 13.05%: FY26 guide "higher end" of 12.8% ±50bp; 1H26 13.25% incl. $400m foundation contribution
B68: Q/Q change (bp) | C68: n/a | D68: =IFERROR((D67-C67)*10000,"n/a") -> 156.05138 | E68: n/a | F68: =IFERROR((F67-D67)*10000,"n/a") -> -123.76414 | G68: =IFERROR((G67-F67)*10000,"n/a") -> -103.97399 | H68: =IFERROR((H67-G67)*10000,"n/a") -> 31.435304
B69: Y/Y change (bp) | C69: =IFERROR((C67-C71/C49)*10000,"n/a") -> 28.052487 | D69: =IFERROR((D67-D71/D49)*10000,"n/a") -> 261.90477 | E69: =IFERROR((E67-E71/E49)*10000,"n/a") -> 7.0609177 | F69: =IFERROR((F67-F71/F49)*10000,"n/a") -> 136.92724 | G69: =IFERROR((G67-G71/G49)*10000,"n/a") -> 39.153859 | H69: =(H67-C67)*10000 -> -40.251456
B70: Operating costs | C70: 15223 | D70: 16997 | E70: 59592 | F70: 15390 | G70: 14268 | H70: =H48*H67 -> 14597.062
B71: Year-ago operating costs (memo) | C71: 13280 | D71: 12494 | E71: 53013 | F71: 13594 | G71: 13778 | H71: =C70 -> 15223
B72: COGS / products revenue | C72: =C75/C24 -> 0.94509627 | D72: =D75/D24 -> 0.94037378 | E72: =E75/E24 -> 0.94895092 | F72: =F75/F24 -> 0.96777358 | G72: =G75/G24 -> 0.96675099 | H72: 0.96 | I72: 3Q26E 96.0% (1H26 96.7%; 3Q25 94.5%)
B73: Q/Q change (bp) | C73: n/a | D73: =IFERROR((D72-C72)*10000,"n/a") -> -47.224932 | E73: n/a | F73: =IFERROR((F72-D72)*10000,"n/a") -> 273.99809 | G73: =IFERROR((G72-F72)*10000,"n/a") -> -10.22591 | H73: =IFERROR((H72-G72)*10000,"n/a") -> -67.509939
B74: Y/Y change (bp) | C74: n/a | D74: n/a | E74: n/a | F74: n/a | G74: n/a | H74: =(H72-C72)*10000 -> 149.0373
B75: Cost of products sold | C75: 12566 | D75: 12680 | E75: 50655 | F75: 12823 | G75: 13375 | H75: =H24*H72 -> 13037.825
B76: Products gross profit | C76: =C24-C75 -> 730 | D76: =D24-D75 -> 804 | E76: =E24-E75 -> 2725 | F76: =F24-F75 -> 427 | G76: =G24-G75 -> 460 | H76: =H24-H75 -> 543.2427
B77: Depreciation and amortization | C77: ='Cash Flow Statement'!C11 -> 1099 | D77: ='Cash Flow Statement'!D11 -> 1117 | E77: ='Cash Flow Statement'!E11 -> 4361 | F77: ='Cash Flow Statement'!F11 -> 1029 | G77: ='Cash Flow Statement'!G11 -> 1040 | H77: 1040 | I77: History linked to Cash Flow Statement (reported YTD); 3Q26E $1,040m (FY26 guide ~$4,400m)
B78: Total operating costs | C78: =C65+C70+C75+C77 -> 108846 | D78: =D65+D70+D75+D77 -> 112835 | E78: =E65+E70+E75+E77 -> 428603 | F78: =F65+F70+F75+F77 -> 102731 | G78: =G65+G70+G75+G77 -> 104041 | H78: =H65+H70+H75+H77 -> 106145.97
B79: Earnings from operations | C79: =C48-C78 -> 4315 | D79: =D48-D78 -> 380 | E79: =E48-E78 -> 18964 | F79: =F48-F78 -> 8990 | G79: =G48-G78 -> 7991 | H79: =H48-H78 -> 5708.9154
B80: Year-ago EFO (memo) | C80: 8708 | D80: 7773 | E80: 32287 | F80: 9119 | G80: 5150 | H80: =C79 -> 4315
B81: % Y/Y | C81: =IFERROR(C79/C80-1,"n/a") -> -0.50447864 | D81: =IFERROR(D79/D80-1,"n/a") -> -0.95111283 | E81: =IFERROR(E79/E80-1,"n/a") -> -0.41264286 | F81: =IFERROR(F79/F80-1,"n/a") -> -0.014146288 | G81: =IFERROR(G79/G80-1,"n/a") -> 0.55165049 | H81: =IFERROR(H79/C79-1,"n/a") -> 0.32303949
B82: % Q/Q | C82: n/a | D82: =IFERROR(D79/C79-1,"n/a") -> -0.91193511 | E82: n/a | F82: =IFERROR(F79/D79-1,"n/a") -> 22.657895 | G82: =IFERROR(G79/F79-1,"n/a") -> -0.11112347 | H82: =IFERROR(H79/G79-1,"n/a") -> -0.28558186 | I82: 1Q26 +2,266% Q/Q is on a depressed positive 4Q25 base ($380m after $2.5bn restructuring) — retained as calculated but distorted
B83: Operating margin | C83: =C79/C48 -> 0.038131512 | D83: =D79/D48 -> 0.0033564457 | E83: =E79/E48 -> 0.04237131 | F83: =F79/F48 -> 0.080468309 | G83: =G79/G48 -> 0.071327835 | H83: =H79/H48 -> 0.051038589
B84: Q/Q change (bp) | C84: n/a | D84: =IFERROR((D83-C83)*10000,"n/a") -> -347.75066 | E84: n/a | F84: =IFERROR((F83-D83)*10000,"n/a") -> 771.11864 | G84: =IFERROR((G83-F83)*10000,"n/a") -> -91.404745 | H84: =IFERROR((H83-G83)*10000,"n/a") -> -202.89246
B85: Y/Y change (bp) | C85: =IFERROR((C83-C80/C49)*10000,"n/a") -> -482.4024 | D85: =IFERROR((D83-D80/D49)*10000,"n/a") -> -737.51295 | E85: =IFERROR((E83-E80/E49)*10000,"n/a") -> -382.90131 | F85: =IFERROR((F83-F80/F49)*10000,"n/a") -> -27.532283 | G85: =IFERROR((G83-G80/G49)*10000,"n/a") -> 251.87497 | H85: =(H83-C83)*10000 -> 129.07077
B86: Check: segment EFO − EFO | C86: ='Segment - UnitedHealthcare'!C258+'Segment - Optum Health'!C93+'Segment - Optum Insight'!C70+'Segment - Optum Rx'!C76-C79 -> 0 | D86: ='Segment - UnitedHealthcare'!D258+'Segment - Optum Health'!D93+'Segment - Optum Insight'!D70+'Segment - Optum Rx'!D76-D79 -> 0 | E86: ='Segment - UnitedHealthcare'!E258+'Segment - Optum Health'!E93+'Segment - Optum Insight'!E70+'Segment - Optum Rx'!E76-E79 -> 0 | F86: ='Segment - UnitedHealthcare'!F258+'Segment - Optum Health'!F93+'Segment - Optum Insight'!F70+'Segment - Optum Rx'!F76-F79 -> 0 | G86: ='Segment - UnitedHealthcare'!G258+'Segment - Optum Health'!G93+'Segment - Optum Insight'!G70+'Segment - Optum Rx'!G76-G79 -> 0 | H86: ='Segment - UnitedHealthcare'!H258+'Segment - Optum Health'!H93+'Segment - Optum Insight'!H70+'Segment - Optum Rx'!H76-H79 -> 0 | I86: 3Q26E (col H): identity by construction (residual-defined line) — not independent evidence; excluded from Cover!C32
B87: Interest expense | C87: -1003 | D87: -974 | E87: -4002 | F87: -955 | G87: -962 | H87: -945 | I87: 3Q26E -$945m (debt down $5.1bn since Dec-25; CapIQ consensus -$943m)
B88: Loss on sale / held for sale | C88: =-'Cash Flow Statement'!C14 -> -83 | D88: =-'Cash Flow Statement'!D14 -> -126 | E88: =-'Cash Flow Statement'!E14 -> -265 | F88: =-'Cash Flow Statement'!F14 -> -72 | G88: =-'Cash Flow Statement'!G14 -> -61 | H88: -60 | I88: 3Q26E -$60m South American held-for-sale losses (1Q26 -$72m, 2Q26 -$61m)
B89: Earnings before taxes | C89: =C79+C87+C88 -> 3229 | D89: =D79+D87+D88 -> -720 | E89: =E79+E87+E88 -> 14697 | F89: =F79+F87+F88 -> 7963 | G89: =G79+G87+G88 -> 6968 | H89: =H79+H87+H88 -> 4703.9154
B90: Pre-tax margin | C90: =C89/C48 -> 0.028534566 | D90: =D89/D48 -> -0.0063595813 | E90: =E89/E48 -> 0.032837542 | F90: =F89/F48 -> 0.071275767 | G90: =G89/G48 -> 0.062196515 | H90: =H89/H48 -> 0.042053733
B91: Q/Q change (bp) | C91: n/a | D91: =IFERROR((D90-C90)*10000,"n/a") -> -348.94147 | E91: n/a | F91: =IFERROR((F90-D90)*10000,"n/a") -> 776.35349 | G91: =IFERROR((G90-F90)*10000,"n/a") -> -90.79252 | H91: =IFERROR((H90-G90)*10000,"n/a") -> -201.42782
B92: Y/Y change (bp) | C92: n/a | D92: n/a | E92: n/a | F92: n/a | G92: n/a | H92: =(H90-C90)*10000 -> 135.19167
B93: Effective tax rate | C93: =IF(C89<=0,"n/m",IFERROR(-C96/C89,"n/a")) -> 0.21244967 | D93: =IF(D89<=0,"n/m",IFERROR(-D96/D89,"n/a")) -> n/m | E93: =IF(E89<=0,"n/m",IFERROR(-E96/E89,"n/a")) -> 0.12859767 | F93: =IF(F89<=0,"n/m",IFERROR(-F96/F89,"n/a")) -> 0.18611076 | G93: =IF(G89<=0,"n/m",IFERROR(-G96/G89,"n/a")) -> 0.18628014 | H93: 0.185 | I93: 3Q26E 18.5% (FY26 guide ~18.5%); n/m where EBT ≤ 0 (4Q25: tax benefit on pre-tax loss) and for bp changes involving an n/m rate
B94: Q/Q change (bp) | C94: n/a | D94: =IF(OR(ISTEXT(D93),ISTEXT(C93)),"n/m",(D93-C93)*10000) -> n/m | E94: n/a | F94: =IF(OR(ISTEXT(F93),ISTEXT(D93)),"n/m",(F93-D93)*10000) -> n/m | G94: =IF(OR(ISTEXT(G93),ISTEXT(F93)),"n/m",(G93-F93)*10000) -> 1.693755 | H94: =IF(OR(ISTEXT(H93),ISTEXT(G93)),"n/m",(H93-G93)*10000) -> -12.801378
B95: Y/Y change (bp) | C95: n/a | D95: n/a | E95: n/a | F95: n/a | G95: n/a | H95: =(H93-C93)*10000 -> -274.49675
B96: Income tax provision | C96: -686 | D96: 938 | E96: -1890 | F96: -1482 | G96: -1298 | H96: =-H89*H93 -> -870.22435
B97: Net earnings | C97: =C89+C96 -> 2543 | D97: =D89+D96 -> 218 | E97: =E89+E96 -> 12807 | F97: =F89+F96 -> 6481 | G97: =G89+G96 -> 5670 | H97: =H89+H96 -> 3833.691
B98: Noncontrolling interests | C98: -195 | D98: -208 | E98: -751 | F98: -201 | G98: -186 | H98: -190 | I98: 3Q26E -$190m (1Q26 -$201m, 2Q26 -$186m)
B99: Net earnings to UNH common | C99: =C97+C98 -> 2348 | D99: =D97+D98 -> 10 | E99: =E97+E98 -> 12056 | F99: =F97+F98 -> 6280 | G99: =G97+G98 -> 5484 | H99: =H97+H98 -> 3643.691
B100: Year-ago NI to common (memo) | C100: 6055 | D100: 5543 | E100: 14405 | F100: 6292 | G100: 3406 | H100: =C99 -> 2348
B101: % Y/Y | C101: =IFERROR(C99/C100-1,"n/a") -> -0.6122213 | D101: =IFERROR(D99/D100-1,"n/a") -> -0.99819592 | E101: =IFERROR(E99/E100-1,"n/a") -> -0.16306838 | F101: =IFERROR(F99/F100-1,"n/a") -> -0.0019071837 | G101: =IFERROR(G99/G100-1,"n/a") -> 0.61009982 | H101: =IFERROR(H99/C99-1,"n/a") -> 0.55182753
B102: Net margin | C102: =C99/C48 -> 0.020749198 | D102: =D99/D48 -> 8.8327518e-05 | E102: =E99/E48 -> 0.026936749 | F102: =F99/F48 -> 0.056211455 | G102: =G99/G48 -> 0.0489503 | H102: =H99/H48 -> 0.032575163
B103: Q/Q change (bp) | C103: n/a | D103: =IFERROR((D102-C102)*10000,"n/a") -> -206.60871 | E103: n/a | F103: =IFERROR((F102-D102)*10000,"n/a") -> 561.23128 | G103: =IFERROR((G102-F102)*10000,"n/a") -> -72.611554 | H103: =IFERROR((H102-G102)*10000,"n/a") -> -163.75137
...

Sheet Balance Sheet
B2: UnitedHealth Group Incorporated (NYSE: UNH)
B3: Balance Sheet
B4: $ millions, except per share
B5: Period | C5: 3Q25A | D5: 4Q25A | E5: FY25A | F5: 1Q26A | G5: 2Q26A | H5: 3Q26E | I5: Notes
B6: Period end | C6: =DATE(2025,9,30) -> 45930 | D6: =DATE(2025,12,31) -> 46022 | E6: =DATE(2025,12,31) -> 46022 | F6: =DATE(2026,3,31) -> 46112 | G6: =DATE(2026,6,30) -> 46203 | H6: =DATE(2026,9,30) -> 46295
B7: Days in period | C7: =C6-DATE(2025,6,30) -> 92 | D7: =D6-C6 -> 92 | E7: =E6-DATE(2024,12,31) -> 365 | F7: =F6-D6 -> 90 | G7: =G6-F6 -> 91 | H7: =H6-G6 -> 92
B9: Assets ($ millions)
B10: Cash and cash equivalents | C10: 27210 | D10: 24365 | E10: =D10 -> 24365 | F10: 28001 | G10: 28585 | H10: ='Cash Flow Statement'!H40 -> 23461.795 | I10: S4, S8, S10 balance sheets; FY25A = 4Q25A; 3Q26E from Cash Flow Statement
B11: Short-term investments | C11: 3404 | D11: 3756 | E11: =D11 -> 3756 | F11: 3228 | G11: 2883 | H11: =G11 -> 2883
B12: Accounts receivable, net | C12: 22672 | D12: 23018 | E12: =D12 -> 23018 | F12: 26587 | G12: 21573 | H12: =G12 -> 21573
B13: Other current receivables, net | C13: 32762 | D13: 29697 | E13: =D13 -> 29697 | F13: 24588 | G13: 24722 | H13: =G13-'Cash Flow Statement'!H24 -> 24672
B14: Prepaid and other current | C14: 9019 | D14: 9746 | E14: =D14 -> 9746 | F14: 8723 | G14: 9097 | H14: =G14 -> 9097
B15: Total current assets | C15: =C10+C11+C12+C13+C14 -> 95067 | D15: =D10+D11+D12+D13+D14 -> 90582 | E15: =E10+E11+E12+E13+E14 -> 90582 | F15: =F10+F11+F12+F13+F14 -> 91127 | G15: =G10+G11+G12+G13+G14 -> 86860 | H15: =H10+H11+H12+H13+H14 -> 81686.795
B16: Long-term investments | C16: 52996 | D16: 54251 | E16: =D16 -> 54251 | F16: 56788 | G16: 57716 | H16: =G16-'Cash Flow Statement'!H20 -> 58216
B17: PP&E and software, net | C17: 11104 | D17: 10762 | E17: =D17 -> 10762 | F17: 10667 | G17: 10762 | H17: =G17-'Cash Flow Statement'!H21-('Income Statement'!H77-'Income Statement'!H121) -> 11155
B18: Goodwill | C18: 110340 | D18: 110499 | E18: =D18 -> 110499 | F18: 110512 | G18: 110645 | H18: =G18-'Cash Flow Statement'!H22 -> 110645
B19: Other intangible assets, net | C19: 22785 | D19: 20474 | E19: =D19 -> 20474 | F19: 20093 | G19: 19749 | H19: =G19-'Income Statement'!H121 -> 19416
B20: Other assets | C20: 22977 | D20: 23013 | E20: =D20 -> 23013 | F20: 23457 | G20: 23995 | H20: =G20+'Income Statement'!H88-'Cash Flow Statement'!H25-'Cash Flow Statement'!H12 -> 23935
B21: Total assets | C21: =C15+C16+C17+C18+C19+C20 -> 315269 | D21: =D15+D16+D17+D18+D19+D20 -> 309581 | E21: =E15+E16+E17+E18+E19+E20 -> 309581 | F21: =F15+F16+F17+F18+F19+F20 -> 312644 | G21: =G15+G16+G17+G18+G19+G20 -> 309727 | H21: =H15+H16+H17+H18+H19+H20 -> 305053.8
B22: Total assets reported (memo) | C22: 315269 | D22: 309581 | E22: =D22 -> 309581 | F22: 312644 | G22: 309727
B23: Check: total assets − reported | C23: =C21-C22 -> 0 | D23: =D21-D22 -> 0 | E23: =E21-E22 -> 0 | F23: =F21-F22 -> 0 | G23: =G21-G22 -> 0 | H23: n/a
B25: Liabilities ($ millions)
B26: Medical costs payable | C26: 40181 | D26: 39337 | E26: =D26 -> 39337 | F26: 39659 | G26: 38930 | H26: =G26 -> 38930
B27: AP and accrued liabilities | C27: 36033 | D27: 38032 | E27: =D27 -> 38032 | F27: 38631 | G27: 39741 | H27: =G27+'Cash Flow Statement'!H15 -> 37041 | I27: 3Q26E: net operating working-capital change allocated here (simplification)
B28: Short-term debt & current LTD | C28: 7737 | D28: 6069 | E28: =D28 -> 6069 | F28: 6477 | G28: 3827 | H28: =G28 -> 3827
B29: Unearned revenues | C29: 3366 | D29: 3413 | E29: =D29 -> 3413 | F29: 3419 | G29: 2986 | H29: =G29 -> 2986
B30: Other current liabilities | C30: 28209 | D30: 28046 | E30: =D30 -> 28046 | F30: 25938 | G30: 26336 | H30: =G30-'Share Count'!H18 -> 24336 | I30: 3Q26E: $2.0bn forward-repurchase liability settled Jul-1-2026
B31: Total current liabilities | C31: =C26+C27+C28+C29+C30 -> 115526 | D31: =D26+D27+D28+D29+D30 -> 114897 | E31: =E26+E27+E28+E29+E30 -> 114897 | F31: =F26+F27+F28+F29+F30 -> 114124 | G31: =G26+G27+G28+G29+G30 -> 111820 | H31: =H26+H27+H28+H29+H30 -> 107120
B32: Long-term debt | C32: 72399 | D32: 72320 | E32: =D32 -> 72320 | F32: 71440 | G32: 69501 | H32: =G32+'Cash Flow Statement'!H31 -> 68501
B33: Deferred income taxes | C33: 3162 | D33: 2421 | E33: =D33 -> 2421 | F33: 2864 | G33: 2722 | H33: =G33 -> 2722
B34: Other liabilities | C34: 18369 | D34: 18245 | E34: =D34 -> 18245 | F34: 18897 | G34: 19735 | H34: =G34 -> 19735
B35: Total liabilities | C35: =C31+C32+C33+C34 -> 209456 | D35: =D31+D32+D33+D34 -> 207883 | E35: =E31+E32+E33+E34 -> 207883 | F35: =F31+F32+F33+F34 -> 207325 | G35: =G31+G32+G33+G34 -> 203778 | H35: =H31+H32+H33+H34 -> 198078
B36: Redeemable NCI | C36: 4244 | D36: 1608 | E36: =D36 -> 1608 | F36: 1424 | G36: 1436 | H36: =G36 -> 1436
B38: Equity ($ millions)
B39: Common stock | C39: 9 | D39: 9 | E39: =D39 -> 9 | F39: 9 | G39: 9 | H39: =G39 -> 9
B40: Additional paid-in capital | C40: 394 | D40: 559 | E40: =D40 -> 559 | F40: 556 | G40: 0 | H40: =G40 -> 0
B41: Retained earnings | C41: 97595 | D41: 95603 | E41: =D41 -> 95603 | F41: 99878 | G41: 100957 | H41: =G41+'Income Statement'!H99+'Cash Flow Statement'!H30+('Cash Flow Statement'!H29+'Share Count'!H18)+'Cash Flow Statement'!H13 -> 101993.8 | I41: 3Q26E: + NI − dividends − new repurchases (ex forward already charged in 2Q26) + SBC (simplification)
B42: AOCI | C42: -2211 | D42: -2061 | E42: =D42 -> -2061 | F42: -2562 | G42: -2519 | H42: =G42 -> -2519
B43: Nonredeemable NCI | C43: 5782 | D43: 5980 | E43: =D43 -> 5980 | F43: 6014 | G43: 6066 | H43: =G43-'Income Statement'!H98+'Cash Flow Statement'!H32 -> 6056 | I43: 3Q26E: + NCI earnings + other financing (NCI distributions)
B44: Total equity | C44: =C39+C40+C41+C42+C43 -> 101569 | D44: =D39+D40+D41+D42+D43 -> 100090 | E44: =E39+E40+E41+E42+E43 -> 100090 | F44: =F39+F40+F41+F42+F43 -> 103895 | G44: =G39+G40+G41+G42+G43 -> 104513 | H44: =H39+H40+H41+H42+H43 -> 105539.8
B45: Total liabilities & equity | C45: =C35+C36+C44 -> 315269 | D45: =D35+D36+D44 -> 309581 | E45: =E35+E36+E44 -> 309581 | F45: =F35+F36+F44 -> 312644 | G45: =G35+G36+G44 -> 309727 | H45: =H35+H36+H44 -> 305053.8
B46: Check: A − L − E | C46: =ROUND(C21-C35-C36-C44,6) -> 0 | D46: =ROUND(D21-D35-D36-D44,6) -> 0 | E46: =ROUND(E21-E35-E36-E44,6) -> 0 | F46: =ROUND(F21-F35-F36-F44,6) -> 0 | G46: =ROUND(G21-G35-G36-G44,6) -> 0 | H46: =ROUND(H21-H35-H36-H44,6) -> 0
B48: Balance sheet metrics
B49: Total debt | C49: =C28+C32 -> 80136 | D49: =D28+D32 -> 78389 | E49: =E28+E32 -> 78389 | F49: =F28+F32 -> 77917 | G49: =G28+G32 -> 73328 | H49: =H28+H32 -> 72328
B50: Debt-to-capital ratio | C50: =C49/(C49+C44) -> 0.44102254 | D50: =D49/(D49+D44) -> 0.43920573 | E50: =E49/(E49+E44) -> 0.43920573 | F50: =F49/(F49+F44) -> 0.42855807 | G50: =G49/(G49+G44) -> 0.41232337 | H50: =H49/(H49+H44) -> 0.4066391 | I50: Issuer reports 44.1% (3Q25), 43.9% (4Q25), 42.9% (1Q26), 41.2% (2Q26)
B51: Q/Q change (bp) | C51: n/a | D51: =IFERROR((D50-C50)*10000,"n/a") -> -18.168036 | E51: n/a | F51: =IFERROR((F50-D50)*10000,"n/a") -> -106.47662 | G51: =IFERROR((G50-F50)*10000,"n/a") -> -162.34703 | H51: =IFERROR((H50-G50)*10000,"n/a") -> -56.84268
B52: Y/Y change (bp) | C52: n/a | D52: n/a | E52: n/a | F52: n/a | G52: n/a | H52: =(H50-C50)*10000 -> -343.83437
B53: Days claims payable | C53: =C26/('Income Statement'!C65/C7) -> 46.232422 | D53: =D26/('Income Statement'!D65/D7) -> 44.112139 | E53: =E26/('Income Statement'!E65/E7) -> 45.726859 | F53: =F26/('Income Statement'!F65/F7) -> 48.56931 | G53: =G26/('Income Statement'!G65/G7) -> 47.010669 | H53: =H26/('Income Statement'!H65/H7) -> 46.230928 | I53: Issuer reports 46.2 (3Q25), 44.1 (4Q25), 48.6 (1Q26), 47.0 (2Q26)
B54: Q/Q change (abs) | C54: n/a | D54: =IFERROR(D53-C53,"n/a") -> -2.120283 | E54: n/a | F54: =IFERROR(F53-D53,"n/a") -> 4.4571706 | G54: =IFERROR(G53-F53,"n/a") -> -1.5586406 | H54: =IFERROR(H53-G53,"n/a") -> -0.77974066
B55: Y/Y change (abs, days) | C55: n/a | D55: n/a | E55: n/a | F55: n/a | G55: n/a | H55: =H53-C53 -> -0.001493607
B56: Net debt | C56: =C49-C10-C11 -> 49522 | D56: =D49-D10-D11 -> 50268 | E56: =E49-E10-E11 -> 50268 | F56: =F49-F10-F11 -> 46688 | G56: =G49-G10-G11 -> 41860 | H56: =H49-H10-H11 -> 45983.205

Sheet Cash Flow Statement
B2: UnitedHealth Group Incorporated (NYSE: UNH)
B3: Cash Flow Statement
B4: $ millions, except per share
B5: Period | C5: 3Q25A | D5: 4Q25A | E5: FY25A | F5: 1Q26A | G5: 2Q26A | H5: 3Q26E | I5: Notes
B6: Period end | C6: =DATE(2025,9,30) -> 45930 | D6: =DATE(2025,12,31) -> 46022 | E6: =DATE(2025,12,31) -> 46022 | F6: =DATE(2026,3,31) -> 46112 | G6: =DATE(2026,6,30) -> 46203 | H6: =DATE(2026,9,30) -> 46295
B7: Days in period | C7: =C6-DATE(2025,6,30) -> 92 | D7: =D6-C6 -> 92 | E7: =E6-DATE(2024,12,31) -> 365 | F7: =F6-D6 -> 90 | G7: =G6-F6 -> 91 | H7: =H6-G6 -> 92
B9: Operating activities ($ millions)
B10: Net earnings | C10: =Inputs!E147-Inputs!D147 -> 2543 | D10: =Inputs!F147-Inputs!E147 -> 218 | E10: =Inputs!F147 -> 12807 | F10: =Inputs!G147 -> 6481 | G10: =Inputs!H147-Inputs!G147 -> 5670 | H10: ='Income Statement'!H97 -> 3833.691
B11: Depreciation and amortization | C11: =Inputs!E148-Inputs!D148 -> 1099 | D11: =Inputs!F148-Inputs!E148 -> 1117 | E11: =Inputs!F148 -> 4361 | F11: =Inputs!G148 -> 1029 | G11: =Inputs!H148-Inputs!G148 -> 1040 | H11: ='Income Statement'!H77 -> 1040
B12: Deferred taxes and other | C12: =Inputs!E149-Inputs!D149 -> -995 | D12: =Inputs!F149-Inputs!E149 -> -34 | E12: =Inputs!F149 -> -989 | F12: =Inputs!G149 -> 236 | G12: =Inputs!H149-Inputs!G149 -> -60 | H12: 0
B13: Share-based compensation | C13: =Inputs!E150-Inputs!D150 -> 223 | D13: =Inputs!F150-Inputs!E150 -> 176 | E13: =Inputs!F150 -> 971 | F13: =Inputs!G150 -> 348 | G13: =Inputs!H150-Inputs!G150 -> 276 | H13: 290 | I13: 3Q26E $290m (1H26 $624m)
B14: Loss on sale / held for sale | C14: =Inputs!E151-Inputs!D151 -> 83 | D14: =Inputs!F151-Inputs!E151 -> 126 | E14: =Inputs!F151 -> 265 | F14: =Inputs!G151 -> 72 | G14: =Inputs!H151-Inputs!G151 -> 61 | H14: =-'Income Statement'!H88 -> 60
B15: Working capital change | C15: =Inputs!E152-Inputs!D152 -> 2992 | D15: =Inputs!F152-Inputs!E152 -> -495 | E15: =Inputs!F152 -> 2282 | F15: =Inputs!G152 -> 746 | G15: =Inputs!H152-Inputs!G152 -> 4065 | H15: -2700 | I15: 3Q26E -$2.7bn: reversal of 2Q26 government-payment timing; FY26 CFO guide ~$24bn vs 1H $19,964m
B16: Operating cash flow (CFO) | C16: =C10+C11+C12+C13+C14+C15 -> 5945 | D16: =D10+D11+D12+D13+D14+D15 -> 1108 | E16: =E10+E11+E12+E13+E14+E15 -> 19697 | F16: =F10+F11+F12+F13+F14+F15 -> 8912 | G16: =G10+G11+G12+G13+G14+G15 -> 11052 | H16: =H10+H11+H12+H13+H14+H15 -> 2523.691 | I16: History: quarterly = YTD differences of reported statements (Inputs YTD block)
B17: Check: CFO − reported | C17: =C16-(Inputs!E153-Inputs!D153) -> 0 | D17: =D16-(Inputs!F153-Inputs!E153) -> 0 | E17: =E16-(Inputs!F153) -> 0 | F17: =F16-(Inputs!G153) -> 0 | G17: =G16-(Inputs!H153-Inputs!G153) -> 0 | H17: n/a
B18: CFO / net earnings (x) | C18: =IFERROR(C16/C10,"n/a") -> 2.33779 | D18: =IFERROR(D16/D10,"n/a") -> 5.0825688 | E18: =IFERROR(E16/E10,"n/a") -> 1.537987 | F18: =IFERROR(F16/F10,"n/a") -> 1.3750964 | G18: =IFERROR(G16/G10,"n/a") -> 1.9492063 | H18: =IFERROR(H16/H10,"n/a") -> 0.65829276
B19: Investing activities ($ millions)
B20: Investments, net | C20: =Inputs!E154-Inputs!D154 -> 330 | D20: =Inputs!F154-Inputs!E154 -> -1296 | E20: =Inputs!F154 -> 361 | F20: =Inputs!G154 -> -2352 | G20: =Inputs!H154-Inputs!G154 -> -399 | H20: -500 | I20: 3Q26E -$500m net purchases (assumption)
B21: Capital expenditures | C21: =Inputs!E155-Inputs!D155 -> -890 | D21: =Inputs!F155-Inputs!E155 -> -948 | E21: =Inputs!F155 -> -3622 | F21: =Inputs!G155 -> -763 | G21: =Inputs!H155-Inputs!G155 -> -799 | H21: -1100 | I21: 3Q26E -$1,100m (FY26 capex guide ~$3,800m; 1H $1,562m)
B22: Acquisitions, net | C22: =Inputs!E156-Inputs!D156 -> -3702 | D22: =Inputs!F156-Inputs!E156 -> -73 | E22: =Inputs!F156 -> -4509 | F22: =Inputs!G156 -> 0 | G22: =Inputs!H156-Inputs!G156 -> -98 | H22: 0 | I22: Alegeus closed Jul-2-2026; consideration not disclosed — not modeled
B23: Care provider loans | C23: =Inputs!E157-Inputs!D157 -> 0 | D23: =Inputs!F157-Inputs!E157 -> 0 | E23: =Inputs!F157 -> 0 | F23: =Inputs!G157 -> 0 | G23: =Inputs!H157-Inputs!G157 -> 0 | H23: 0
B24: Care provider loan repayments | C24: =Inputs!E158-Inputs!D158 -> 250 | D24: =Inputs!F158-Inputs!E158 -> 137 | E24: =Inputs!F158 -> 1680 | F24: =Inputs!G158 -> 82 | G24: =Inputs!H158-Inputs!G158 -> 115 | H24: 50
B25: Other investing, net | C25: =Inputs!E159-Inputs!D159 -> -546 | D25: =Inputs!F159-Inputs!E159 -> -431 | E25: =Inputs!F159 -> -2595 | F25: =Inputs!G159 -> 586 | G25: =Inputs!H159-Inputs!G159 -> -617 | H25: 0
B26: Investing cash flow | C26: =C20+C21+C22+C23+C24+C25 -> -4558 | D26: =D20+D21+D22+D23+D24+D25 -> -2611 | E26: =E20+E21+E22+E23+E24+E25 -> -8685 | F26: =F20+F21+F22+F23+F24+F25 -> -2447 | G26: =G20+G21+G22+G23+G24+G25 -> -1798 | H26: =H20+H21+H22+H23+H24+H25 -> -1550
B27: Check: CFI − reported | C27: =C26-(Inputs!E160-Inputs!D160) -> 0 | D27: =D26-(Inputs!F160-Inputs!E160) -> 0 | E27: =E26-(Inputs!F160) -> 0 | F27: =F26-(Inputs!G160) -> 0 | G27: =G26-(Inputs!H160-Inputs!G160) -> 0 | H27: n/a
B28: Financing activities ($ millions)
B29: Common share repurchases | C29: =Inputs!E161-Inputs!D161 -> 0 | D29: =Inputs!F161-Inputs!E161 -> 0 | E29: =Inputs!F161 -> -5545 | F29: =Inputs!G161 -> 0 | G29: =Inputs!H161-Inputs!G161 -> -1646 | H29: =-'Share Count'!H19 -> -2814
B30: Dividends paid | C30: =Inputs!E162-Inputs!D162 -> -2002 | D30: =Inputs!F162-Inputs!E162 -> -2002 | E30: =Inputs!F162 -> -7916 | F30: =Inputs!G162 -> -2005 | G30: =Inputs!H162-Inputs!G162 -> -2087 | H30: =-'Share Count'!H34 -> -2082.896
B31: Net change in debt | C31: =Inputs!E163-Inputs!D163 -> 872 | D31: =Inputs!F163-Inputs!E163 -> -1712 | E31: =Inputs!F163 -> 726 | F31: =Inputs!G163 -> -400 | G31: =Inputs!H163-Inputs!G163 -> -4413 | H31: -1000 | I31: 3Q26E -$1.0bn toward ~40% debt-to-capital target by YE26
B32: Other financing, net | C32: =Inputs!E164-Inputs!D164 -> -1635 | D32: =Inputs!F164-Inputs!E164 -> 2683 | E32: =Inputs!F164 -> 1091 | F32: =Inputs!G164 -> -587 | G32: =Inputs!H164-Inputs!G164 -> -477 | H32: -200 | I32: 3Q26E -$200m (NCI distributions, other)
B33: Financing cash flow | C33: =C29+C30+C31+C32 -> -2765 | D33: =D29+D30+D31+D32 -> -1031 | E33: =E29+E30+E31+E32 -> -11644 | F33: =F29+F30+F31+F32 -> -2992 | G33: =G29+G30+G31+G32 -> -8623 | H33: =H29+H30+H31+H32 -> -6096.896
B34: Check: CFF − reported | C34: =C33-(Inputs!E165-Inputs!D165) -> 0 | D34: =D33-(Inputs!F165-Inputs!E165) -> 0 | E34: =E33-(Inputs!F165) -> 0 | F34: =F33-(Inputs!G165) -> 0 | G34: =G33-(Inputs!H165-Inputs!G165) -> 0 | H34: n/a
B35: FX effect | C35: =Inputs!E166-Inputs!D166 -> -4 | D35: =Inputs!F166-Inputs!E166 -> 15 | E35: =Inputs!F166 -> 40 | F35: =Inputs!G166 -> -7 | G35: =Inputs!H166-Inputs!G166 -> 4 | H35: 0
B36: Change in cash incl. HFS | C36: =C16+C26+C33+C35 -> -1382 | D36: =D16+D26+D33+D35 -> -2519 | E36: =E16+E26+E33+E35 -> -592 | F36: =F16+F26+F33+F35 -> 3466 | G36: =G16+G26+G33+G35 -> 635 | H36: =H16+H26+H33+H35 -> -5123.205
B37: Less: cash in HFS businesses | C37: =Inputs!E168-Inputs!D168 -> -4 | D37: =Inputs!F168-Inputs!E168 -> -326 | E37: =Inputs!F168 -> -355 | F37: =Inputs!G168 -> 170 | G37: =Inputs!H168-Inputs!G168 -> -51 | H37: 0
B38: Net change in cash | C38: =C36+C37 -> -1386 | D38: =D36+D37 -> -2845 | E38: =E36+E37 -> -947 | F38: =F36+F37 -> 3636 | G38: =G36+G37 -> 584 | H38: =H36+H37 -> -5123.205
B39: Cash, beginning of period | C39: =Inputs!D171 -> 28596 | D39: ='Balance Sheet'!C10 -> 27210 | E39: =Inputs!F170 -> 25312 | F39: ='Balance Sheet'!D10 -> 24365 | G39: ='Balance Sheet'!F10 -> 28001 | H39: ='Balance Sheet'!G10 -> 28585 | I39: Prior period-end balance sheet cash (3Q25 opening = Jun-30-2025 per 6M25 statement)
B40: Cash, end of period | C40: =C39+C38 -> 27210 | D40: =D39+D38 -> 24365 | E40: =E39+E38 -> 24365 | F40: =F39+F38 -> 28001 | G40: =G39+G38 -> 28585 | H40: =H39+H38 -> 23461.795
B41: Check: cash − Balance Sheet | C41: =ROUND(C40-'Balance Sheet'!C10,6) -> 0 | D41: =ROUND(D40-'Balance Sheet'!D10,6) -> 0 | E41: =ROUND(E40-'Balance Sheet'!E10,6) -> 0 | F41: =ROUND(F40-'Balance Sheet'!F10,6) -> 0 | G41: =ROUND(G40-'Balance Sheet'!G10,6) -> 0 | H41: =ROUND(H40-'Balance Sheet'!H10,6) -> 0 | I41: 3Q26E (col H): identity (Balance Sheet H10 links to CF H40) — excluded from Cover!C32; C:G compare to reported balance sheet cash
B42: Check: cash − reported | C42: =C40-Inputs!E171 -> 0 | D42: =D40-Inputs!F171 -> 0 | E42: =E40-Inputs!F171 -> 0 | F42: =F40-Inputs!G171 -> 0 | G42: =G40-Inputs!H171 -> 0 | H42: n/a
B44: Free cash flow ($ millions)
B45: FCF (CFO − capex), non-issuer | C45: =C16+C21 -> 5055 | D45: =D16+D21 -> 160 | E45: =E16+E21 -> 16075 | F45: =F16+F21 -> 8149 | G45: =G16+G21 -> 10253 | H45: =H16+H21 -> 1423.691 | I45: UNH does not report an issuer-defined free cash flow measure
B46: FCF / NI to common (x) | C46: =IFERROR(C45/'Income Statement'!C99,"n/a") -> 2.1528961 | D46: =IFERROR(D45/'Income Statement'!D99,"n/a") -> 16 | E46: =IFERROR(E45/'Income Statement'!E99,"n/a") -> 1.333361 | F46: =IFERROR(F45/'Income Statement'!F99,"n/a") -> 1.2976115 | G46: =IFERROR(G45/'Income Statement'!G99,"n/a") -> 1.8696207 | H46: =IFERROR(H45/'Income Statement'!H99,"n/a") -> 0.39072771
B47: Capex % of revenue | C47: =-C21/'Income Statement'!C48 -> 0.0078649005 | D47: =-D21/'Income Statement'!D48 -> 0.0083734487 | E47: =-E21/'Income Statement'!E48 -> 0.0080926431 | F47: =-F21/'Income Statement'!F48 -> 0.0068295128 | G47: =-G21/'Income Statement'!G48 -> 0.0071318909 | H47: =-H21/'Income Statement'!H48 -> 0.0098341705
B48: Q/Q change (bp) | C48: n/a | D48: =IFERROR((D47-C47)*10000,"n/a") -> 5.085483 | E48: n/a | F48: =IFERROR((F47-D47)*10000,"n/a") -> -15.439359 | G48: =IFERROR((G47-F47)*10000,"n/a") -> 3.0237808 | H48: =IFERROR((H47-G47)*10000,"n/a") -> 27.022797
B49: Y/Y change (bp) | C49: n/a | D49: n/a | E49: n/a | F49: n/a | G49: n/a | H49: =(H47-C47)*10000 -> 19.692701

Sheet Share Count
B2: UnitedHealth Group Incorporated (NYSE: UNH)
B3: Share Count
B4: $ millions, except per share
B5: Period | C5: 3Q25A | D5: 4Q25A | E5: FY25A | F5: 1Q26A | G5: 2Q26A | H5: 3Q26E | I5: Notes
B6: Period end | C6: =DATE(2025,9,30) -> 45930 | D6: =DATE(2025,12,31) -> 46022 | E6: =DATE(2025,12,31) -> 46022 | F6: =DATE(2026,3,31) -> 46112 | G6: =DATE(2026,6,30) -> 46203 | H6: =DATE(2026,9,30) -> 46295
B7: Days in period | C7: =C6-DATE(2025,6,30) -> 92 | D7: =D6-C6 -> 92 | E7: =E6-DATE(2024,12,31) -> 365 | F7: =F6-D6 -> 90 | G7: =G6-F6 -> 91 | H7: =H6-G6 -> 92
B9: Share count ladder (millions)
B10: Shares outstanding – opening | C10: n/d | D10: =C14 -> 906 | E10: 915 | F10: =D14 -> 906 | G10: =F14 -> 908 | H10: =G14 -> 905 | I10: Balance sheet issued & outstanding (S4, S8, S10); Jun-30-2025 count not in fetched filings (n/d); FY25 opening = Dec-31-2024 (915, S4)
B11: Less: forward-contract shares | C11: n/a | D11: n/a | E11: n/a | F11: n/a | G11: n/a | H11: 6.4 | I11: 6.4m shares at $312.73, settled Jul-1-2026 (S10 Note 6)
B12: Shares repurchased (open market) | C12: 0 | D12: 0 | E12: 12.1 | F12: 0 | G12: 4.1 | H12: 2.2 | I12: 9M25 12.1m (all 1H25; no 3Q25/4Q25 cash repurchases, S4, S6); 1Q26 none (cash $0, S7); 2Q26 = 1H26 10.5m less 6.4m forward (S10); 3Q26E 2.2m assumption (0.9m to mid-July per S11 + ~$0.5bn)
B13: Shares issued (employee plans) | C13: =IFERROR(C14-C10+C12,"n/d") -> n/d | D13: =IFERROR(D14-D10+D12,"n/d") -> 0 | E13: =IFERROR(E14-E10+E12,"n/d") -> 3.1 | F13: =IFERROR(F14-F10+F12,"n/d") -> 2 | G13: =IFERROR(G14-G10+G12,"n/d") -> 1.1 | H13: 0.6
B14: Shares outstanding – closing | C14: 906 | D14: 906 | E14: =D14 -> 906 | F14: 908 | G14: 905 | H14: =H10-H11-H12+H13 -> 897 | I14: Jul-31-2026 cover count 897.6m (S10)
B15: Q/Q change (abs) | C15: n/a | D15: =IFERROR(D14-C14,"n/a") -> 0 | E15: n/a | F15: =IFERROR(F14-D14,"n/a") -> 2 | G15: =IFERROR(G14-F14,"n/a") -> -3 | H15: =IFERROR(H14-G14,"n/a") -> -8
B16: Y/Y change (%) | C16: n/a | D16: n/a | E16: n/a | F16: n/a | G16: n/a | H16: =H14/C14-1 -> -0.0099337748
B17: Avg. repurchase price ($) | C17: n/a | D17: n/a | E17: 454.82 | F17: n/a | G17: n/d | H17: 370 | I17: 3Q26E $370 assumption (Oct-9 close $379.30); FY25A $454.82 = issuer-disclosed 9M25 average price on ~12.1m shares (Q3 2025 10-Q, S4). Differs from cash ÷ shares (5,545 ÷ 12.1 = 458.26) because cash paid (CF) and the rounded share count are a different basis; sourced value retained
B18: Forward settlement cash ($m) | C18: n/a | D18: n/a | E18: n/a | F18: n/a | G18: n/a | H18: 2000 | I18: $2.0bn liability paid Jul-1-2026 (S10)
B19: Total repurchase cash ($m) | C19: =-'Cash Flow Statement'!C29 -> 0 | D19: =-'Cash Flow Statement'!D29 -> 0 | E19: =-'Cash Flow Statement'!E29 -> 5545 | F19: =-'Cash Flow Statement'!F29 -> 0 | G19: =-'Cash Flow Statement'!G29 -> 1646 | H19: =H18+H12*H17 -> 2814 | I19: History links to Cash Flow Statement; 3Q26E feeds Cash Flow Statement
B21: Weighted-average shares (millions)
B22: Basic wtd. avg. shares | C22: 906 | D22: n/d | E22: 908 | F22: 908 | G22: 902 | H22: =AVERAGE(H10-H11,H14) -> 897.8 | I22: S4, S6, S8, S10; 4Q25 basic not separately disclosed; 3Q26E = average of opening (ex-forward) and closing
B23: Q/Q change (abs) | C23: n/a | D23: =IFERROR(D22-C22,"n/a") -> n/a | E23: n/a | F23: =IFERROR(F22-D22,"n/a") -> n/a | G23: =IFERROR(G22-F22,"n/a") -> -6 | H23: =IFERROR(H22-G22,"n/a") -> -4.2
B24: Y/Y change (%) | C24: n/a | D24: n/a | E24: n/a | F24: n/a | G24: n/a | H24: =H22/C22-1 -> -0.0090507726
B25: Dilutive effect | C25: 2 | D25: n/d | E25: 3 | F25: 2 | G25: 4 | H25: 3 | I25: S4, S6, S8, S10; 3Q26E 3.0m
B26: Diluted wtd. avg. shares | C26: 908 | D26: 910 | E26: 911 | F26: 910 | G26: 906 | H26: =H22+H25 -> 900.8 | I26: Reported diluted shares (S3, S5, S7, S9); 3Q26E share count behind forecast EPS
B27: Q/Q change (abs) | C27: n/a | D27: =IFERROR(D26-C26,"n/a") -> 2 | E27: n/a | F27: =IFERROR(F26-D26,"n/a") -> 0 | G27: =IFERROR(G26-F26,"n/a") -> -4 | H27: =IFERROR(H26-G26,"n/a") -> -5.2
B28: Y/Y change (%) | C28: n/a | D28: n/a | E28: n/a | F28: n/a | G28: n/a | H28: =H26/C26-1 -> -0.0079295154
B30: Dividends
B31: Dividend per share paid ($) | C31: 2.21 | D31: 2.21 | E31: 8.73 | F31: 2.21 | G31: 2.32 | H31: 2.32 | I31: Annual rate $8.40 → $8.84 (Jun-2025) → $9.28 (Jun-2026) (S4, S6, S10); FY25 = 2.10 + 3 × 2.21
B32: Y/Y change (%) | C32: n/a | D32: n/a | E32: n/a | F32: n/a | G32: n/a | H32: =H31/C31-1 -> 0.049773756
B33: Q/Q change (abs) | C33: n/a | D33: =IFERROR(D31-C31,"n/a") -> 0 | E33: n/a | F33: =IFERROR(F31-D31,"n/a") -> 0 | G33: =IFERROR(G31-F31,"n/a") -> 0.11 | H33: =IFERROR(H31-G31,"n/a") -> 0
B34: Dividends paid ($m) | C34: =-'Cash Flow Statement'!C30 -> 2002 | D34: =-'Cash Flow Statement'!D30 -> 2002 | E34: =-'Cash Flow Statement'!E30 -> 7916 | F34: =-'Cash Flow Statement'!F30 -> 2005 | G34: =-'Cash Flow Statement'!G30 -> 2087 | H34: =H31*H22 -> 2082.896

Sheet Guidance
B2: UnitedHealth Group Incorporated (NYSE: UNH)
B3: Guidance
B4: $ millions, except per share
B5: Columns vary by section — see each section's own header row (not a period table)
B9: Metric (source in cell note) | C9: Date issued | D9: Period | E9: Low | F9: High | G9: Midpoint | H9: Actual | I9: Beat / miss vs midpoint (or floor)
B10: Adjusted EPS | C10: 45958 | D10: FY25 | E10: 16.25 | F10: n/a (floor) | G10: =IF(ISNUMBER(F10),AVERAGE(E10,F10),E10) -> 16.25 | H10: ='Income Statement'!E134 -> 16.35 | I10: =IF(ISNUMBER(H10),IF(H10>G10,"Beat",IF(H10<G10,"Miss","In line")),"Pending") -> Beat
B11: GAAP diluted EPS | C11: 45958 | D11: FY25 | E11: 14.9 | F11: n/a (floor) | G11: =IF(ISNUMBER(F11),AVERAGE(E11,F11),E11) -> 14.9 | H11: ='Income Statement'!E112 -> 13.23 | I11: =IF(ISNUMBER(H11),IF(H11>G11,"Beat",IF(H11<G11,"Miss","In line")),"Pending") -> Miss
B12: Net earnings to UNH ($m) | C12: 45958 | D12: FY25 | E12: 13600 | F12: n/a (floor) | G12: =IF(ISNUMBER(F12),AVERAGE(E12,F12),E12) -> 13600 | H12: ='Income Statement'!E99 -> 12056 | I12: =IF(ISNUMBER(H12),IF(H12>G12,"Beat",IF(H12<G12,"Miss","In line")),"Pending") -> Miss
B13: Adjusted EPS | C13: 46049 | D13: FY26 | E13: 17.75 | F13: n/a (floor) | G13: =IF(ISNUMBER(F13),AVERAGE(E13,F13),E13) -> 17.75 | H13: pending | I13: =IF(ISNUMBER(H13),IF(H13>G13,"Beat",IF(H13<G13,"Miss","In line")),"Pending") -> Pending
B14: GAAP diluted EPS | C14: 46049 | D14: FY26 | E14: 17.1 | F14: n/a (floor) | G14: =IF(ISNUMBER(F14),AVERAGE(E14,F14),E14) -> 17.1 | H14: pending | I14: =IF(ISNUMBER(H14),IF(H14>G14,"Beat",IF(H14<G14,"Miss","In line")),"Pending") -> Pending
B15: Revenue ($m) | C15: 46049 | D15: FY26 | E15: 439000 | F15: n/a (floor) | G15: =IF(ISNUMBER(F15),AVERAGE(E15,F15),E15) -> 439000 | H15: pending | I15: =IF(ISNUMBER(H15),IF(H15>G15,"Beat",IF(H15<G15,"Miss","In line")),"Pending") -> Pending
B16: Earnings from ops ($m) | C16: 46049 | D16: FY26 | E16: 24000 | F16: n/a (floor) | G16: =IF(ISNUMBER(F16),AVERAGE(E16,F16),E16) -> 24000 | H16: pending | I16: =IF(ISNUMBER(H16),IF(H16>G16,"Beat",IF(H16<G16,"Miss","In line")),"Pending") -> Pending
B17: Net earnings to UNH ($m) | C17: 46049 | D17: FY26 | E17: 15600 | F17: n/a (floor) | G17: =IF(ISNUMBER(F17),AVERAGE(E17,F17),E17) -> 15600 | H17: pending | I17: =IF(ISNUMBER(H17),IF(H17>G17,"Beat",IF(H17<G17,"Miss","In line")),"Pending") -> Pending
B18: Medical care ratio | C18: 46049 | D18: FY26 | E18: 0.883 | F18: 0.893 | G18: =IF(ISNUMBER(F18),AVERAGE(E18,F18),E18) -> 0.888 | H18: pending | I18: =IF(ISNUMBER(H18),IF(H18>G18,"Beat",IF(H18<G18,"Miss","In line")),"Pending") -> Pending
B19: Operating cost ratio | C19: 46049 | D19: FY26 | E19: 0.123 | F19: 0.133 | G19: =IF(ISNUMBER(F19),AVERAGE(E19,F19),E19) -> 0.128 | H19: pending | I19: =IF(ISNUMBER(H19),IF(H19>G19,"Beat",IF(H19<G19,"Miss","In line")),"Pending") -> Pending
B20: Tax rate | C20: 46049 | D20: FY26 | E20: 0.1925 | F20: 0.1925 | G20: =IF(ISNUMBER(F20),AVERAGE(E20,F20),E20) -> 0.1925 | H20: pending | I20: =IF(ISNUMBER(H20),IF(H20>G20,"Beat",IF(H20<G20,"Miss","In line")),"Pending") -> Pending
B21: Cash flows from operations ($m) | C21: 46049 | D21: FY26 | E21: 18000 | F21: n/a (floor) | G21: =IF(ISNUMBER(F21),AVERAGE(E21,F21),E21) -> 18000 | H21: pending | I21: =IF(ISNUMBER(H21),IF(H21>G21,"Beat",IF(H21<G21,"Miss","In line")),"Pending") -> Pending
B22: Share repurchase ($m) | C22: 46049 | D22: FY26 | E22: 2500 | F22: 2500 | G22: =IF(ISNUMBER(F22),AVERAGE(E22,F22),E22) -> 2500 | H22: pending | I22: =IF(ISNUMBER(H22),IF(H22>G22,"Beat",IF(H22<G22,"Miss","In line")),"Pending") -> Pending
B23: Capital expenditures ($m) | C23: 46049 | D23: FY26 | E23: 3800 | F23: 3800 | G23: =IF(ISNUMBER(F23),AVERAGE(E23,F23),E23) -> 3800 | H23: pending | I23: =IF(ISNUMBER(H23),IF(H23>G23,"Beat",IF(H23<G23,"Miss","In line")),"Pending") -> Pending
B24: Depreciation and amortization ($m) | C24: 46049 | D24: FY26 | E24: 4400 | F24: 4400 | G24: =IF(ISNUMBER(F24),AVERAGE(E24,F24),E24) -> 4400 | H24: pending | I24: =IF(ISNUMBER(H24),IF(H24>G24,"Beat",IF(H24<G24,"Miss","In line")),"Pending") -> Pending
B25: Interest expense ($m) | C25: 46049 | D25: FY26 | E25: 3700 | F25: 3700 | G25: =IF(ISNUMBER(F25),AVERAGE(E25,F25),E25) -> 3700 | H25: pending | I25: =IF(ISNUMBER(H25),IF(H25>G25,"Beat",IF(H25<G25,"Miss","In line")),"Pending") -> Pending
B26: Investment and other income ($m) | C26: 46049 | D26: FY26 | E26: 3900 | F26: 3900 | G26: =IF(ISNUMBER(F26),AVERAGE(E26,F26),E26) -> 3900 | H26: pending | I26: =IF(ISNUMBER(H26),IF(H26>G26,"Beat",IF(H26<G26,"Miss","In line")),"Pending") -> Pending
B27: Diluted weighted-average shares (m) | C27: 46049 | D27: FY26 | E27: 910 | F27: 915 | G27: =IF(ISNUMBER(F27),AVERAGE(E27,F27),E27) -> 912.5 | H27: pending | I27: =IF(ISNUMBER(H27),IF(H27>G27,"Beat",IF(H27<G27,"Miss","In line")),"Pending") -> Pending
B28: UHC revenue ($m) | C28: 46049 | D28: FY26 | E28: 335000 | F28: n/a (floor) | G28: =IF(ISNUMBER(F28),AVERAGE(E28,F28),E28) -> 335000 | H28: pending | I28: =IF(ISNUMBER(H28),IF(H28>G28,"Beat",IF(H28<G28,"Miss","In line")),"Pending") -> Pending
B29: Optum revenue ($m) | C29: 46049 | D29: FY26 | E29: 257500 | F29: n/a (floor) | G29: =IF(ISNUMBER(F29),AVERAGE(E29,F29),E29) -> 257500 | H29: pending | I29: =IF(ISNUMBER(H29),IF(H29>G29,"Beat",IF(H29<G29,"Miss","In line")),"Pending") -> Pending
B30: UHC EFO ($m) | C30: 46049 | D30: FY26 | E30: 10800 | F30: n/a (floor) | G30: =IF(ISNUMBER(F30),AVERAGE(E30,F30),E30) -> 10800 | H30: pending | I30: =IF(ISNUMBER(H30),IF(H30>G30,"Beat",IF(H30<G30,"Miss","In line")),"Pending") -> Pending
B31: Optum Health EFO ($m) | C31: 46049 | D31: FY26 | E31: 2200 | F31: n/a (floor) | G31: =IF(ISNUMBER(F31),AVERAGE(E31,F31),E31) -> 2200 | H31: pending | I31: =IF(ISNUMBER(H31),IF(H31>G31,"Beat",IF(H31<G31,"Miss","In line")),"Pending") -> Pending
B32: Optum Insight EFO ($m) | C32: 46049 | D32: FY26 | E32: 4750 | F32: n/a (floor) | G32: =IF(ISNUMBER(F32),AVERAGE(E32,F32),E32) -> 4750 | H32: pending | I32: =IF(ISNUMBER(H32),IF(H32>G32,"Beat",IF(H32<G32,"Miss","In line")),"Pending") -> Pending
B33: Optum Rx EFO ($m) | C33: 46049 | D33: FY26 | E33: 6250 | F33: n/a (floor) | G33: =IF(ISNUMBER(F33),AVERAGE(E33,F33),E33) -> 6250 | H33: pending | I33: =IF(ISNUMBER(H33),IF(H33>G33,"Beat",IF(H33<G33,"Miss","In line")),"Pending") -> Pending
B34: UHC people served at YE (000s) | C34: 46049 | D34: FY26 | E34: 46945 | F34: 47495 | G34: =IF(ISNUMBER(F34),AVERAGE(E34,F34),E34) -> 47220 | H34: pending | I34: =IF(ISNUMBER(H34),IF(H34>G34,"Beat",IF(H34<G34,"Miss","In line")),"Pending") -> Pending
B35: Adjusted EPS | C35: 46133 | D35: FY26 | E35: 18.25 | F35: n/a (floor) | G35: =IF(ISNUMBER(F35),AVERAGE(E35,F35),E35) -> 18.25 | H35: pending | I35: =IF(ISNUMBER(H35),IF(H35>G35,"Beat",IF(H35<G35,"Miss","In line")),"Pending") -> Pending
B36: GAAP diluted EPS | C36: 46133 | D36: FY26 | E36: 17.35 | F36: n/a (floor) | G36: =IF(ISNUMBER(F36),AVERAGE(E36,F36),E36) -> 17.35 | H36: pending | I36: =IF(ISNUMBER(H36),IF(H36>G36,"Beat",IF(H36<G36,"Miss","In line")),"Pending") -> Pending
B37: Net earnings to UNH ($m) | C37: 46133 | D37: FY26 | E37: 15800 | F37: n/a (floor) | G37: =IF(ISNUMBER(F37),AVERAGE(E37,F37),E37) -> 15800 | H37: pending | I37: =IF(ISNUMBER(H37),IF(H37>G37,"Beat",IF(H37<G37,"Miss","In line")),"Pending") -> Pending
B38: Adjusted EPS | C38: 46219 | D38: FY26 | E38: 19.5 | F38: 20 | G38: =IF(ISNUMBER(F38),AVERAGE(E38,F38),E38) -> 19.75 | H38: pending | I38: =IF(ISNUMBER(H38),IF(H38>G38,"Beat",IF(H38<G38,"Miss","In line")),"Pending") -> Pending
B39: GAAP diluted EPS | C39: 46219 | D39: FY26 | E39: 18.45 | F39: 18.95 | G39: =IF(ISNUMBER(F39),AVERAGE(E39,F39),E39) -> 18.7 | H39: pending | I39: =IF(ISNUMBER(H39),IF(H39>G39,"Beat",IF(H39<G39,"Miss","In line")),"Pending") -> Pending
B40: Net earnings to UNH ($m) | C40: 46219 | D40: FY26 | E40: 16750 | F40: n/a (floor) | G40: =IF(ISNUMBER(F40),AVERAGE(E40,F40),E40) -> 16750 | H40: pending | I40: =IF(ISNUMBER(H40),IF(H40>G40,"Beat",IF(H40<G40,"Miss","In line")),"Pending") -> Pending
B41: Adjusted net earnings to UNH ($m) | C41: 46219 | D41: FY26 | E41: 17725 | F41: n/a (floor) | G41: =IF(ISNUMBER(F41),AVERAGE(E41,F41),E41) -> 17725 | H41: pending | I41: =IF(ISNUMBER(H41),IF(H41>G41,"Beat",IF(H41<G41,"Miss","In line")),"Pending") -> Pending
B42: Earnings from ops ($m) | C42: 46219 | D42: FY26 | E42: 25450 | F42: n/a (floor) | G42: =IF(ISNUMBER(F42),AVERAGE(E42,F42),E42) -> 25450 | H42: pending | I42: =IF(ISNUMBER(H42),IF(H42>G42,"Beat",IF(H42<G42,"Miss","In line")),"Pending") -> Pending
B43: Medical care ratio | C43: 46219 | D43: FY26 | E43: 0.8785 | F43: 0.8835 | G43: =IF(ISNUMBER(F43),AVERAGE(E43,F43),E43) -> 0.881 | H43: pending | I43: =IF(ISNUMBER(H43),IF(H43>G43,"Beat",IF(H43<G43,"Miss","In line")),"Pending") -> Pending
B44: Tax rate | C44: 46219 | D44: FY26 | E44: 0.185 | F44: 0.185 | G44: =IF(ISNUMBER(F44),AVERAGE(E44,F44),E44) -> 0.185 | H44: pending | I44: =IF(ISNUMBER(H44),IF(H44>G44,"Beat",IF(H44<G44,"Miss","In line")),"Pending") -> Pending
B45: Cash flows from operations ($m) | C45: 46219 | D45: FY26 | E45: 24000 | F45: 24000 | G45: =IF(ISNUMBER(F45),AVERAGE(E45,F45),E45) -> 24000 | H45: pending | I45: =IF(ISNUMBER(H45),IF(H45>G45,"Beat",IF(H45<G45,"Miss","In line")),"Pending") -> Pending
B46: Share repurchase ($m) | C46: 46219 | D46: FY26 | E46: 5000 | F46: n/a (floor) | G46: =IF(ISNUMBER(F46),AVERAGE(E46,F46),E46) -> 5000 | H46: pending | I46: =IF(ISNUMBER(H46),IF(H46>G46,"Beat",IF(H46<G46,"Miss","In line")),"Pending") -> Pending
B47: Intangible amortization ($m) | C47: 46219 | D47: FY26 | E47: 1345 | F47: 1345 | G47: =IF(ISNUMBER(F47),AVERAGE(E47,F47),E47) -> 1345 | H47: pending | I47: =IF(ISNUMBER(H47),IF(H47>G47,"Beat",IF(H47<G47,"Miss","In line")),"Pending") -> Pending
B48: UHC EFO ($m) | C48: 46219 | D48: FY26 | E48: 12000 | F48: n/a (floor) | G48: =IF(ISNUMBER(F48),AVERAGE(E48,F48),E48) -> 12000 | H48: pending | I48: =IF(ISNUMBER(H48),IF(H48>G48,"Beat",IF(H48<G48,"Miss","In line")),"Pending") -> Pending
B49: Optum Health EFO ($m) | C49: 46219 | D49: FY26 | E49: 2275 | F49: n/a (floor) | G49: =IF(ISNUMBER(F49),AVERAGE(E49,F49),E49) -> 2275 | H49: pending | I49: =IF(ISNUMBER(H49),IF(H49>G49,"Beat",IF(H49<G49,"Miss","In line")),"Pending") -> Pending
B50: Optum Insight EFO ($m) | C50: 46219 | D50: FY26 | E50: 4925 | F50: n/a (floor) | G50: =IF(ISNUMBER(F50),AVERAGE(E50,F50),E50) -> 4925 | H50: pending | I50: =IF(ISNUMBER(H50),IF(H50>G50,"Beat",IF(H50<G50,"Miss","In line")),"Pending") -> Pending
B51: Optum Rx EFO ($m) | C51: 46219 | D51: FY26 | E51: 6250 | F51: n/a (floor) | G51: =IF(ISNUMBER(F51),AVERAGE(E51,F51),E51) -> 6250 | H51: pending | I51: =IF(ISNUMBER(H51),IF(H51>G51,"Beat",IF(H51<G51,"Miss","In line")),"Pending") -> Pending
B53: Guidance record (actual vs guidance midpoint or floor)
B54: FY25 adj. EPS — beat/miss | C54: =IF(H10>G10,"Beat",IF(H10<G10,"Miss","In line")) -> Beat
B55: FY25 GAAP EPS — beat/miss | C55: =IF(H11>G11,"Beat",IF(H11<G11,"Miss","In line")) -> Miss
B56: FY25 NI — beat/miss | C56: =IF(H12>G12,"Beat",IF(H12<G12,"Miss","In line")) -> Miss
B57: FY26 adjusted EPS guide raised twice: >$17.75 (Jan) → >$18.25 (Apr) → $19.50-$20.00 (Jul)
B59: 3Q26 guidance-implied figures (Shortcut derivation from FY26 guidance; issuer gives no quarterly guidance) — col C = per-share approx.; col D = NI ÷ 3Q26E diluted shares
B60: 3Q share of 2H26 earnings | C60: 0.55 | I60: S11: "slightly more earnings in 3Q relative to 4Q"; TD Cowen (S15) reads company commentary as ~70% (memo below)
B61: Alt. 3Q share (TD Cowen) | C61: 0.7
B62: 1H26A adj. EPS (reported) | C62: 13.61 | I62: S9 six months
B63: 1H26A GAAP EPS (reported) | C63: 12.94 | I63: S9
B64: 1H26A NI to UNH ($m) | C64: ='Income Statement'!F99+'Income Statement'!G99 -> 11764
B65: 1H26A adj. NI ($m) | C65: ='Income Statement'!F130+'Income Statement'!G130 -> 12370
B66: 1H26A revenue ($m) | C66: ='Income Statement'!F48+'Income Statement'!G48 -> 223753
B67: Implied 3Q26 adj. EPS | C67: =(G38-C62)*C60 -> 3.377 | D67: =C71/'Share Count'!H26 -> 3.2695937 | I67: C = (FY26 EPS guide − 1H26 EPS) × 3Q share: approximation that subtracts per-share figures across different share bases (2H base implied ~872m vs model 900.8m). D = implied NI ÷ 3Q26E diluted shares (Share Count!H26), NI-based benchmark
B68: Implied 3Q26 adj. EPS (alt.) | C68: =(G38-C62)*C61 -> 4.298 | D68: =(G41-C65)*C61/'Share Count'!H26 -> 4.1613011 | I68: C = per-share approximation at TD Cowen 70% share; D = NI-based equivalent ((G41 − C65) × C61 ÷ Share Count!H26)
B69: Implied 3Q26 GAAP EPS | C69: =(G39-C63)*C60 -> 3.168 | D69: =C70/'Share Count'!H26 -> 3.044294 | I69: C = per-share approximation; D = implied GAAP NI (C70) ÷ 3Q26E diluted shares (Share Count!H26)
B70: Implied 3Q26 GAAP NI ($m) | C70: =(G40-C64)*C60 -> 2742.3
B71: Implied 3Q26 adj. NI ($m) | C71: =(G41-C65)*C60 -> 2945.25
B72: 3Q share of 2H26 revenue | C72: 0.5
B73: Implied 3Q26 revenue ($m) | C73: =(G15-C66)*C72 -> 107623.5 | I73: FY26 revenue guide is a floor (">$439.0bn", maintained Jul-16); CFO expects to "do better"

Sheet Sources
B2: UnitedHealth Group Incorporated (NYSE: UNH)
B3: Sources
B4: $ millions, except per share
B5: Columns vary by section — see each section's own header row (not a period table)
B9: Title | C9: ID | D9: Published | E9: Publisher | I9: What it feeds | J9: URL or file
B10: UNH_consensus.json – consensus snapshot | C10: S1 | D10: 46306 | E10: S&P Capital IQ (supplied) | I10: Inputs A/B; Cover consensus | J10: UNH_consensus.json (sha256 37d93fe8…)
B11: UNH_history.csv – six-quarter history | C11: S2 | D11: 46306 | E11: S&P Capital IQ (supplied) | I11: Inputs C; calibration | J11: UNH_history.csv (sha256 deebb2fe…)
B12: Q3 2025 earnings release | C12: S3 | D12: 45958 | E12: UnitedHealth Group (8-K Ex. 99.1) | I12: 3Q25A statements, segments, people served, bridge, FY25 guide | J12: https://www.sec.gov/Archives/edgar/data/731766/000073176625000301/a2025q3exhibit991.htm
B13: Q3 2025 Form 10-Q | C13: S4 | D13: 45958 | E13: UnitedHealth Group (10-Q) | I13: Sep-30-2025 balance sheet detail, basic shares, repurchases | J13: https://www.sec.gov/Archives/edgar/data/731766/000073176625000305/unh-20250930.htm
B14: Q4/FY 2025 earnings release | C14: S5 | D14: 46049 | E14: UnitedHealth Group (8-K Ex. 99.1) | I14: 4Q25A/FY25A statements, segments, bridge, FY26 initial guidance | J14: https://www.sec.gov/Archives/edgar/data/731766/000073176626000025/a991unherq42025.htm
B15: 2025 Form 10-K | C15: S6 | D15: 46083 | E15: UnitedHealth Group (10-K) | I15: FY25 basic/diluted shares; no 4Q25 repurchases; geography check | J15: https://www.sec.gov/Archives/edgar/data/731766/000073176626000062/unh-20251231.htm
B16: Q1 2026 earnings release | C16: S7 | D16: 46133 | E16: UnitedHealth Group (8-K Ex. 99.1) | I16: 1Q26A statements; Optum Financial recast of 2025 segments (p.14) | J16: https://www.sec.gov/Archives/edgar/data/731766/000073176626000121/uhgearningsreleaseq12026.htm
B17: Q1 2026 Form 10-Q | C17: S8 | D17: 46147 | E17: UnitedHealth Group (10-Q) | I17: Mar-31-2026 and Dec-31-2025 balance sheet detail; basic shares | J17: https://www.sec.gov/Archives/edgar/data/731766/000073176626000127/unh-20260331.htm
B18: Q2 2026 earnings release | C18: S9 | D18: 46219 | E18: UnitedHealth Group (8-K Ex. 99.1) | I18: 2Q26A statements, 1H25 comparatives, CF 6M, Jul-16 guidance, bridge | J18: https://www.sec.gov/Archives/edgar/data/731766/000073176626000191/earningsrelease2q26_7152.htm
B19: Q2 2026 Form 10-Q | C19: S10 | D19: 46244 | E19: UnitedHealth Group (10-Q) | I19: Jun-30-2026 balance sheet; shares 897.6m at Jul-31; forward repurchase; PYD | J19: https://www.sec.gov/Archives/edgar/data/731766/000073176626000197/unh-20260630.htm
B20: Q2 2026 prepared remarks | C20: S11 | D20: 46219 | E20: UnitedHealth Group | I20: Earnings cadence, segment weighting, MCR guide | J20: https://www.unitedhealthgroup.com/content/dam/UHG/PDF/investors/2026/unh-q2-2026-remarks.pdf
B21: Q2 2026 call transcript | C21: S12 | D21: 46220 | E21: The Motley Fool | I21: Q&A: Optum Health 2H, PDR, cost trend | J21: https://www.fool.com/earnings/call-transcripts/2026/07/16/unitedhealth-unh-q2-2026-earnings-call-transcript/
... B34: Shortcut logo | C34: S24 | D34: 46306 | E34: Shortcut (supplied) | I34: Cover logo | J34: shortcut-logo.png
B36: Omitted tab — Geo: revenue is effectively all U.S.; only non-U.S. disclosure is UHC E&I – Global (~0.8%); checked 2025 Form 10-K (S6) and Q2 2026 release (S9).
B37: All other standard tabs carry content; no Dates, Consensus or Checks tabs (checks summary in artifacts/checks.md).

Sheet Inputs
B2: UnitedHealth Group Incorporated (NYSE: UNH)
B3: Inputs (CapIQ snapshot, annual reconciliation & calibration)
B4: $ millions, except per share
B5: Columns vary by section — see each section's own header row (not a period table) | I5: Notes
B9: A. S&P Capital IQ consensus snapshot — summary_row (verbatim; blanks preserved)
B10: Field | C10: Value | D10: Blank?
B11: ticker | C11: UNH
B12: company_name | C12: UnitedHealth Group Incorporated
B13: exchange_ticker | C13: NYSE:UNH
B14: capiq_company_id | C14: 104673
B15: sp500_member | C15: Y
B16: market_cap_usd_m | D16: blank in source
B17: fiscal_quarter | C17: FQ3 2026 - Sep 2026
B18: quarter_end_date | C18: 46295
B19: expected_report_date | C19: 46308
B20: fiscal_year_end | C20: Dec-31
B21: analysts_covering | C21: 26
B22: eps_normalized_mean | C22: 4.15
B23: eps_normalized_median | C23: 4.1
B24: eps_normalized_high | C24: 4.56
B25: eps_normalized_low | C25: 3.9
B26: eps_normalized_std_dev | C26: 0.16
B27: eps_normalized_n_est | C27: 23
B28: eps_normalized_guidance | D28: blank in source
B29: eps_normalized_guidance_low | D29: blank in source
B30: eps_normalized_guidance_high | D30: blank in source
B31: eps_gaap_mean | C31: 3.82
B32: eps_gaap_median | C32: 3.8
B33: eps_gaap_high | C33: 4.11
B34: eps_gaap_low | C34: 3.62
B35: eps_gaap_std_dev | C35: 0.14
B36: eps_gaap_n_est | C36: 15
B37: eps_gaap_guidance | D37: blank in source
B38: revenue_m_mean | C38: 111489.35
B39: revenue_m_median | C39: 111407.76
B40: revenue_m_high | C40: 114000
B41: revenue_m_low | C41: 108488
B42: revenue_m_std_dev | C42: 1259.35
B43: revenue_m_n_est | C43: 18
B44: revenue_m_guidance | D44: blank in source
B45: revenue_m_guidance_low | D45: blank in source
B46: revenue_m_guidance_high | D46: blank in source
B47: ebitda_m | C47: 6474.34
B48: ebit_m | C48: 5443.73
B49: ebt_excl_excep_m | C49: 4756.86
B50: ebt_gaap_m | C50: 4463.6
B51: net_income_excl_excep_m | C51: 3695.73
B52: net_income_gaap_m | C52: 3449.78
B53: gross_margin_pct | D53: blank in source
B54: effective_tax_rate_pct | D54: blank in source
B55: d_and_a_m | C55: 1066.42
B56: capex_m | D56: blank in source
B57: cfo_m | D57: blank in source
B58: fcf_m | D58: blank in source
B59: interest_expense_m | C59: -943.27
B60: net_debt_m | C60: 51006.39
B61: cfps | D61: blank in source
B62: bvps | D62: blank in source
B63: dps | D63: blank in source
B64: nav_m | D64: blank in source
B65: navps | D65: blank in source
B66: roe_pct | D66: blank in source
B67: target_price_mean | C67: 480.6 | I67: Target-price field: not used as an earnings-model input
B68: target_price_median | C68: 490 | I68: Target-price field: not used as an earnings-model input
B69: target_price_high | C69: 529 | I69: Target-price field: not used as an earnings-model input
B70: target_price_low | C70: 380 | I70: Target-price field: not used as an earnings-model input
B71: target_price_std_dev | C71: 34.83 | I71: Target-price field: not used as an earnings-model input
B72: target_price_n_est | C72: 25 | I72: Target-price field: not used as an earnings-model input
B73: recommendation | C73: Outperform
B74: recommendation_score | C74: 1.58
B75: last_close_price | C75: 379.3
B76: wk52_high_low | C76: 461.62/255.97
B77: currency | C77: USD
B78: units | C78: per-share in USD; revenue and income in USD millions
B79: estimates_captured_at | C79: 46306
B80: notes | D80: blank in source
B82: B. Consensus file top-level fields (UNH_consensus.json)
B83: source | C83: S&P Capital IQ
B84: ticker | C84: UNH
B85: company | C85: UnitedHealth Group Incorporated
B86: fiscal_period | C86: FQ3 2026 - Sep 2026
B87: period_end_date | C87: 46295
B88: as_of_date | C88: 46306
B89: analyst_count | C89: 23
B90: consensus_eps | C90: 4.15
B91: eps_basis | C91: Normalized diluted EPS per common share, USD; verify issuer adjustments
B92: consensus_revenue_m | C92: 111489.35
B93: currency | C93: USD
B94: summary_sha256 | C94: edbf949d984075e582c0427440965f3f2b24f43d8e9ef3ba40bd5d158b8c8d16
B95: captured_precision | C95: date only, user confirmed
B96: currency_units_status | C96: per-share in USD; revenue and income in USD millions
B98: C. CapIQ six-quarter history (UNH_history.csv, verbatim; columns = history rows, oldest left)
B99: Field | C99: 1Q25A | D99: 2Q25A | E99: 3Q25A | F99: 4Q25A | G99: 1Q26A | H99: 2Q26A
B100: period_end_date | C100: 45747 | D100: 45838 | E100: 45930 | F100: 46022 | G100: 46112 | H100: 46203
B101: report_date | C101: 45764 | D101: 45867 | E101: 45958 | F101: 46049 | G101: 46133 | H101: 46219
B102: eps_normalized_consensus | C102: 7.29 | D102: 4.45 | E102: 2.81 | F102: 2.11 | G102: 6.6 | H102: 4.92
B103: eps_normalized_actual | C103: 7.2 | D103: 4.08 | E103: 2.92 | F103: 2.11 | G103: 7.23 | H103: 6.38
B104: eps_gaap_consensus | C104: 6.93 | D104: 4.22 | E104: 2.4 | F104: 1.73 | G104: 6.28 | H104: 4.63
B105: eps_gaap_actual | C105: 6.85 | D105: 3.74 | E105: 2.59 | F105: 0.01 | G105: 6.9 | H105: 6.04
B106: revenue_m_consensus | C106: 111604.46 | D106: 111584.85 | E106: 113057.14 | F106: 113729.99 | G106: 109651.57 | H106: 110862.28
...
